Workbook

Sheet INDICE
A1: Gobierno de Puerto Rico
A2: Departamento de Estado
A3: Junta de Instituciones Postsecundarias
A5: Compendio Estadístico sobre la Educación Superior de Puerto Rico
A6: Año académico 2023-2024
A8: Infografía sobre educación superior de Puerto Rico. Año académico 2023-2024
A9: IES: Instituciones de Educación Superior 2024
A10: Tabla 1. Resumen histórico de matrícula por año académico, sector, género, nivel y tarea en las instituciones de educación superior (2002-2003 al 2023-2024).
A11: Tabla 2. Resumen histórico de egresados por año académico, sector, género y nivel de las instituciones de educación superior (2001-2002 al 2023-2024).
A12: Tabla 3. Resumen histórico de facultad por año académico, sector, género, tarea y rango académico de las instituciones de educación superior (2005-2006 al 2023-2024).
A13: .Tabla 4. Matrícula por nivel, sector, tarea y género en las instituciones de educación superior (primera sesión académica del 2023-2024)
A14: Tabla 5. Egresados por nivel y sector en las instituciones de educación superior que finalizaron entre el 1 de julio 2022 al 30 de junio 2023.
... A33: Marco legal: La Higher Education Act de 1965, según enmendada (20 USC 1094, Section 487(a)(17) and 34 CFR 668.14(b)(19)), requiere que toda institución que recibe fondos federales para becas de educación bajo el Título IV provea datos sobre matrícula, egresados, tasas de graduación, docencia, costos, ayudas económicas, entre otros. Sección 8, inciso g de la Ley 122, aprobada el 12 de agosto de 2018, que crea la Junta de Instituciones Postsecundaria (JIP) adscrita al Departamento de Estado (DE), indica que es responsabilidad del DE: " ...requerir, recopilar y mantener datos estadísticos sobre las Instituciones de Educación y su estudiantado".

Sheet Infografía

Sheet IES
A1: Gobierno de Puerto Rico
A2: Departamento de Estado
A3: Junta de Instituciones Postsecundarias
A6: Instituciones de Educación Superior 2024*
A8: Institución | B8: Unidades académica
A9: Sector público
A10: Conservatorio de Música de Puerto Rico | B10: Conservatorio de Música de Puerto Rico
A11: Escuela de Artes Plásticas y Diseño de Puerto Rico | B11: Escuela de Artes Plásticas y Diseño de Puerto Rico
A12: Instituto Tecnológico de Puerto Rico | B12: Recinto de Guayama
B13: Recinto de Manatí
B14: Recinto de San Juan
A15: Universidad de Puerto Rico | B15: Recinto de Aguadilla
B16: Recinto de Arecibo
B17: Recinto de Bayamón
B18: Recinto de Carolina
B19: Recinto de Cayey
B20: Recinto de Ciencias Médicas
B21: Recinto de Humacao
B22: Recinto de Mayagüez
B23: Recinto de Ponce
B24: Recinto de Río Piedras
B25: Recinto de Utuado
A26: Colegio Universitario de San Juan | B26: Colegio Universitario de San Juan
A27: Total sector Público Instituciones: 5 | B27: Total sector público unidades: 17
A28: Sector Privado
A29: Ana G. Méndez-University | B29: Universidad Ana G. Méndez University
A30: Atenas University Dr. María Luisa Hernández | B30: Atenas University Dr. María Luisa Hernández
A31: Atlantic University | B31: Atlantic University
A32: Cambridge College - Puerto Rico Regional Center | B32: Cambridge College - Puerto Rico Regional Center
A33: Caribbean University | B33: Centro de Carolina
B34: Centro de Ponce
B35: Centro de Vega Baja
B36: Complejo Correccional de Bayamón (Complejo de Rehabilitación para Mujeres)
B37: Complejo Correccional Sgto. Pedro Rodríguez Mateo de Ponce (Las Cucharas)
B38: Recinto de Bayamón
A39: CEM College | B39: Recinto de Humacao
B40: Recinto de San Juan
A41: Centro de Estudios Avanzados de Puerto Rico y el Caribe | B41: Centro de Estudios Avanzados de Puerto Rico y el Caribe
A42: Colegio de la Cinematografía, Artes y Televisión | B42: Centro de Extensión de Caguas
B43: Colegio de la Cinematografía, Artes y Televisión- Recinto de Bayamón
A44: Columbia Central University | B44: Recinto de Bayamón
B45: Recinto de Caguas
A46: Dewey University | B46: Centro Universitario de Hato Rey
B47: Centro Universitario de Juana Díaz
B48: Centro Universitario de Manatí
B49: Recinto de Carolina
A50: EDP University of Puerto Rico | B50: Centro Universitario de Caguas
B51: Centro Universitario de Humacao
B52: Centro Universitario de Manatí
B53: Centro Universitario de Villalba
B54: Recinto de Hato Rey
B55: Recinto de San Sebastián
A56: Escuela de Medicina San Juan Bautista | B56: Escuela de Medicina San Juan Bautista
A57: Escuela de Salud HIMA San Pablo | B57: Fundación Educativa HIMA San Pablo
A58: Herbert Fletcher University | B58: Herbert Fletcher University
A59: Huertas College | B59: Caguas
A60: Humacao Community College | B60: Humacao University College
A61: ICPR Junior College | B61: Recinto de Arecibo
B62: Recinto de Hato Rey
B63: Recinto de Manatí
B64: Recinto de Mayagüez
A65: Instituto Sexológico Educativos y Psicológico de Puerto Rico | B65: Instituto Sexológico Educativos y Psicológico de PR
A66: Mech Tech College | B66: Centro de Extensión de Caguas
B67: Centro de Extensión de Mayagüez
B68: Centro de Vega Baja
B69: Recinto de Caguas
B70: Recinto de Mayagüez
A71: NUC University | B71: NUC University-Arecibo
B72: NUC University-Bayamón
B73: NUC University-Caguas
B74: NUC University–Columbia Central-Bayamón
B75: NUC University–Columbia Central-Caguas
B76: NUC University-Mayagüez
B77: NUC University-Ponce
B78: NUC University-Río Grande
A79: Nova Southeastern University | B79: San Juan Campus
A80: Ponce Health Sciences University | B80: Centro Universitario de San Juan
B81: Ponce Health Sciences University
A82: Pontificia Universidad Católica de Puerto Rico | B82: Escuela de Arquitectura y Diseño Rafael Hernández Colón
B83: Pontificia Universidad Católica de PR, Mayaguez, Instituto de Carreras Cortas
B84: Recinto de Arecibo
B85: Recinto de Mayagüez
B86: Recinto de Ponce
B87: Recinto de Ponce - Centro de Enseñanza e Investigación en biotecnología y Agrobiotecnología (CEIBA)
A88: Seminario Evangélico de Puerto Rico | B88: Seminario Evangélico de Puerto Rico
A89: Seminario San Pedro y San Pablo , Iglesia Episcopal, Diócesis de Puerto Rico | B89: Seminario San Pedro y San Pablo , Iglesia Episcopal, Diócesis de Puerto Rico
A90: Seminario Teológico Adventista Interamericano | B90: Seminario Teológico Adventista Interamericano
A91: Trinity College | B91: Trinity College
A92: Universal Technology College | B92: Recinto de Aguadilla
B93: Recinto de Camuy
A94: Universidad Adventista de Las Antillas | B94: Mayagüez
A95: Universidad Albizu | B95: Centro Universitario de Mayagüez
B96: Recinto de San Juan
A97: Universidad Ana G. Méndez | B97: Centro de Extensión-Academia de la Policía
B98: Centro Universitario de Aguadilla
B99: Centro Universitario de Barceloneta (CUB)
B100: Centro Universitario de Bayamón
B101: Centro Universitario de Cabo Rojo
B102: Centro Universitario de Cayey
B103: Centro Universitario de Ponce
...

Sheet Tabla 1
A1: Gobierno de Puerto Rico
A2: Departamento de Estado
A3: Junta de Instituciones Postsecundarias
A5: Compendio Estadístico sobre la Educación Superior de Puerto Rico
A6: Años académicos 2002-2003 al 2023-2024
A8: Tabla 1. Resumen histórico de matrícula por año académico, sector, género, nivel y tarea en las instituciones de educación superior
A9: (Cantidad de estudiantes)
B10: 2002-2003 | C10: 2003-2004 | D10: 2004-2005 | E10: 2005-2006 | F10: 2006-2007 | G10: 2007-2008 | H10: 2008-2009 | I10: 2009-2010 | J10: 2010-2011 | K10: 2011-2012 | L10: 2012-2013 | M10: 2013-2014 | N10: 2014-2015 | O10: 2015-2016 | P10: 2016-2017 | Q10: 2017-2018 | R10: 2018-2019 | S10: 2019-2020 | T10: 2020-21 | U10: 2021-22 | V10: 2022-23 | W10: 2023-24
A12: Total | B12: 199842 | C12: 207074 | D12: 207965 | E12: 209547 | F12: 225402 | G12: 227546 | H12: 235618 | I12: 249372 | J12: 250192 | K12: 250011 | L12: 245495 | M12: 241168 | N12: 240878 | O12: 233070 | P12: 227255 | Q12: 216742 | R12: 198179 | S12: 186474 | T12: 184921 | U12: 167691 | V12: 159149 | W12: =SUM(W15:W16) -> 160287
A14: Por sector
A15: Público | B15: 74506 | C15: 74056 | D15: 71044 | E15: 68813 | F15: 66990 | G15: 68132 | H15: 69475 | I15: 71569 | J15: 67291 | K15: 62257 | L15: 62579 | M15: 62687 | N15: 62523 | O15: 65204 | P15: 67146 | Q15: 62271 | R15: 58811 | S15: 55774 | T15: 53004 | U15: 49099 | V15: 44999 | W15: ='Tabla 4'!B32 -> 43871
A16: Privado | B16: 125336 | C16: 133018 | D16: 136921 | E16: 140734 | F16: 158412 | G16: 159414 | H16: 166143 | I16: 177803 | J16: 182901 | K16: 187754 | L16: 182916 | M16: 178481 | N16: 178355 | O16: 167866 | P16: 160109 | Q16: 154471 | R16: 139368 | S16: 130700 | T16: 131917 | U16: 118592 | V16: 114150 | W16: ='Tabla 4'!B79+'Tabla 4'!B96 -> 116416
A18: Por género
A19: Masculino | B19: 78114 | C19: 81189 | D19: 81054 | E19: 82182 | F19: 88038 | G19: 90188 | H19: 93411 | I19: 101902 | J19: 103055 | K19: 103438 | L19: 101707 | M19: 100711 | N19: 101064 | O19: 98192 | P19: 95131 | Q19: 90171 | R19: 81639 | S19: 75936 | T19: 72490 | U19: 65949 | V19: 63124 | W19: ='Tabla 4'!E97+'Tabla 4'!H97+'Tabla 4'!L97+'Tabla 4'!O97 -> 63179
A20: Femenino | B20: 121728 | C20: 125885 | D20: 126911 | E20: 127365 | F20: 137364 | G20: 137358 | H20: 142207 | I20: 147470 | J20: 147137 | K20: 146573 | L20: 143788 | M20: 140457 | N20: 139814 | O20: 134878 | P20: 132124 | Q20: 126571 | R20: 116540 | S20: 110538 | T20: 112431 | U20: 101742 | V20: 96025 | W20: ='Tabla 4'!F97+'Tabla 4'!I97+'Tabla 4'!M97+'Tabla 4'!P97 -> 97108
A22: Por tiempo
A23: Completo | B23: 151999 | C23: 158531 | D23: 160789 | E23: 161655 | F23: 177522 | G23: 178829 | H23: 189281 | I23: 205364 | J23: 204418 | K23: 207563 | L23: 202015 | M23: 197540 | N23: 196194 | O23: 188966 | P23: 183662 | Q23: 173145 | R23: 158518 | S23: 144631 | T23: 129295 | U23: 122704 | V23: 120695 | W23: ='Tabla 4'!D97+'Tabla 4'!K97 -> 129904
A24: Parcial | B24: 47843 | C24: 48543 | D24: 47176 | E24: 47892 | F24: 47880 | G24: 48717 | H24: 46337 | I24: 44008 | J24: 45774 | K24: 42448 | L24: 43480 | M24: 43628 | N24: 44684 | O24: 44104 | P24: 43593 | Q24: 43597 | R24: 39661 | S24: 41843 | T24: 55626 | U24: 44987 | V24: 38454 | W24: ='Tabla 4'!G97+'Tabla 4'!N97 -> 30383
A26: Por nivel
A27: Subgraduado | B27: 176632 | C27: 181701 | D27: 180337 | E27: 179866 | F27: 193935 | G27: 196511 | H27: 204300 | I27: 218799 | J27: 220674 | K27: 220380 | L27: 217358 | M27: 213196 | N27: 212299 | O27: 204275 | P27: 197761 | Q27: 187961 | R27: 170326 | S27: 158095 | T27: 156177 | U27: 141535 | V27: 134350 | W27: ='Tabla 4'!C97 -> 135507
A28: Graduado | B28: 23210 | C28: 25373 | D28: 27628 | E28: 29681 | F28: 31467 | G28: 31035 | H28: 31318 | I28: 30573 | J28: 29518 | K28: 29631 | L28: 28137 | M28: 27972 | N28: 28579 | O28: 28795 | P28: 29494 | Q28: 28781 | R28: 27853 | S28: 28379 | T28: 28744 | U28: 26156 | V28: 24799 | W28: ='Tabla 4'!J97 -> 24780
A29: Fuente: Integrated Postsecondary Education Data System (IPEDS), Fall Enrollment.
A30: Nota: Incluye la matrícula de estudiantes que toman cursos con créditos en programas conducentes a grados o certificados en las instituciones de educación superior autorizadas a operar por la Junta de Instituciones Postsecundarias del Departamento de Estado.

Sheet Tabla 2
A1: Gobierno de Puerto Rico
A2: Departamento de Estado
A3: Junta de Instituciones Postsecundarias
A5: Compendio Estadístico sobre la Educación Superior de Puerto Rico
A6: Años 2001-2002 al 2022-2023
A8: Tabla 2. Resumen histórico de egresados por año académico, sector, género y nivel de las instituciones de educación superior
A9: (Cantidad de egresados)
B10: 2001-2002 | C10: 2002-2003 | D10: 2003-2004 | E10: 2004-2005 | F10: 2005-2006 | G10: 2006-2007 | H10: 2007-2008 | I10: 2008-2009 | J10: 2009-2010 | K10: 2010-2011 | L10: 2011-2012 | M10: 2012-2013 | N10: 2013-2014 | O10: 2014-2015 | P10: 2015-2016 | Q10: 2016-2017 | R10: 2017-2018 | S10: 2018-2019 | T10: 2019-2020 | U10: 2020-2021 | V10: 2021-2022 | W10: 2022-2023
A12: Total | B12: 27751 | C12: 30082 | D12: 30806 | E12: 30607 | F12: 32463 | G12: 33479 | H12: 33821 | I12: 35719 | J12: 43868 | K12: 46559 | L12: 50273 | M12: 50892 | N12: 52299 | O12: 50455 | P12: 50146 | Q12: 48716 | R12: 45656 | S12: 44249 | T12: 43333 | U12: 43383 | V12: 39978 | W12: =SUM(W15:W16) -> 38164
A14: Por sector
A15: Público | B15: 11734 | C15: 11581 | D15: 10850 | E15: 10178 | F15: 10334 | G15: 10159 | H15: 10052 | I15: 10036 | J15: 9575 | K15: 9440 | L15: 11175 | M15: 10056 | N15: 10013 | O15: 9815 | P15: 9641 | Q15: 9787 | R15: 9860 | S15: 10179 | T15: 9831 | U15: 9514 | V15: 8745 | W15: ='Tabla 5'!H29 -> 7945
A16: Privado | B16: 16017 | C16: 18501 | D16: 19956 | E16: 20429 | F16: 22129 | G16: 23320 | H16: 23769 | I16: 25683 | J16: 34293 | K16: 37119 | L16: 39098 | M16: 40836 | N16: 42286 | O16: 40640 | P16: 40505 | Q16: 38929 | R16: 35796 | S16: 34070 | T16: 33502 | U16: 33869 | V16: 31233 | W16: ='Tabla 5'!H76+'Tabla 5'!H93 -> 30219
A18: Por género | W18: =SUM(W19:W20) -> 38164
A19: Masculino | B19: 10020 | C19: 11101 | D19: 11360 | E19: 10855 | F19: 11705 | G19: 12161 | H19: 12454 | I19: 13140 | J19: 17323 | K19: 17503 | L19: 19215 | M19: 19719 | N19: 20384 | O19: 19654 | P19: 19746 | Q19: 18858 | R19: 17739 | S19: 17116 | T19: 16270 | U19: 16085 | V19: 14903 | W19: 14427
A20: Femenino | B20: 17731 | C20: 18981 | D20: 19446 | E20: 19752 | F20: 20758 | G20: 21318 | H20: 21367 | I20: 22579 | J20: 26545 | K20: 29056 | L20: 31058 | M20: 31173 | N20: 31915 | O20: 30801 | P20: 30400 | Q20: 29858 | R20: 27917 | S20: 27133 | T20: 27063 | U20: 27298 | V20: 25075 | W20: 23737
A22: Por nivel
A23: Subgraduado | B23: 23246 | C23: 25502 | D23: 25716 | E23: 24920 | F23: 25801 | G23: 26156 | H23: 26928 | I23: 27852 | J23: 37077 | K23: 39118 | L23: 43494 | M23: 43806 | N23: 44929 | O23: 43024 | P23: 42258 | Q23: 41097 | R23: 38024 | S23: 36688 | T23: 36336 | U23: 36047 | V23: 33156 | W23: =SUM(W24:W26) -> 31547
A24: Certificados | B24: 1193 | C24: 3642 | D24: 3907 | E24: 3879 | F24: 4222 | G24: 4633 | H24: 5189 | I24: 5345 | J24: 13919 | K24: 14630 | L24: 15875 | M24: 16265 | N24: 16551 | O24: 13282 | P24: 12919 | Q24: 11816 | R24: 10296 | S24: 8845 | T24: 9870 | U24: 11009 | V24: 9874 | W24: ='Tabla 5'!B94 -> 10619
A25: Grados Asociados | B25: 5597 | C25: 5169 | D25: 4450 | E25: 4428 | F25: 4481 | G25: 4453 | H25: 4972 | I25: 5425 | J25: 6157 | K25: 6801 | L25: 7976 | M25: 7239 | N25: 8158 | O25: 9131 | P25: 8571 | Q25: 8270 | R25: 7563 | S25: 7330 | T25: 6681 | U25: 5627 | V25: 5210 | W25: ='Tabla 5'!C94 -> 5013
A26: Bachilleratos | B26: 16456 | C26: 16691 | D26: 17359 | E26: 16613 | F26: 17098 | G26: 17070 | H26: 16767 | I26: 17082 | J26: 17001 | K26: 17687 | L26: 19643 | M26: 20302 | N26: 20220 | O26: 20611 | P26: 20768 | Q26: 21011 | R26: 20165 | S26: 20513 | T26: 19785 | U26: 19411 | V26: 18072 | W26: ='Tabla 5'!D94 -> 15915
A28: Graduado | B28: 4505 | C28: 4580 | D28: 5090 | E28: 5687 | F28: 6662 | G28: 7323 | H28: 6893 | I28: 7867 | J28: 6791 | K28: 7441 | L28: 6779 | M28: 7086 | N28: 7370 | O28: 7431 | P28: 7888 | Q28: 7619 | R28: 7632 | S28: 7561 | T28: 6997 | U28: 7336 | V28: 6822 | W28: =SUM(W29:W31) -> 6617
A29: Certificados profesionales | B29: 247 | C29: 259 | D29: 242 | E29: 274 | F29: 288 | G29: 270 | H29: 261 | I29: 339 | J29: 220 | K29: 293 | L29: 235 | M29: 271 | N29: 635 | O29: 232 | P29: 265 | Q29: 263 | R29: 303 | S29: 417 | T29: 361 | U29: 386 | V29: 305 | W29: ='Tabla 5'!F94 -> 333
A30: Maestrías | B30: 3272 | C30: 3292 | D30: 3751 | E30: 4267 | F30: 5188 | G30: 5775 | H30: 5199 | I30: 6083 | J30: 5220 | K30: 5703 | L30: 5124 | M30: 5326 | N30: 5273 | O30: 5779 | P30: 6147 | Q30: 5911 | R30: 5996 | S30: 5698 | T30: 5284 | U30: 5698 | V30: 5079 | W30: ='Tabla 5'!E94 -> 4892
A31: Doctorados | B31: 986 | C31: 1029 | D31: 1097 | E31: 1146 | F31: 1186 | G31: 1278 | H31: 1433 | I31: 1445 | J31: 1351 | K31: 1445 | L31: 1420 | M31: 1489 | N31: 1462 | O31: 1420 | P31: 1476 | Q31: 1445 | R31: 1333 | S31: 1446 | T31: 1352 | U31: 1252 | V31: 1438 | W31: ='Tabla 5'!G94 -> 1392
A32: Fuente: Integrated Postsecondary Education Data System (IPEDS), Completions.
A33: Nota: Incluye el total de egresados que completaron algún certificado o grado en las instituciones de educación superior autorizadas a operar por la Junta de Instituciones Postsecundarias del Departamento de Estado.

Sheet Tabla 3
A1: Gobierno de Puerto Rico
A2: Departamento de Estado
A3: Junta de Instituciones Postsecundarias
A5: Compendio Estadístico sobre la Educación Superior de Puerto Rico
A6: Años académicos 2005-2006 al 2023-2024
A8: Tabla 3. Resumen histórico de facultad por año académico, sector, género, tarea y rango académico de las instituciones de educación superior
A9: (Cantidad de docentes)
B10: 2005-2006 | C10: 2006-2007 | D10: 2007-2008 | E10: 2008-2009 | F10: 2009-2010 | G10: 2010-2011 | H10: 2011-2012 | I10: 2012-2013 | J10: 2013-2014 | K10: 2014-2015 | L10: 2015-2016 | M10: 2016-2017 | N10: 2017-2018 | O10: 2018-2019 | P10: 2019-2020 | Q10: 2020-2021 | R10: 2021-2022 | S10: 2022-2023 | T10: 2023-2024
A12: Total | B12: 13539 | C12: 14070 | D12: 14759 | E12: 15206 | F12: 16190 | G12: 15985 | H12: 16001 | I12: 15810 | J12: 15885 | K12: 16235 | L12: 17200 | M12: 17923 | N12: 16563 | O12: 16079 | P12: 14771 | Q12: 14111 | R12: 13069 | S12: 12900 | T12: =T15+T16 -> 12905
A14: Por sector
A15: Público | B15: 5444 | C15: 4816 | D15: 5051 | E15: 5066 | F15: 5474 | G15: 5010 | H15: 4561 | I15: 4962 | J15: 5174 | K15: 5337 | L15: 5252 | M15: 5697 | N15: 5256 | O15: 5220 | P15: 4861 | Q15: 4722 | R15: 4616 | S15: 4484 | T15: ='Tabla 7'!B29 -> 4412
A16: Privado | B16: 8095 | C16: 9254 | D16: 9708 | E16: 10140 | F16: 10716 | G16: 10975 | H16: 11440 | I16: 10848 | J16: 10711 | K16: 10898 | L16: 11948 | M16: 12226 | N16: 11307 | O16: 10859 | P16: 9910 | Q16: 9389 | R16: 8453 | S16: 8416 | T16: ='Tabla 7'!B79+'Tabla 7'!B98 -> 8493
A18: Por género1
A19: Femenino | B19: 0 | C19: 0 | D19: 0 | E19: 0 | F19: 0 | G19: 0 | H19: 0 | I19: 0 | J19: 8550 | K19: 8970 | L19: 9318 | M19: 9922 | N19: 9161 | O19: 8915 | P19: 6642 | Q19: 7796 | R19: 7092 | S19: 6964 | T19: ='Tabla 7'!D99 -> 6930
A20: Masculino | B20: 0 | C20: 0 | D20: 0 | E20: 0 | F20: 0 | G20: 0 | H20: 0 | I20: 0 | J20: 7335 | K20: 7265 | L20: 7882 | M20: 8001 | N20: 7402 | O20: 7164 | P20: 8129 | Q20: 6315 | R20: 5977 | S20: 5936 | T20: ='Tabla 7'!C99 -> 5975
A22: Por tarea y rango
A23: Tiempo Completo | B23: 7139 | C23: 6711 | D23: 6967 | E23: 6755 | F23: 6897 | G23: 6533 | H23: 6657 | I23: 6952 | J23: 7446 | K23: 7661 | L23: 7518 | M23: 7701 | N23: 7432 | O23: 7219 | P23: 6476 | Q23: 6302 | R23: 6032 | S23: 5827 | T23: =SUM(T24:T30) -> 5838
A24: Profesor | B24: 2466 | C24: 2186 | D24: 2235 | E24: 2256 | F24: 2223 | G24: 2421 | H24: 2357 | I24: 2500 | J24: 2690 | K24: 2882 | L24: 2870 | M24: 2800 | N24: 2833 | O24: 2701 | P24: 2301 | Q24: 2166 | R24: 2016 | S24: 1947 | T24: ='Tabla 8'!B100 -> 1883
A25: Profesor Asociado | B25: 1567 | C25: 1383 | D25: 1378 | E25: 1349 | F25: 1343 | G25: 1343 | H25: 1408 | I25: 1457 | J25: 1434 | K25: 1380 | L25: 1348 | M25: 1343 | N25: 1318 | O25: 1270 | P25: 1166 | Q25: 1110 | R25: 1031 | S25: 959 | T25: ='Tabla 8'!C100 -> 925
A26: Profesor Asistente | B26: 1660 | C26: 1296 | D26: 1275 | E26: 1299 | F26: 1344 | G26: 1313 | H26: 1331 | I26: 1331 | J26: 1316 | K26: 1287 | L26: 1443 | M26: 1469 | N26: 1416 | O26: 1313 | P26: 1285 | Q26: 1258 | R26: 1283 | S26: 1261 | T26: ='Tabla 8'!D100 -> 1293
A27: Instructor | B27: 860 | C27: 729 | D27: 851 | E27: 729 | F27: 678 | G27: 585 | H27: 600 | I27: 800 | J27: 796 | K27: 819 | L27: 991 | M27: 1092 | N27: 988 | O27: 922 | P27: 907 | Q27: 1012 | R27: 990 | S27: 947 | T27: ='Tabla 8'!E100 -> 1010
A28: Conferenciante | B28: 2 | C28: 2 | D28: 1 | E28: 4 | F28: 2 | G28: 6 | H28: 2 | I28: 1 | J28: 1 | K28: 9 | L28: 8 | M28: 0 | N28: 1 | O28: 0 | P28: 0 | R28: 0 | S28: 2 | T28: ='Tabla 8'!F100 -> 0
A29: Sin rango académico | B29: 584 | C29: 174 | D29: 201 | E29: 224 | F29: 211 | G29: 221 | H29: 217 | I29: 113 | J29: 198 | K29: 240 | L29: 186 | M29: 139 | N29: 170 | O29: 232 | P29: 168 | Q29: 93 | R29: 102 | S29: 107 | T29: ='Tabla 8'!G100 -> 156
A30: Otros2 | B30: - | C30: 941 | D30: 1026 | E30: 894 | F30: 1096 | G30: 644 | H30: 742 | I30: 750 | J30: 1011 | K30: 1044 | L30: 672 | M30: 858 | N30: 706 | O30: 781 | P30: 649 | Q30: 663 | R30: 610 | S30: 604 | T30: ='Tabla 8'!I100+'Tabla 8'!K100 -> 571
A31: Tiempo Parcial | B31: 6400 | C31: 7359 | D31: 7792 | E31: 8451 | F31: 9293 | G31: 9452 | H31: 9344 | I31: 8858 | J31: 8439 | K31: 8574 | L31: 9682 | M31: 10222 | N31: 9131 | O31: 8860 | P31: 8295 | Q31: 7809 | R31: 7037 | S31: 7073 | T31: ='Tabla 8'!M100 -> 7067
A32: Fuente: Integrated Postsecondary Education Data System (IPEDS), Human Resources.
A33: 1Disponible por género desde el año académico 2013-14.
A34: 2Otros - Facultad a tiempo completo no distribuida por rango donde su función principal es la enseñanza, independientemente del título, rango académico o tipo de contrato, además incluye personal académico sin estatus de facultad de acuerdo a las definiciones de IPEDS.

Sheet Tabla 4
A1: Gobierno de Puerto Rico
A2: Departamento de Estado
A3: Junta de Instituciones Postsecundarias
A5: Compendio Estadístico sobre la Educación Superior de Puerto Rico
A6: Año académico 2023-2024
A8: Tabla 4. Matrícula por nivel, sector, tarea y género en las instituciones de educación superior
A9: (primera sesión académica del 2023-2024)
A10: (Cantidad de estudiantes)
A11: Institución | B11: Gran Total | C11: Subgraduado | J11: Graduado
C12: Total Subgraduado | D12: Tiempo Completo | G12: Tiempo parcial | J12: Total Graduado | K12: Tiempo Completo | N12: Tiempo parcial
D13: Total | E13: Masc | F13: Fem | G13: Total | H13: Masc | I13: Fem | K13: Total | L13: Masc | M13: Fem | N13: Total | O13: Masc | P13: Fem
A14: Sector público
A15: Colegio Universitario de San Juan | B15: 542 | C15: 542 | D15: 385 | E15: 147 | F15: 238 | G15: 157 | H15: 67 | I15: 90
A16: Conservatorio de Música de Puerto Rico | B16: 339 | C16: 308 | D16: 185 | E16: 135 | F16: 50 | G16: 123 | H16: 77 | I16: 46 | J16: 31 | K16: 13 | L16: 7 | M16: 6 | N16: 18 | O16: 10 | P16: 8
A17: Escuela de Artes Plásticas de Puerto Rico | B17: 497 | C17: 497 | D17: 352 | E17: 76 | F17: 276 | G17: 145 | H17: 38 | I17: 107
A18: Instituto Tecnológico de Puerto Rico-Guayama | B18: 262 | C18: 262 | D18: 250 | E18: 164 | F18: 86 | G18: 12 | H18: 10 | I18: 2
A19: Instituto Tecnológico de Puerto Rico-Manatí | B19: 297 | C19: 297 | D19: 265 | E19: 166 | F19: 99 | G19: 32 | H19: 22 | I19: 10
A20: Instituto Tecnológico de Puerto Rico-San Juan | B20: 190 | C20: 190 | D20: 150 | E20: 109 | F20: 41 | G20: 40 | H20: 33 | I20: 7
A21: Universidad de Puerto Rico-Aguadilla | B21: 1894 | C21: 1894 | D21: 1720 | E21: 800 | F21: 920 | G21: 174 | H21: 96 | I21: 78
A22: Universidad de Puerto Rico-Arecibo | B22: 2831 | C22: 2822 | D22: 2626 | E22: 1028 | F22: 1598 | G22: 196 | H22: 77 | I22: 119 | J22: 9 | K22: 3 | L22: 1 | M22: 2 | N22: 6 | O22: 1 | P22: 5
A23: Universidad de Puerto Rico-Bayamón | B23: 2967 | C23: 2967 | D23: 2573 | E23: 1291 | F23: 1282 | G23: 394 | H23: 180 | I23: 214
A24: Universidad de Puerto Rico-Carolina | B24: 2428 | C24: 2428 | D24: 1935 | E24: 667 | F24: 1268 | G24: 493 | H24: 183 | I24: 310
A25: Universidad de Puerto Rico-Cayey | B25: 2218 | C25: 2218 | D25: 1952 | E25: 626 | F25: 1326 | G25: 266 | H25: 85 | I25: 181
A26: Universidad de Puerto Rico-Cs. Médicas | B26: 1950 | C26: 224 | D26: 201 | E26: 36 | F26: 165 | G26: 23 | H26: 3 | I26: 20 | J26: 1726 | K26: 1642 | L26: 551 | M26: 1091 | N26: 84 | O26: 27 | P26: 57
A27: Universidad de Puerto Rico-Humacao | B27: 2611 | C27: 2611 | D27: 2327 | E27: 773 | F27: 1554 | G27: 284 | H27: 102 | I27: 182
A28: Universidad de Puerto Rico-Mayagüez | B28: 10716 | C28: 9855 | D28: 8695 | E28: 4786 | F28: 3909 | G28: 1160 | H28: 655 | I28: 505 | J28: 861 | K28: 777 | L28: 402 | M28: 375 | N28: 84 | O28: 45 | P28: 39
A29: Universidad de Puerto Rico-Ponce | B29: 2319 | C29: 2319 | D29: 2128 | E29: 995 | F29: 1133 | G29: 191 | H29: 86 | I29: 105
A30: Universidad de Puerto Rico-Río Piedras | B30: 11493 | C30: 8873 | D30: 7805 | E30: 2828 | F30: 4977 | G30: 1068 | H30: 440 | I30: 628 | J30: 2620 | K30: 1686 | L30: 742 | M30: 944 | N30: 934 | O30: 417 | P30: 517
A31: Universidad de Puerto Rico-Utuado | B31: 317 | C31: 317 | D31: 285 | E31: 140 | F31: 145 | G31: 32 | H31: 16 | I31: 16
A32: Total sector público | B32: =SUM(B15:B31) -> 43871 | C32: =SUM(C15:C31) -> 38624 | D32: =SUM(D15:D31) -> 33834 | E32: =SUM(E15:E31) -> 14767 | F32: =SUM(F15:F31) -> 19067 | G32: =SUM(G15:G31) -> 4790 | H32: =SUM(H15:H31) -> 2170 | I32: =SUM(I15:I31) -> 2620 | ... P32: =SUM(P15:P31) -> 626
A33: Sector privado sin fines de lucro
A34: American University of Puerto Rico-Bayamón*
A35: American University of Puerto Rico-Manatí*
A36: Atenas College | B36: 611 | C36: 545 | D36: 366 | E36: 93 | F36: 273 | G36: 179 | H36: 38 | I36: 141 | J36: 66 | K36: 66 | L36: 10 | M36: 56
A37: Atlantic University | B37: 1600 | C37: 1517 | D37: 1124 | E37: 649 | F37: 475 | G37: 393 | H37: 271 | I37: 122 | J37: 83 | K37: 47 | L37: 27 | M37: 20 | N37: 36 | O37: 18 | P37: 18
A38: Caribbean University-Bayamón | B38: 929 | C38: 669 | D38: 485 | E38: 206 | F38: 279 | G38: 184 | H38: 57 | I38: 127 | J38: 260 | K38: 128 | L38: 29 | M38: 99 | N38: 132 | O38: 28 | P38: 104
A39: Caribbean University-Carolina | B39: 146 | C39: 127 | D39: 72 | E39: 19 | F39: 53 | G39: 55 | H39: 11 | I39: 44 | J39: 19 | K39: 7 | L39: 1 | M39: 6 | N39: 12 | O39: 1 | P39: 11
A40: Caribbean University-Ponce | B40: 607 | C40: 438 | D40: 296 | E40: 185 | F40: 111 | G40: 142 | H40: 92 | I40: 50 | J40: 169 | K40: 79 | L40: 20 | M40: 59 | N40: 90 | O40: 18 | P40: 72
A41: Caribbean University-Vega Baja | B41: 215 | C41: 194 | D41: 132 | E41: 42 | F41: 90 | G41: 62 | H41: 14 | I41: 48 | J41: 21 | K41: 11 | M41: 11 | N41: 10 | O41: 2 | P41: 8
A42: Centro de Estudios Avanzados de PR y el Caribe | B42: 362 | J42: 362 | K42: 224 | L42: 116 | M42: 108 | N42: 138 | O42: 68 | P42: 70
A43: Dewey University-Carolina | B43: 356 | C43: 356 | D43: 209 | E43: 39 | F43: 170 | G43: 147 | H43: 31 | I43: 116
A44: Dewey University-Hato Rey | B44: 387 | C44: 270 | D44: 167 | E44: 24 | F44: 143 | G44: 103 | H44: 12 | I44: 91 | J44: 117 | K44: 110 | L44: 28 | M44: 82 | N44: 7 | O44: 1 | P44: 6
A45: Dewey University-Juana Díaz | B45: 248 | C45: 243 | D45: 188 | E45: 44 | F45: 144 | G45: 55 | H45: 6 | I45: 49 | J45: 5 | K45: 3 | L45: 2 | M45: 1 | N45: 2 | P45: 2
A46: Dewey University-Manatí | B46: 255 | C46: 255 | D46: 186 | E46: 55 | F46: 131 | G46: 69 | H46: 8 | I46: 61
A47: EDP University of Puerto Rico Inc-San Juan | B47: 1375 | C47: 1269 | D47: 640 | E47: 164 | F47: 476 | G47: 629 | H47: 171 | I47: 458 | J47: 106 | K47: 82 | L47: 25 | M47: 57 | N47: 24 | O47: 12 | P47: 12
A48: EDP University of Puerto Rico-Humacao | B48: 269 | C48: 269 | D48: 145 | E48: 26 | F48: 119 | G48: 124 | H48: 25 | I48: 99
A49: EDP University of Puerto Rico-Manatí | B49: 449 | C49: 449 | D49: 199 | E49: 52 | F49: 147 | G49: 250 | H49: 71 | I49: 179
A50: EDP University of Puerto Rico-San Sebastián | B50: 1007 | C50: 970 | D50: 481 | E50: 150 | F50: 331 | G50: 489 | H50: 128 | I50: 361 | J50: 37 | K50: 21 | L50: 6 | M50: 15 | N50: 16 | O50: 2 | P50: 14
A51: EDP University of Puerto Rico-Villalba | B51: 281 | C51: 281 | D51: 145 | E51: 32 | F51: 113 | G51: 136 | H51: 26 | I51: 110
A52: Escuela de Medicina San Juan Bautista | B52: 399 | C52: 60 | D52: 60 | E52: 14 | F52: 46 | J52: 339 | K52: 339 | L52: 134 | M52: 205
A53: Humacao Community College | B53: 207 | C53: 207 | D53: 91 | E53: 32 | F53: 59 | G53: 116 | H53: 48 | I53: 68
A54: Pontificia Universidad Católica de Puerto Rico-Arecibo | B54: 647 | C54: 321 | D54: 246 | E54: 76 | F54: 170 | G54: 75 | H54: 28 | I54: 47 | J54: 326 | K54: 162 | L54: 38 | M54: 124 | N54: 164 | O54: 31 | P54: 133
A55: Pontificia Universidad Católica de Puerto Rico-Mayagüez | B55: 706 | C55: 618 | D55: 499 | E55: 182 | F55: 317 | G55: 119 | H55: 32 | I55: 87 | J55: 88 | K55: 42 | L55: 11 | M55: 31 | N55: 46 | O55: 13 | P55: 33
A56: Pontificia Universidad Católica de Puerto Rico-Ponce | B56: 5562 | C56: 3963 | D56: 3371 | E56: 1180 | F56: 2191 | G56: 592 | H56: 233 | I56: 359 | J56: 1599 | K56: 1065 | L56: 342 | M56: 723 | N56: 534 | O56: 143 | P56: 391
A57: Seminario Evangélico de Puerto Rico | B57: 127 | J57: 127 | K57: 60 | L57: 38 | M57: 22 | N57: 67 | O57: 38 | P57: 29
A58: Universal Technology College of Puerto Rico | B58: 149 | C58: 149 | D58: 137 | E58: 38 | F58: 99 | G58: 12 | H58: 2 | I58: 10
A59: Universidad Adventista de las Antillas | B59: 886 | C59: 781 | D59: 623 | E59: 241 | F59: 382 | G59: 158 | H59: 77 | I59: 81 | J59: 105 | K59: 87 | L59: 17 | M59: 70 | N59: 18 | O59: 4 | P59: 14
A60: Universidad Ana G. Méndez-Carolina | B60: 5223 | C60: 4498 | D60: 3124 | E60: 1251 | F60: 1873 | G60: 1374 | H60: 546 | I60: 828 | J60: 725 | K60: 503 | L60: 139 | M60: 364 | N60: 222 | O60: 43 | P60: 179
A61: Universidad Ana G. Méndez-Cupey | B61: 5986 | C61: 4612 | D61: 3229 | E61: 1080 | F61: 2149 | G61: 1383 | H61: 447 | I61: 936 | J61: 1374 | K61: 997 | L61: 329 | M61: 668 | N61: 377 | O61: 124 | P61: 253
A62: Universidad Ana G. Méndez-Gurabo | B62: 9718 | C62: 7688 | D62: 5503 | E62: 2128 | F62: 3375 | G62: 2185 | H62: 943 | I62: 1242 | J62: 2030 | K62: 1599 | L62: 477 | M62: 1122 | N62: 431 | O62: 130 | P62: 301
A63: Universidad Carlos Albizu - San Juan | B63: 2534 | C63: 763 | D63: 605 | E63: 106 | F63: 499 | G63: 158 | H63: 27 | I63: 131 | J63: 1771 | K63: 1536 | L63: 225 | M63: 1311 | N63: 235 | O63: 36 | P63: 199
A64: Universidad Central de Bayamón | B64: 783 | C64: 617 | D64: 457 | E64: 169 | F64: 288 | G64: 160 | H64: 40 | I64: 120 | J64: 166 | K64: 90 | L64: 30 | M64: 60 | N64: 76 | O64: 19 | P64: 57
A65: Universidad Central Del Caribe | B65: 558 | C65: 90 | D65: 77 | E65: 16 | F65: 61 | G65: 13 | H65: 1 | I65: 12 | J65: 468 | K65: 468 | L65: 187 | M65: 281
A66: Universidad del Sagrado Corazón | B66: 4660 | C66: 4099 | D66: 3495 | E66: 1225 | F66: 2270 | G66: 604 | H66: 208 | I66: 396 | J66: 561 | K66: 62 | L66: 16 | M66: 46 | N66: 499 | O66: 151 | P66: 348
A67: Universidad Interamericana de Puerto Rico-Aguadilla | B67: 3295 | C67: 3090 | D67: 2559 | E67: 1035 | F67: 1524 | G67: 531 | H67: 221 | I67: 310 | J67: 205 | K67: 183 | L67: 49 | M67: 134 | N67: 22 | O67: 8 | P67: 14
A68: Universidad Interamericana de Puerto Rico-Arecibo | B68: 2694 | C68: 2463 | D68: 1931 | E68: 703 | F68: 1228 | G68: 532 | H68: 168 | I68: 364 | J68: 231 | K68: 189 | L68: 50 | M68: 139 | N68: 42 | O68: 14 | P68: 28
A69: Universidad Interamericana de Puerto Rico-Barranquitas | B69: 1012 | C69: 938 | D69: 763 | E69: 271 | F69: 492 | G69: 175 | H69: 60 | I69: 115 | J69: 74 | K69: 61 | L69: 21 | M69: 40 | N69: 13 | O69: 6 | P69: 7
A70: Universidad Interamericana de Puerto Rico-Bayamón | B70: 3535 | C70: 3480 | D70: 2841 | E70: 1601 | F70: 1240 | G70: 639 | H70: 381 | I70: 258 | J70: 55 | K70: 47 | L70: 14 | M70: 33 | N70: 8 | O70: 4 | P70: 4
A71: Universidad Interamericana de Puerto Rico-Derecho | B71: 693 | J71: 693 | K71: 369 | L71: 135 | M71: 234 | N71: 324 | O71: 117 | P71: 207
A72: Universidad Interamericana de Puerto Rico-Fajardo | B72: 1288 | C72: 1192 | D72: 923 | E72: 364 | F72: 559 | G72: 269 | H72: 98 | I72: 171 | J72: 96 | K72: 82 | L72: 37 | M72: 45 | N72: 14 | O72: 3 | P72: 11
A73: Universidad Interamericana de Puerto Rico-Guayama | B73: 1776 | C73: 1669 | D73: 1390 | E73: 437 | F73: 953 | G73: 279 | H73: 76 | I73: 203 | J73: 107 | K73: 91 | L73: 52 | M73: 39 | N73: 16 | O73: 12 | P73: 4
A74: Universidad Interamericana de Puerto Rico-Metro | B74: 4360 | C74: 2844 | D74: 2023 | E74: 849 | F74: 1174 | G74: 821 | H74: 358 | I74: 463 | J74: 1516 | K74: 1062 | L74: 298 | M74: 764 | N74: 454 | O74: 168 | P74: 286
A75: Universidad Interamericana de Puerto Rico-Optometría | B75: 217 | J75: 217 | K75: 209 | L75: 60 | M75: 149 | N75: 8 | O75: 4 | P75: 4
A76: Universidad Interamericana de Puerto Rico-Ponce | B76: 3130 | C76: 2643 | D76: 2083 | E76: 791 | F76: 1292 | G76: 560 | H76: 194 | I76: 366 | J76: 487 | K76: 246 | L76: 78 | M76: 168 | N76: 241 | O76: 76 | P76: 165
A77: Universidad Interamericana de Puerto Rico-San Germán | B77: 3163 | C77: 2688 | D77: 2286 | E77: 1091 | F77: 1195 | G77: 402 | H77: 181 | I77: 221 | J77: 475 | K77: 303 | L77: 95 | M77: 208 | N77: 172 | O77: 69 | P77: 103
A78: Universidad Politécnica de Puerto Rico | B78: 4390 | C78: 3841 | D78: 1795 | E78: 1250 | F78: 545 | G78: 2046 | H78: 1471 | I78: 575 | J78: 549 | K78: 328 | L78: 201 | M78: 127 | N78: 221 | O78: 145 | P78: 76
A79: Total sector privado sin fines de lucro | B79: =SUM(B34:B78) -> 76795 | C79: =SUM(C36:C78) -> 61166 | D79: =SUM(D36:D78) -> 44946 | E79: =SUM(E36:E78) -> 17910 | F79: =SUM(F36:F78) -> 27036 | G79: =SUM(G36:G78) -> 16220 | H79: =SUM(H36:H78) -> 6801 | I79: =SUM(I36:I78) -> 9419 | J79: =SUM(J36:J78) -> 15629 | ... P79: =SUM(P36:P78) -> 3163
A80: Sector privado con fines de lucro
A81: CEM College-Humacao | B81: 174 | C81: 174 | D81: 149 | E81: 35 | F81: 114 | G81: 25 | H81: 4 | I81: 21
A82: CEM College-San Juan | B82: 178 | C82: 178 | D82: 164 | E82: 46 | F82: 118 | G82: 14 | H82: 3 | I82: 11
A83: Colegio de Cinematografía Artes y Televisión | B83: 551 | C83: 551 | D83: 373 | E83: 277 | F83: 96 | G83: 178 | H83: 114 | I83: 64
A84: Columbia Central University-Caguas | B84: 2820 | C84: 2504 | D84: 1863 | E84: 534 | F84: 1329 | G84: 641 | H84: 180 | I84: 461 | J84: 316 | K84: 103 | L84: 21 | M84: 82 | N84: 213 | O84: 24 | P84: 189
A85: Huertas College | B85: 460 | C85: 460 | D85: 386 | E85: 169 | F85: 217 | G85: 74 | H85: 16 | I85: 58
A86: ICPR Junior College-Arecibo | B86: 348 | C86: 348 | D86: 283 | E86: 64 | F86: 219 | G86: 65 | H86: 20 | I86: 45
A87: ICPR Junior College-Hato Rey | B87: 480 | C87: 480 | D87: 399 | E87: 69 | F87: 330 | G87: 81 | H87: 16 | I87: 65
A88: ICPR Junior College-Manatí | B88: 414 | C88: 414 | D88: 367 | E88: 67 | F88: 300 | G88: 47 | H88: 14 | I88: 33
A89: ICPR Junior College-Mayagüez | B89: 429 | C89: 429 | D89: 358 | E89: 83 | F89: 275 | G89: 71 | H89: 22 | I89: 49
A90: Mech-Tech College | B90: 2246 | C90: 2246 | D90: 1972 | E90: 1870 | F90: 102 | G90: 274 | H90: 263 | I90: 11
A91: NUC University | B91: 29539 | C91: 27863 | D91: 26103 | E91: 9064 | F91: 17039 | G91: 1760 | H91: 586 | I91: 1174 | J91: 1676 | K91: 1648 | L91: 382 | M91: 1266 | N91: 28 | O91: 5 | P91: 23
A92: Ponce Health Sciences University | B92: 886 | J92: 886 | K92: 878 | L92: 317 | M92: 561 | N92: 8 | O92: 2 | P92: 6
A93: Ponce Health Sciences University-East | B93: 693 | C93: 65 | D93: 60 | E93: 9 | F93: 51 | G93: 5 | I93: 5 | J93: 628 | K93: 612 | L93: 93 | M93: 519 | N93: 16 | O93: 4 | P93: 12
A94: Ponce Health Sciences University-San Juan | B94: 237 | J94: 237 | K94: 228 | L94: 32 | M94: 196 | N94: 9 | P94: 9
A95: Professional University Dr. Carlos J. Borrero Rios** | B95: 166 | C95: 5 | D95: 5 | E95: 3 | F95: 2 | J95: 161 | K95: 94 | L95: 44 | M95: 50 | N95: 67 | O95: 31 | P95: 36
A96: Total sector privado con fines de lucro | B96: =SUM(B81:B95) -> 39621 | C96: =SUM(C81:C95) -> 35717 | D96: =SUM(D81:D95) -> 32482 | E96: =SUM(E81:E95) -> 12290 | F96: =SUM(F81:F95) -> 20192 | G96: =SUM(G81:G95) -> 3235 | H96: =SUM(H81:H95) -> 1238 | I96: =SUM(I81:I95) -> 1997 | ... P96: =SUM(P81:P95) -> 275
A97: Gran total | B97: =B32+B79+B96 -> 160287 | C97: =C32+C79+C96 -> 135507 | D97: =D32+D79+D96 -> 111262 | E97: =E32+E79+E96 -> 44967 | F97: =F32+F79+F96 -> 66295 | G97: =G32+G79+G96 -> 24245 | H97: =H32+H79+H96 -> 10209 | I97: =I32+I79+I96 -> 14036 | ... P97: =P32+P79+P96 -> 4064
A99: Valor Mínino | B99: =MIN(B15:B31,B36:B78,B81:B95) -> 127 | C99: =MIN(C15:C31,C34:C78,C81:C95) -> 5 | D99: =MIN(D15:D31,D34:D78,D81:D95) -> 5 | E99: =MIN(E15:E31,E34:E78,E81:E95) -> 3 | F99: =MIN(F15:F31,F34:F78,F81:F95) -> 2 | G99: =MIN(G15:G31,G34:G78,G81:G95) -> 5 | H99: =MIN(H15:H31,H34:H78,H81:H95) -> 1 | I99: =MIN(I15:I31,I34:I78,I81:I95) -> 2 | J99: =MIN(J15:J31,J34:J78,J81:J95) -> 5 | ... P99: =MIN(P15:P31,P34:P78,P81:P95) -> 2
A100: Valor Máximo | B100: =MAX(B15:B31,B34:B78,B81:B95) -> 29539 | C100: =MAX(C15:C31,C34:C78,C81:C95) -> 27863 | D100: =MAX(D15:D31,D34:D78,D81:D95) -> 26103 | E100: =MAX(E15:E31,E34:E78,E81:E95) -> 9064 | F100: =MAX(F15:F31,F34:F78,F81:F95) -> 17039 | G100: =MAX(G15:G31,G34:G78,G81:G95) -> 2185 | H100: =MAX(H15:H31,H34:H78,H81:H95) -> 1471 | I100: =MAX(I15:I31,I34:I78,I81:I95) -> 1242 | ... P100: =MAX(P15:P31,P34:P78,P81:P95) -> 517
A101: Mediana | B101: =MEDIAN(B15:B31,B34:B78,B81:B95) -> 693 | C101: =MEDIAN(C15:C31,C34:C78,C81:C95) -> 617 | D101: =MEDIAN(D15:D31,D34:D78,D81:D95) -> 457 | E101: =MEDIAN(E15:E31,E34:E78,E81:E95) -> 169 | F101: =MEDIAN(F15:F31,F34:F78,F81:F95) -> 288 | G101: =MEDIAN(G15:G31,G34:G78,G81:G95) -> 174 | H101: =MEDIAN(H15:H31,H34:H78,H81:H95) -> 73.5 | I101: =MEDIAN(I15:I31,I34:I78,I81:I95) -> 110 | ... P101: =MEDIAN(P15:P31,P34:P78,P81:P95) -> 31
A102: Promedio | B102: =AVERAGE(B15:B31,B34:B78,B81:B95) -> 2137.16 | C102: =AVERAGE(C15:C31,C34:C78,C81:C95) -> 1963.8696 | D102: =AVERAGE(D15:D31,D34:D78,D81:D95) -> 1612.4928 | E102: =AVERAGE(E15:E31,E34:E78,E81:E95) -> 651.69565 | F102: =AVERAGE(F15:F31,F34:F78,F81:F95) -> 960.7971 | G102: =AVERAGE(G15:G31,G34:G78,G81:G95) -> 361.86567 | H102: =AVERAGE(H15:H31,H34:H78,H81:H95) -> 154.68182 | I102: =AVERAGE(I15:I31,I34:I78,I81:I95) -> 209.49254 | ... P102: =AVERAGE(P15:P31,P34:P78,P81:P95) -> 92.363636
A103: Desviación Estándar | B103: =_xlfn.STDEV.P(B15:B31,B34:B78,B81:B95) -> 3938.3333 | C103: =_xlfn.STDEV.P(C15:C31,C34:C78,C81:C95) -> 3719.6274 | D103: =_xlfn.STDEV.P(D15:D31,D34:D78,D81:D95) -> 3400.3285 | E103: =_xlfn.STDEV.P(E15:E31,E34:E78,E81:E95) -> 1280.1331 | F103: =_xlfn.STDEV.P(F15:F31,F34:F78,F81:F95) -> 2166.1135 | G103: =_xlfn.STDEV.P(G15:G31,G34:G78,G81:G95) -> 472.83754 | H103: =_xlfn.STDEV.P(H15:H31,H34:H78,H81:H95) -> 241.95267 | I103: =_xlfn.STDEV.P(I15:I31,I34:I78,I81:I95) -> 262.25363 | ... P103: =_xlfn.STDEV.P(P15:P31,P34:P78,P81:P95) -> 121.46195
...

Sheet Tabla 5
A1: Gobierno de Puerto Rico
A2: Departamento de Estado
A3: Junta de Instituciones Postsecundaria
A5: Compendio Estadístico sobre la Educación Superior de Puerto Rico
A6: Año académico 2023-2024
A8: Tabla 5. Egresados por nivel y sector en las instituciones de educación superior que finalizaron entre el 1 julio 2022 al 30 de junio 20231
A9: (Cantidad de egresados)
A10: Institución | B10: Certificados Técnicos2 | C10: Grado Asociado | D10: Bachillerato | E10: Maestría | F10: Certificados Profesionales3 | G10: Doctorados4 | H10: Totales
A11: Sector público
A12: Colegio Universitario de San Juan | C12: 59 | D12: 111 | H12: =SUM(B12:G12) -> 170
A13: Conservatorio de Música de Puerto Rico | D13: 48 | E13: 6 | F13: 2 | H13: =SUM(B13:G13) -> 56
A14: Escuela de Artes Plásticas de Puerto Rico | D14: 53 | H14: =SUM(B14:G14) -> 53
A15: Instituto Tecnológico de Puerto Rico-Guayama | C15: 72 | H15: =SUM(B15:G15) -> 72
A16: Instituto Tecnológico de Puerto Rico-Manatí | C16: 87 | H16: =SUM(B16:G16) -> 87
A17: Instituto Tecnológico de Puerto Rico-San Juan | C17: 56 | H17: =SUM(B17:G17) -> 56
A18: Universidad de Puerto Rico-Aguadilla | C18: 29 | D18: 333 | H18: =SUM(B18:G18) -> 362
A19: Universidad de Puerto Rico-Arecibo | C19: 66 | D19: 487 | H19: =SUM(B19:G19) -> 553
A20: Universidad de Puerto Rico-Bayamón | C20: 9 | D20: 339 | H20: =SUM(B20:G20) -> 348
A21: Universidad de Puerto Rico-Carolina | C21: 33 | D21: 305 | H21: =SUM(B21:G21) -> 338
A22: Universidad de Puerto Rico-Cayey | D22: 346 | H22: =SUM(B22:G22) -> 346
A23: Universidad de Puerto Rico-Cs. Médicas | C23: 50 | D23: 116 | E23: 243 | F23: 101 | G23: 253 | H23: =SUM(B23:G23) -> 763
A24: Universidad de Puerto Rico-Humacao | C24: 42 | D24: 370 | H24: =SUM(B24:G24) -> 412
A25: Universidad de Puerto Rico-Mayagüez | D25: 1745 | E25: 164 | G25: 24 | H25: =SUM(B25:G25) -> 1933
A26: Universidad de Puerto Rico-Ponce | C26: 29 | D26: 262 | H26: =SUM(B26:G26) -> 291
A27: Universidad de Puerto Rico-Río Piedras | D27: 1433 | E27: 371 | F27: 5 | G27: 222 | H27: =SUM(B27:G27) -> 2031
A28: Universidad de Puerto Rico-Utuado | C28: 44 | D28: 30 | H28: =SUM(B28:G28) -> 74
A29: Total sector público | C29: =SUM(C12:C28) -> 576 | D29: =SUM(D12:D28) -> 5978 | E29: =SUM(E12:E28) -> 784 | F29: =SUM(F12:F28) -> 108 | G29: =SUM(G12:G28) -> 499 | H29: =SUM(H12:H28) -> 7945
A30: Sector privado sin fines de lucro
A31: American University of Puerto Rico-Bayamón* | C31: 20 | D31: 67 | E31: 37 | H31: =SUM(B31:G31) -> 124
A32: American University of Puerto Rico-Manatí* | C32: 22 | D32: 79 | E32: 21 | H32: =SUM(B32:G32) -> 122
A33: Atenas College | B33: 19 | C33: 81 | D33: 53 | H33: =SUM(B33:G33) -> 153
A34: Atlantic University College | D34: 243 | E34: 40 | H34: =SUM(B34:G34) -> 283
A35: Caribbean University-Bayamón | B35: 71 | C35: 9 | D35: 52 | E35: 29 | G35: 8 | H35: =SUM(B35:G35) -> 169
A36: Caribbean University-Carolina | B36: 1 | C36: 3 | D36: 19 | E36: 3 | H36: =SUM(B36:G36) -> 26
A37: Caribbean University-Ponce | B37: 1 | C37: 10 | D37: 51 | E37: 14 | G37: 4 | H37: =SUM(B37:G37) -> 80
A38: Caribbean University-Vega Baja | B38: 3 | C38: 4 | D38: 8 | E38: 4 | H38: =SUM(B38:G38) -> 19
A39: Centro de Estudios Avanzados de PR y el Caribe | E39: 13 | G39: 28 | H39: =SUM(B39:G39) -> 41
A40: Dewey University-Carolina | C40: 51 | D40: 22 | H40: =SUM(B40:G40) -> 73
A41: Dewey University-Hato Rey | C41: 34 | D41: 38 | E41: 51 | H41: =SUM(B41:G41) -> 123
A42: Dewey University-Juana Díaz | B42: 40 | C42: 21 | D42: 7 | E42: 2 | H42: =SUM(B42:G42) -> 70
A43: Dewey University-Manatí | B43: 30 | C43: 28 | D43: 30 | H43: =SUM(B43:G43) -> 88
A44: EDP University of Puerto Rico Inc-San Juan | C44: 345 | D44: 53 | E44: 35 | F44: 4 | H44: =SUM(B44:G44) -> 437
A45: EDP University of Puerto Rico-Humacao | C45: 61 | D45: 1 | H45: =SUM(B45:G45) -> 62
A46: EDP University of Puerto Rico-Manatí | C46: 188 | D46: 4 | H46: =SUM(B46:G46) -> 192
A47: EDP University of Puerto Rico-San Sebastián | C47: 228 | D47: 32 | E47: 14 | H47: =SUM(B47:G47) -> 274
A48: EDP University of Puerto Rico-Villalba | C48: 42 | H48: =SUM(B48:G48) -> 42
A49: Escuela de Medicina San Juan Bautista | D49: 19 | E49: 39 | G49: 36 | H49: =SUM(B49:G49) -> 94
A50: Humacao Community College | B50: 33 | C50: 36 | D50: 11 | H50: =SUM(B50:G50) -> 80
A51: Pontificia Universidad Católica de Puerto Rico-Arecibo | C51: 10 | D51: 53 | E51: 31 | G51: 24 | H51: =SUM(B51:G51) -> 118
A52: Pontificia Universidad Católica de Puerto Rico-Mayagüez | B52: 8 | C52: 21 | D52: 90 | E52: 18 | H52: =SUM(B52:G52) -> 137
A53: Pontificia Universidad Católica de Puerto Rico-Ponce | C53: 17 | D53: 718 | E53: 116 | F53: 14 | G53: 139 | H53: =SUM(B53:G53) -> 1004
A54: Seminario Evangélico de Puerto Rico | E54: 23 | H54: =SUM(B54:G54) -> 23
A55: Universal Technology College of Puerto Rico | B55: 85 | C55: 18 | D55: 22 | H55: =SUM(B55:G55) -> 125
A56: Universidad Adventista de las Antillas | C56: 1 | D56: 136 | E56: 25 | H56: =SUM(B56:G56) -> 162
A57: Universidad Ana G. Méndez-Carolina | B57: 93 | C57: 164 | D57: 587 | E57: 270 | F57: 8 | H57: =SUM(B57:G57) -> 1122
A58: Universidad Ana G. Méndez-Cupey | B58: 97 | C58: 122 | D58: 636 | E58: 341 | G58: 9 | H58: =SUM(B58:G58) -> 1205
A59: Universidad Ana G. Méndez-Gurabo | B59: 6 | C59: 337 | D59: 964 | E59: 603 | F59: 36 | G59: 57 | H59: =SUM(B59:G59) -> 2003
A60: Universidad Carlos Albizu - San Juan | D60: 109 | E60: 262 | F60: 10 | G60: 96 | H60: =SUM(B60:G60) -> 477
A61: Universidad Central de Bayamón | C61: 7 | D61: 90 | E61: 45 | F61: 13 | H61: =SUM(B61:G61) -> 155
A62: Universidad Central Del Caribe | B62: 34 | C62: 10 | D62: 12 | E62: 4 | F62: 1 | G62: 87 | H62: =SUM(B62:G62) -> 148
A63: Universidad del Sagrado Corazón | C63: 32 | D63: 700 | E63: 229 | F63: 15 | H63: =SUM(B63:G63) -> 976
A64: Universidad Interamericana de Puerto Rico-Aguadilla | B64: 128 | C64: 117 | D64: 384 | E64: 61 | F64: 1 | H64: =SUM(B64:G64) -> 691
A65: Universidad Interamericana de Puerto Rico-Arecibo | B65: 16 | C65: 41 | D65: 439 | E65: 97 | H65: =SUM(B65:G65) -> 593
A66: Universidad Interamericana de Puerto Rico-Barranquitas | B66: 52 | C66: 56 | D66: 121 | E66: 22 | H66: =SUM(B66:G66) -> 251
A67: Universidad Interamericana de Puerto Rico-Bayamón | B67: 108 | C67: 33 | D67: 464 | E67: 25 | H67: =SUM(B67:G67) -> 630
A68: Universidad Interamericana de Puerto Rico-Derecho | E68: 8 | G68: 149 | H68: =SUM(B68:G68) -> 157
A69: Universidad Interamericana de Puerto Rico-Fajardo | B69: 54 | C69: 18 | D69: 169 | E69: 20 | H69: =SUM(B69:G69) -> 261
A70: Universidad Interamericana de Puerto Rico-Guayama | B70: 25 | C70: 119 | D70: 167 | E70: 18 | H70: =SUM(B70:G70) -> 329
A71: Universidad Interamericana de Puerto Rico-Metro | B71: 45 | C71: 32 | D71: 525 | E71: 343 | F71: 38 | G71: 33 | H71: =SUM(B71:G71) -> 1016
A72: Universidad Interamericana de Puerto Rico-Optometría | G72: 22 | H72: =SUM(B72:G72) -> 22
A73: Universidad Interamericana de Puerto Rico-Ponce | B73: 53 | C73: 99 | D73: 386 | E73: 58 | G73: 15 | H73: =SUM(B73:G73) -> 611
A74: Universidad Interamericana de Puerto Rico-San Germán | B74: 76 | C74: 27 | D74: 347 | E74: 63 | F74: 44 | G74: 25 | H74: =SUM(B74:G74) -> 582
A75: Universidad Politécnica de Puerto Rico | C75: 4 | D75: 436 | E75: 157 | F75: 2 | G75: 1 | H75: =SUM(B75:G75) -> 600
A76: Total sector privado sin fines de lucro | B76: =SUM(B31:B75) -> 1078 | C76: =SUM(C31:C75) -> 2468 | D76: =SUM(D31:D75) -> 8344 | E76: =SUM(E31:E75) -> 3141 | F76: =SUM(F31:F75) -> 186 | G76: =SUM(G31:G75) -> 733 | H76: =SUM(H31:H75) -> 15950
A77: Sector privado con fines de lucro
A78: CEM College-Humacao | B78: 5 | C78: 17 | D78: 16 | H78: =SUM(B78:G78) -> 38
A79: CEM College-San Juan | B79: 22 | C79: 39 | D79: 20 | H79: =SUM(B79:G79) -> 81
A80: Colegio de Cinematografía Artes y Televisión | B80: 97 | C80: 87 | H80: =SUM(B80:G80) -> 184
A81: Columbia Central University-Caguas | B81: 363 | C81: 228 | D81: 156 | E81: 125 | H81: =SUM(B81:G81) -> 872
A82: Huertas College | B82: 147 | C82: 77 | D82: 15 | H82: =SUM(B82:G82) -> 239
A83: ICPR Junior College-Arecibo | B83: 111 | C83: 28 | H83: =SUM(B83:G83) -> 139
A84: ICPR Junior College-Hato Rey | B84: 127 | C84: 19 | H84: =SUM(B84:G84) -> 146
A85: ICPR Junior College-Manatí | B85: 125 | C85: 29 | H85: =SUM(B85:G85) -> 154
A86: ICPR Junior College-Mayagüez | B86: 95 | C86: 27 | H86: =SUM(B86:G86) -> 122
A87: Mech-Tech College | B87: 1235 | C87: 81 | H87: =SUM(B87:G87) -> 1316
A88: NUC University | B88: 7214 | C88: 1337 | D88: 1365 | E88: 595 | F88: 15 | H88: =SUM(B88:G88) -> 10526
A89: Ponce Health Sciences University | E89: 108 | G89: 106 | H89: =SUM(B89:G89) -> 214
A90: Ponce Health Sciences University-East | D90: 21 | E90: 72 | F90: 24 | G90: 54 | H90: =SUM(B90:G90) -> 171
A91: Ponce Health Sciences University-San Juan | E91: 23 | H91: =SUM(B91:G91) -> 23
A92: Professional University Dr. Carlos J. Borrero Ríos | E92: 44 | H92: =SUM(B92:G92) -> 44
A93: Total sector privado con fines de lucro | B93: =SUM(B78:B92) -> 9541 | C93: =SUM(C78:C92) -> 1969 | D93: =SUM(D78:D92) -> 1593 | E93: =SUM(E78:E92) -> 967 | F93: =SUM(F78:F92) -> 39 | G93: =SUM(G78:G92) -> 160 | H93: =SUM(H78:H92) -> 14269
A94: Total | B94: =B76+B93 -> 10619 | C94: =SUM(C29,C76,C93) -> 5013 | D94: =SUM(D29,D76,D93) -> 15915 | E94: =SUM(E29,E76,E93) -> 4892 | F94: =F29+F76+F93 -> 333 | G94: =G29+G76+G93 -> 1392 | H94: =SUM(H29,H76,H93) -> 38164
A96: Valor Mínino | B96: =MIN(B12:B28,B32:B75,B78:B92) -> 1 | C96: =MIN(C12:C28,C31:C75,C78:C92) -> 1 | D96: =MIN(D12:D28,D31:D75,D78:D92) -> 1 | E96: =MIN(E12:E28,E31:E75,E78:E92) -> 2 | F96: =MIN(F12:F28,F31:F75,F78:F92) -> 1 | G96: =MIN(G12:G28,G31:G75,G78:G92) -> 1 | H96: =MIN(H12:H28,H31:H75,H78:H92) -> 19
A97: Valor Máximo | B97: =MAX(B12:B28,B32:B75,B78:B92) -> 7214 | C97: =MAX(C12:C28,C31:C75,C78:C92) -> 1337 | D97: =MAX(D12:D28,D31:D75,D78:D92) -> 1745 | E97: =MAX(E12:E28,E31:E75,E78:E92) -> 603 | F97: =MAX(F12:F28,F31:F75,F78:F92) -> 101 | G97: =MAX(G12:G28,G31:G75,G78:G92) -> 253 | H97: =MAX(H12:H28,H31:H75,H78:H92) -> 10526
A98: Mediana | B98: =MEDIAN(B12:B28,B32:B75,B78:B92) -> 53.5 | C98: =MEDIAN(C12:C28,C31:C75,C78:C92) -> 34 | D98: =MEDIAN(D12:D28,D31:D75,D78:D92) -> 110 | E98: =MEDIAN(E12:E28,E31:E75,E78:E92) -> 39.5 | F98: =MEDIAN(F12:F28,F31:F75,F78:F92) -> 13 | G98: =MEDIAN(G12:G28,G31:G75,G78:G92) -> 33 | H98: =MEDIAN(H12:H28,H31:H75,H78:H92) -> 169
A99: Promedio | B99: =AVERAGE(B12:B28,B32:B75,B78:B92) -> 312.32353 | C99: =AVERAGE(C12:C28,C31:C75,C78:C92) -> 82.180328 | D99: =AVERAGE(D12:D28,D31:D75,D78:D92) -> 265.25 | E99: =AVERAGE(E12:E28,E31:E75,E78:E92) -> 106.34783 | F99: =AVERAGE(F12:F28,F31:F75,F78:F92) -> 19.588235 | G99: =AVERAGE(G12:G28,G31:G75,G78:G92) -> 66.285714 | H99: =AVERAGE(H12:H28,H31:H75,H78:H92) -> 495.63636
A100: Desviación Estándar | B100: =_xlfn.STDEV.P(B12:B28,B32:B75,B78:B92) -> 1219.3001 | C100: =_xlfn.STDEV.P(C12:C28,C31:C75,C78:C92) -> 177.13749 | D100: =_xlfn.STDEV.P(D12:D28,D31:D75,D78:D92) -> 361.94183 | E100: =_xlfn.STDEV.P(E12:E28,E31:E75,E78:E92) -> 144.38689 | F100: =_xlfn.STDEV.P(F12:F28,F31:F75,F78:F92) -> 24.20515 | G100: =_xlfn.STDEV.P(G12:G28,G31:G75,G78:G92) -> 69.880267 | H100: =_xlfn.STDEV.P(H12:H28,H31:H75,H78:H92) -> 1234.412
A102: *Cierre institucional efectivo el 31 de diciembre de 2023.
A103: 1 Incluye el total de egresados de las instituciones de educación superior de Puerto Rico. Están incluidos todos aquellos estudiantes que completaron algún certificado o grado universitario. Se otorgaron 9,874 certificados no universitarios.
A104: 2Incluye certificados 1, 2 y 4 (Menos de 1 año, 900 hrs o menos; De 1 a 4 años, 900 hrs o más)
...

Sheet Tabla 6
A1: Gobierno de Puerto Rico
A2: Departamento de Estado
A3: Junta de Instituciones Postsecundaria
A5: Compendio Estadístico sobre la Educación Superior de Puerto Rico
A6: Año académico 2022-2023
A8: Tabla 6. Grados conferidos por sector, nivel y área académica en las instituciones de educación superior que finalizaron entre el 1 julio 2022 al 30 de junio 2023.
A9: (Cantidad de egresados)
A10: Área académico | B10: CIPCODE* | C10: Gran total | F10: Sector público | I10: Sector privado
C11: Total | D11: Masc | E11: Fem | F11: Total | G11: Masc | H11: Fem | I11: Total | J11: Masc | K11: Fem
A12: Profesiones y ciencias relacionadas con la salud | B12: 51 | C12: =D12+E12 -> 11251 | D12: =G12+J12 -> 2342 | E12: =H12+K12 -> 8909 | F12: 1191 | G12: 320 | H12: 871 | I12: 10060 | J12: 2022 | K12: 8038
A13: Administración, gerencia, mercadeo y servicios administrativos | B13: 52 | C13: =D13+E13 -> 4407 | D13: =G13+J13 -> 1673 | E13: =H13+K13 -> 2734 | F13: 1243 | G13: 553 | H13: 690 | I13: 3164 | J13: 1120 | K13: 2044
A14: Ocupaciones y oficios relacionados con servicios personales y misceláneos (Ej.: Artes culinarias, cosmetología, servicios funerarios) | B14: 12 | C14: =D14+E14 -> 3797 | D14: =G14+J14 -> 940 | E14: =H14+K14 -> 2857 | F14: 0 | G14: 0 | H14: 0 | I14: 3797 | J14: 940 | K14: 2857
A15: Biología y ciencias biomédicas | B15: 26 | C15: =D15+E15 -> 2322 | D15: =G15+J15 -> 703 | E15: =H15+K15 -> 1619 | F15: 1174 | G15: 370 | H15: 804 | I15: 1148 | J15: 333 | K15: 815
A16: Psicología | B16: 42 | C16: =D16+E16 -> 1597 | D16: =G16+J16 -> 323 | E16: =H16+K16 -> 1274 | F16: 486 | G16: 118 | H16: 368 | I16: 1111 | J16: 205 | K16: 906
A17: Educación | B17: 13 | C17: =D17+E17 -> 1591 | D17: =G17+J17 -> 302 | E17: =H17+K17 -> 1289 | F17: 463 | G17: 116 | H17: 347 | I17: 1128 | J17: 186 | K17: 942
A18: Protección y servicios de seguridad | B18: 43 | C18: =D18+E18 -> 1184 | D18: =G18+J18 -> 479 | E18: =H18+K18 -> 705 | F18: 109 | G18: 40 | H18: 69 | I18: 1075 | J18: 439 | K18: 636
A19: Mecánica y reparación de equipo | B19: 47 | C19: =D19+E19 -> 1638 | D19: =G19+J19 -> 1535 | E19: =H19+K19 -> 103 | F19: 4 | G19: 4 | H19: 0 | I19: 1634 | J19: 1531 | K19: 103
A20: Ingeniería | B20: 14 | C20: =D20+E20 -> 1266 | D20: =G20+J20 -> 934 | E20: =H20+K20 -> 332 | F20: 676 | G20: 473 | H20: 203 | I20: 590 | J20: 461 | K20: 129
A21: Tecnologías relacionadas a la ingeniería | B21: 15 | C21: =D21+E21 -> 1175 | D21: =G21+J21 -> 1008 | E21: =H21+K21 -> 167 | F21: 343 | G21: 272 | H21: 71 | I21: 832 | J21: 736 | K21: 96
A22: Ciencias de la información y computadoras | B22: 11 | C22: =D22+E22 -> 1147 | D22: =G22+J22 -> 850 | E22: =H22+K22 -> 297 | F22: 180 | G22: 139 | H22: 41 | I22: 967 | J22: 711 | K22: 256
A23: Bellas artes | B23: 50 | C23: =D23+E23 -> 956 | D23: =G23+J23 -> 445 | E23: =H23+K23 -> 511 | F23: 203 | G23: 71 | H23: 132 | I23: 753 | J23: 374 | K23: 379
A24: Oficios de la construcción | B24: 46 | C24: =D24+E24 -> 925 | D24: =G24+J24 -> 867 | E24: =H24+K24 -> 58 | I24: 925 | J24: 867 | K24: 58
A25: Administración de empresas relacionadas con producción agrícola | B25: 1 | C25: =D25+E25 -> 779 | D25: =G25+J25 -> 207 | E25: =H25+K25 -> 572 | F25: 304 | G25: 132 | H25: 172 | I25: 475 | J25: 75 | K25: 400
A26: Comunicaciones | B26: 9 | C26: =D26+E26 -> 529 | D26: =G26+J26 -> 162 | E26: =H26+K26 -> 367 | F26: 139 | G26: 42 | H26: 97 | I26: 390 | J26: 120 | K26: 270
A27: Servicios sociales y administración pública | B27: 44 | C27: =D27+E27 -> 475 | D27: =G27+J27 -> 103 | E27: =H27+K27 -> 372 | F27: 145 | G27: 35 | H27: 110 | I27: 330 | J27: 68 | K27: 262
A28: Derecho y estudios relacionados | B28: 22 | C28: =D28+E28 -> 421 | D28: =G28+J28 -> 172 | E28: =H28+K28 -> 249 | F28: 150 | G28: 64 | H28: 86 | I28: 271 | J28: 108 | K28: 163
A29: Estudios interdisciplinarios | B29: 30 | C29: =D29+E29 -> 357 | D29: =G29+J29 -> 104 | E29: =H29+K29 -> 253 | F29: 195 | G29: 61 | H29: 134 | I29: 162 | J29: 43 | K29: 119
A30: Ciencias sociales | B30: 45 | C30: =D30+E30 -> 328 | D30: =G30+J30 -> 134 | E30: =H30+K30 -> 194 | F30: 227 | G30: 90 | H30: 137 | I30: 101 | J30: 44 | K30: 57
A31: Tecnologías de las comunicaciones | B31: 10 | C31: =D31+E31 -> 274 | D31: =G31+J31 -> 176 | E31: =H31+K31 -> 98 | F31: 86 | G31: 26 | H31: 60 | I31: 188 | J31: 150 | K31: 38
A32: Ciencias físicas y química | B32: 40 | C32: =D32+E32 -> 257 | D32: =G32+J32 -> 103 | E32: =H32+K32 -> 154 | F32: 190 | G32: 82 | H32: 108 | I32: 67 | J32: 21 | K32: 46
A33: Recreación, deportes y tiempo libre | B33: 31 | C33: =D33+E33 -> 270 | D33: =G33+J33 -> 191 | E33: =H33+K33 -> 79 | F33: 2 | G33: 1 | H33: 1 | I33: 268 | J33: 190 | K33: 78
A34: Ocupaciones u oficios de precisión (Ej.: delineante, imprenta) | B34: 48 | C34: =D34+E34 -> 346 | D34: =G34+J34 -> 322 | E34: =H34+K34 -> 24 | F34: 0 | G34: 0 | H34: 0 | I34: 346 | J34: 322 | K34: 24
A35: Artes liberales, estudios generales y humanidades | B35: 24 | C35: =D35+E35 -> 96 | D35: =G35+J35 -> 44 | E35: =H35+K35 -> 52 | F35: 22 | G35: 11 | H35: 11 | I35: 74 | J35: 33 | K35: 41
A36: Literatura y lenguas extranjeras | B36: 16 | C36: =D36+E36 -> 167 | D36: =G36+J36 -> 37 | E36: =H36+K36 -> 130 | F36: 150 | G36: 34 | H36: 116 | I36: 17 | J36: 3 | K36: 14
... A42: Matemáticas y estadísticas | B42: 27 | C42: =D42+E42 -> 36 | D42: =G42+J42 -> 28 | E42: =H42+K42 -> 8 | F42: 28 | G42: 25 | H42: 3 | I42: 8 | J42: 3 | K42: 5
A43: Estudios en teología y vocaciones religiosas | B43: 39 | C43: =D43+E43 -> 37 | D43: =G43+J43 -> 29 | E43: =H43+K43 -> 8 | I43: 37 | J43: 29 | K43: 8
A44: Filosofía y estudios religiosos | B44: 38 | C44: =D44+E44 -> 22 | D44: =G44+J44 -> 9 | E44: =H44+K44 -> 13 | F44: 3 | G44: 2 | H44: 1 | I44: 19 | J44: 7 | K44: 12
A45: Transportación y movimiento de equipo | B45: 49 | C45: =D45+E45 -> 32 | D45: =G45+J45 -> 25 | E45: =H45+K45 -> 7 | I45: 32 | J45: 25 | K45: 7
A46: Tecnología de las ciencias | B46: 41 | C46: =D46+E46 -> 9 | D46: =G46+J46 -> 6 | E46: =H46+K46 -> 3 | F46: 9 | G46: 6 | H46: 3 | I46: 0 | J46: 0 | K46: 0
A47: Ciencias bibliotecarias | B47: 25 | C47: =D47+E47 -> 5 | D47: =G47+J47 -> 2 | E47: =H47+K47 -> 3 | F47: 5 | G47: 2 | H47: 3 | I47: 0 | J47: 0 | K47: 0
A48: Total | C48: =SUM(C12:C47) -> 38164 | D48: =SUM(D12:D47) -> 14427 | E48: =SUM(E12:E47) -> 23737 | F48: =SUM(F12:F47) -> 7945 | G48: =SUM(G12:G47) -> 3180 | H48: =SUM(H12:H47) -> 4765 | I48: =SUM(I12:I47) -> 30219 | J48: =SUM(J12:J47) -> 11247 | K48: =SUM(K12:K47) -> 18972
A50: Fuente: Integrated Postsecondary Education Data System (IPEDS), Completions.
A51: *CIPCODE: Classification of Instructional Program (CIP) codes - Clasificación de los programas académicos utilizada por el Departamento de Educación Federal para completar los formularios Integrated Postsecondary Education Data System (IPEDS). Versión 2000.

Sheet Tabla 7
A1: Gobierno de Puerto Rico
A2: Departamento de Estado
A3: Junta de Instituciones Postsecundarias
A5: Compendio Estadístico sobre la Educación Superior de Puerto Rico
A6: Año académico 2023-2024
A8: Tabla 7. Facultad por tarea, género y sector en las instituciones de educación superior en Puerto Rico
A9: Institución | B9: Gran total | E9: Total tiempo completo | H9: Total tiempo parcial
B10: Total | C10: Masc | D10: Fem | E10: Total | F10: Masc | G10: Fem | H10: Total | I10: Masc | J10: Fem
A11: Colegio Universitario de San Juan | B11: 83 | C11: 40 | D11: 43 | E11: 17 | F11: 7 | G11: 10 | H11: 66 | I11: 33 | J11: 33
A12: Conservatorio de Música de Puerto Rico | B12: 81 | C12: 58 | D12: 23 | E12: 37 | F12: 26 | G12: 11 | H12: 44 | I12: 32 | J12: 12
A13: Escuela de Artes Plásticas de Puerto Rico | B13: 69 | C13: 31 | D13: 38 | E13: 27 | F13: 11 | G13: 16 | H13: 42 | I13: 20 | J13: 22
A14: Instituto Tecnológico de Puerto Rico-Guayama | B14: 29 | C14: 14 | D14: 15 | E14: 29 | F14: 14 | G14: 15
A15: Instituto Tecnológico de Puerto Rico-Manatí | B15: 40 | C15: 16 | D15: 24 | E15: 40 | F15: 16 | G15: 24
A16: Instituto Tecnológico de Puerto Rico-San Juan | B16: 27 | C16: 14 | D16: 13 | E16: 27 | F16: 14 | G16: 13
A17: Universidad de Puerto Rico-Administración Central | B17: 8 | C17: 6 | D17: 2 | E17: 8 | F17: 6 | G17: 2
A18: Universidad de Puerto Rico-Aguadilla | B18: 114 | C18: 57 | D18: 57 | E18: 84 | F18: 42 | G18: 42 | H18: 30 | I18: 15 | J18: 15
A19: Universidad de Puerto Rico-Arecibo | B19: 174 | C19: 71 | D19: 103 | E19: 140 | F19: 60 | G19: 80 | H19: 34 | I19: 11 | J19: 23
A20: Universidad de Puerto Rico-Bayamón | B20: 171 | C20: 82 | D20: 89 | E20: 142 | F20: 71 | G20: 71 | H20: 29 | I20: 11 | J20: 18
A21: Universidad de Puerto Rico-Carolina | B21: 170 | C21: 92 | D21: 78 | E21: 100 | F21: 57 | G21: 43 | H21: 70 | I21: 35 | J21: 35
A22: Universidad de Puerto Rico-Cayey | B22: 117 | C22: 60 | D22: 57 | E22: 105 | F22: 54 | G22: 51 | H22: 12 | I22: 6 | J22: 6
A23: Universidad de Puerto Rico-Cs. Médicas | B23: 1137 | C23: 506 | D23: 631 | E23: 627 | F23: 239 | G23: 388 | H23: 510 | I23: 267 | J23: 243
A24: Universidad de Puerto Rico-Humacao | B24: 207 | C24: 101 | D24: 106 | E24: 158 | F24: 80 | G24: 78 | H24: 49 | I24: 21 | J24: 28
A25: Universidad de Puerto Rico-Mayagüez | B25: 690 | C25: 404 | D25: 286 | E25: 641 | F25: 374 | G25: 267 | H25: 49 | I25: 30 | J25: 19
A26: Universidad de Puerto Rico-Ponce | B26: 151 | C26: 77 | D26: 74 | E26: 80 | F26: 37 | G26: 43 | H26: 71 | I26: 40 | J26: 31
A27: Universidad de Puerto Rico-Río Piedras | B27: 1103 | C27: 551 | D27: 552 | E27: 793 | F27: 419 | G27: 374 | H27: 310 | I27: 132 | J27: 178
A28: Universidad de Puerto Rico-Utuado | B28: 41 | C28: 21 | D28: 20 | E28: 30 | F28: 16 | G28: 14 | H28: 11 | I28: 5 | J28: 6
A29: Total sector público | B29: =SUM(B11:B28) -> 4412 | C29: =SUM(C11:C28) -> 2201 | D29: =SUM(D11:D28) -> 2211 | E29: =SUM(E11:E28) -> 3085 | F29: =SUM(F11:F28) -> 1543 | G29: =SUM(G11:G28) -> 1542 | H29: =SUM(H11:H28) -> 1327 | I29: =SUM(I11:I28) -> 658 | J29: =SUM(J11:J28) -> 669
A30: Sector privado sin fines de lucro
A31: American University of Puerto Rico-Bayamón
A32: American University of Puerto Rico-Manatí
A33: Atenas College | B33: 87 | C33: 21 | D33: 66 | E33: 46 | F33: 10 | G33: 36 | H33: 41 | I33: 11 | J33: 30
A34: Atlantic Univesity College | B34: 57 | C34: 37 | D34: 20 | E34: 47 | F34: 31 | G34: 16 | H34: 10 | I34: 6 | J34: 4
A35: Caribbean University-Bayamón | B35: 169 | C35: 77 | D35: 92 | E35: 20 | F35: 8 | G35: 12 | H35: 149 | I35: 69 | J35: 80
A36: Caribbean University-Carolina | B36: 25 | C36: 13 | D36: 12 | E36: 5 | F36: 2 | G36: 3 | H36: 20 | I36: 11 | J36: 9
A37: Caribbean University-Ponce | B37: 62 | C37: 28 | D37: 34 | E37: 16 | F37: 6 | G37: 10 | H37: 46 | I37: 22 | J37: 24
A38: Caribbean University-Vega Baja | B38: 14 | C38: 6 | D38: 8 | E38: 5 | F38: 1 | G38: 4 | H38: 9 | I38: 5 | J38: 4
A39: Centro de Estudios Avanzados de PR y el Caribe | B39: 26 | C39: 20 | D39: 6 | H39: 26 | I39: 20 | J39: 6
A40: Dewey University-Carolina | B40: 9 | C40: 5 | D40: 4 | E40: 9 | F40: 5 | G40: 4
A41: Dewey University-Hato Rey | B41: 35 | C41: 18 | D41: 17 | E41: 35 | F41: 18 | G41: 17
A42: Dewey University-Juana Díaz | B42: 12 | C42: 6 | D42: 6 | E42: 12 | F42: 6 | G42: 6
A43: Dewey University-Manatí | B43: 20 | C43: 10 | D43: 10 | E43: 20 | F43: 10 | G43: 10
A44: EDP University of Puerto Rico Inc-San Juan | B44: 49 | C44: 15 | D44: 34 | E44: 47 | F44: 14 | G44: 33 | H44: 2 | I44: 1 | J44: 1
A45: EDP University of Puerto Rico-Humacao | B45: 8 | C45: 2 | D45: 6 | E45: 8 | F45: 2 | G45: 6
A46: EDP University of Puerto Rico-Manati | B46: 17 | C46: 1 | D46: 16 | E46: 17 | F46: 1 | G46: 16
A47: EDP University of Puerto Rico-San Sebastián | B47: 38 | C47: 10 | D47: 28 | E47: 38 | F47: 10 | G47: 28
A48: EDP University of Puerto Rico-Caguas | B48: 1 | D48: 1 | E48: 1 | G48: 1
A49: EDP University of Puerto Rico-Villalba | B49: 4 | D49: 4 | E49: 4 | G49: 4
A50: Escuela de Medicina San Juan Bautista | B50: 101 | C50: 51 | D50: 50 | E50: 41 | F50: 25 | G50: 16 | H50: 60 | I50: 26 | J50: 34
A51: Humacao Community College | B51: 22 | C51: 8 | D51: 14 | E51: 2 | G51: 2 | H51: 20 | I51: 8 | J51: 12
A52: Pontificia Universidad Católica de Puerto Rico-Arecibo | B52: 52 | C52: 22 | D52: 30 | E52: 23 | F52: 8 | G52: 15 | H52: 29 | I52: 14 | J52: 15
A53: Pontificia Universidad Católica de Puerto Rico-Mayagüez | B53: 58 | C53: 27 | D53: 31 | E53: 38 | F53: 17 | G53: 21 | H53: 20 | I53: 10 | J53: 10
A54: Pontificia Universidad Católica de Puerto Rico-Ponce | B54: 334 | C54: 157 | D54: 177 | E54: 195 | F54: 83 | G54: 112 | H54: 139 | I54: 74 | J54: 65
A55: Seminario Evangélico de Puerto Rico | B55: 44 | C55: 25 | D55: 19 | E55: 8 | F55: 5 | G55: 3 | H55: 36 | I55: 20 | J55: 16
A56: Sistema Universitario Ana G. Méndez
A57: Universal Technology College of Puerto Rico | B57: 58 | C57: 17 | D57: 41 | E57: 21 | F57: 9 | G57: 12 | H57: 37 | I57: 8 | J57: 29
A58: Universidad Adventista de las Antillas | B58: 74 | C58: 36 | D58: 38 | E58: 31 | F58: 17 | G58: 14 | H58: 43 | I58: 19 | J58: 24
A59: Universidad Ana G. Méndez-Carolina | B59: 336 | C59: 139 | D59: 197 | E59: 99 | F59: 41 | G59: 58 | H59: 237 | I59: 98 | J59: 139
A60: Universidad Ana G. Méndez-Cupey | B60: 456 | C60: 188 | D60: 268 | E60: 121 | F60: 37 | G60: 84 | H60: 335 | I60: 151 | J60: 184
A61: Universidad Ana G. Méndez-Gurabo | B61: 602 | C61: 258 | D61: 344 | E61: 158 | F61: 65 | G61: 93 | H61: 444 | I61: 193 | J61: 251
A62: Universidad Carlos Albizu - San Juan | B62: 264 | C62: 72 | D62: 192 | E62: 41 | F62: 18 | G62: 23 | H62: 223 | I62: 54 | J62: 169
A63: Universidad Central de Bayamón | B63: 108 | C63: 50 | D63: 58 | E63: 14 | F63: 5 | G63: 9 | H63: 94 | I63: 45 | J63: 49
A64: Universidad Central Del Caribe | B64: 116 | C64: 50 | D64: 66 | E64: 94 | F64: 38 | G64: 56 | H64: 22 | I64: 12 | J64: 10
A65: Universidad del Sagrado Corazón | B65: 396 | C65: 168 | D65: 228 | E65: 69 | F65: 29 | G65: 40 | H65: 327 | I65: 139 | J65: 188
A66: Universidad Interamericana de Puerto Rico-Aguadilla | B66: 182 | C66: 68 | D66: 114 | E66: 77 | F66: 33 | G66: 44 | H66: 105 | I66: 35 | J66: 70
A67: Universidad Interamericana de Puerto Rico-Arecibo | B67: 158 | C67: 63 | D67: 95 | E67: 68 | F67: 31 | G67: 37 | H67: 90 | I67: 32 | J67: 58
A68: Universidad Interamericana de Puerto Rico-Barranquitas | B68: 79 | C68: 29 | D68: 50 | E68: 28 | F68: 11 | G68: 17 | H68: 51 | I68: 18 | J68: 33
... A73: Universidad Interamericana de Puerto Rico-Metro | B73: 327 | C73: 154 | D73: 173 | E73: 131 | F73: 67 | G73: 64 | H73: 196 | I73: 87 | J73: 109
A74: Universidad Interamericana de Puerto Rico-Oficinas Centrales | B74: 20 | C74: 4 | D74: 16 | E74: 20 | F74: 4 | G74: 16
A75: Universidad Interamericana de Puerto Rico-Optometría | B75: 28 | C75: 13 | D75: 15 | E75: 21 | F75: 11 | G75: 10 | H75: 7 | I75: 2 | J75: 5
A76: Universidad Interamericana de Puerto Rico-Ponce | B76: 208 | C76: 88 | D76: 120 | E76: 79 | F76: 35 | G76: 44 | H76: 129 | I76: 53 | J76: 76
A77: Universidad Interamericana de Puerto Rico-San Germán | B77: 220 | C77: 90 | D77: 130 | E77: 72 | F77: 28 | G77: 44 | H77: 148 | I77: 62 | J77: 86
A78: Universidad Politécnica de Puerto Rico | B78: 221 | C78: 140 | D78: 81 | E78: 139 | F78: 92 | G78: 47 | H78: 82 | I78: 48 | J78: 34
A79: Total sector privado sin fines de lucro | B79: =SUM(B31:B78) -> 5574 | C79: =SUM(C31:C78) -> 2415 | D79: =SUM(D31:D78) -> 3159 | E79: =SUM(E31:E78) -> 2093 | F79: =SUM(F31:F78) -> 908 | G79: =SUM(G31:G78) -> 1185 | H79: =SUM(H31:H78) -> 3481 | I79: =SUM(I31:I78) -> 1507 | J79: =SUM(J31:J78) -> 1974
A80: Sector privado con fines de lucro
A81: CEM College-Bayamón
A82: CEM College-Humacao | B82: 19 | C82: 9 | D82: 10 | E82: 2 | F82: 1 | G82: 1 | H82: 17 | I82: 8 | J82: 9
A83: CEM College-Mayagüez
A84: CEM College-San Juan | B84: 46 | C84: 18 | D84: 28 | H84: 46 | I84: 18 | J84: 28
A85: Colegio de Cinematografía Artes y Televisión | B85: 62 | C85: 42 | D85: 20 | E85: 12 | F85: 7 | G85: 5 | H85: 50 | I85: 35 | J85: 15
A86: Columbia Central University-Caguas | B86: 79 | C86: 30 | D86: 49 | E86: 50 | F86: 18 | G86: 32 | H86: 29 | I86: 12 | J86: 17
A87: Huertas College | B87: 97 | C87: 40 | D87: 57 | E87: 11 | F87: 3 | G87: 8 | H87: 86 | I87: 37 | J87: 49
A88: ICPR Junior College-Arecibo | B88: 11 | C88: 2 | D88: 9 | E88: 11 | F88: 2 | G88: 9
A89: ICPR Junior College-Hato Rey | B89: 63 | C89: 16 | D89: 47 | E89: 17 | G89: 17 | H89: 46 | I89: 16 | J89: 30
A90: ICPR Junior College-Manatí | B90: 18 | C90: 4 | D90: 14 | E90: 18 | F90: 4 | G90: 14
A91: ICPR Junior College-Mayagüez | B91: 38 | C91: 18 | D91: 20 | E91: 14 | F91: 7 | G91: 7 | H91: 24 | I91: 11 | J91: 13
A92: Mech-Tech College | B92: 182 | C92: 162 | D92: 20 | E92: 68 | F92: 60 | G92: 8 | H92: 114 | I92: 102 | J92: 12
A93: NUC University | B93: 1576 | C93: 649 | D93: 927 | E93: 272 | F93: 97 | G93: 175 | H93: 1304 | I93: 552 | J93: 752
A94: Ponce Health Sciences University | B94: 727 | C94: 368 | D94: 359 | E94: 184 | F94: 60 | G94: 124 | H94: 543 | I94: 308 | J94: 235
A95: Ponce Health Sciences University-East
A96: Ponce Health Sciences University-San Juan
A97: Professional University Dr. Carlos J. Borrero Ríos | B97: 1 | C97: 1 | E97: 1 | F97: 1
A98: Total sector privado con fines de lucro | B98: =SUM(B81:B97) -> 2919 | C98: =SUM(C81:C97) -> 1359 | D98: =SUM(D81:D97) -> 1560 | E98: =SUM(E81:E97) -> 660 | F98: =SUM(F81:F97) -> 260 | G98: =SUM(G81:G97) -> 400 | H98: =SUM(H81:H97) -> 2259 | I98: =SUM(I81:I97) -> 1099 | J98: =SUM(J81:J97) -> 1160
A99: Gran total | B99: =B29+B79+B98 -> 12905 | C99: =C29+C79+C98 -> 5975 | D99: =D29+D79+D98 -> 6930 | E99: =E29+E79+E98 -> 5838 | F99: =F29+F79+F98 -> 2711 | G99: =SUM(G29+G79+G98) -> 3127 | H99: =SUM(H29+H79+H98) -> 7067 | I99: =SUM(I29+I79+I98) -> 3264 | J99: =SUM(J29+J79+J98) -> 3803
A101: Valor Mínino | B101: =MIN(B11:B28,B31:B78,B81:B97) -> 1 | C101: =MIN(C11:C28,C31:C78,C81:C97) -> 1 | D101: =MIN(D11:D28,D31:D78,D81:D97) -> 1 | E101: =MIN(E11:E28,E31:E78,E81:E97) -> 1 | F101: =MIN(F11:F28,F31:F78,F81:F97) -> 1 | G101: =MIN(G11:G28,G31:G78,G81:G97) -> 1 | H101: =MIN(H11:H28,H31:H78,H81:H97) -> 2 | I101: =MIN(I11:I28,I31:I78,I81:I97) -> 1 | J101: =MIN(J11:J28,J31:J78,J81:J97) -> 1
A102: Valor Máximo | B102: =MAX(B11:B28,B31:B78,B81:B97) -> 1576 | C102: =MAX(C11:C28,C31:C78,C81:C97) -> 649 | D102: =MAX(D11:D28,D31:D78,D81:D97) -> 927 | E102: =MAX(E11:E28,E31:E78,E81:E97) -> 793 | F102: =MAX(F11:F28,F31:F78,F81:F97) -> 419 | G102: =MAX(G11:G28,G31:G78,G81:G97) -> 388 | H102: =MAX(H11:H28,H31:H78,H81:H97) -> 1304 | I102: =MAX(I11:I28,I31:I78,I81:I97) -> 552 | J102: =MAX(J11:J28,J31:J78,J81:J97) -> 752
A103: Mediana | B103: =MEDIAN(B11:B28,B31:B78,B81:B97) -> 79 | C103: =MEDIAN(C11:C28,C31:C78,C81:C97) -> 36.5 | D103: =MEDIAN(D11:D28,D31:D78,D81:D97) -> 41 | E103: =MEDIAN(E11:E28,E31:E78,E81:E97) -> 36 | F103: =MEDIAN(F11:F28,F31:F78,F81:F97) -> 16 | G103: =MEDIAN(G11:G28,G31:G78,G81:G97) -> 17 | H103: =MEDIAN(H11:H28,H31:H78,H81:H97) -> 50 | I103: =MEDIAN(I11:I28,I31:I78,I81:I97) -> 27 | J103: =MEDIAN(J11:J28,J31:J78,J81:J97) -> 29
A104: Promedio | B104: =AVERAGE(B11:B28,B31:B78,B81:B97) -> 169.80263 | C104: =AVERAGE(C11:C28,C31:C78,C81:C97) -> 80.743243 | D104: =AVERAGE(D11:D28,D31:D78,D81:D97) -> 92.4 | E104: =AVERAGE(E11:E28,E31:E78,E81:E97) -> 78.891892 | F104: =AVERAGE(F11:F28,F31:F78,F81:F97) -> 38.728571 | G104: =AVERAGE(G11:G28,G31:G78,G81:G97) -> 42.835616 | H104: =AVERAGE(H11:H28,H31:H78,H81:H97) -> 119.77966 | I104: =AVERAGE(I11:I28,I31:I78,I81:I97) -> 55.322034 | J104: =AVERAGE(J11:J28,J31:J78,J81:J97) -> 64.457627
A105: Desviación Estándar | B105: =_xlfn.STDEV.P(B11:B28,B31:B78,B81:B97) -> 270.73686 | C105: =_xlfn.STDEV.P(C11:C28,C31:C78,C81:C97) -> 125.37997 | D105: =_xlfn.STDEV.P(D11:D28,D31:D78,D81:D97) -> 150.00747 | E105: =_xlfn.STDEV.P(E11:E28,E31:E78,E81:E97) -> 136.68454 | F105: =_xlfn.STDEV.P(F11:F28,F31:F78,F81:F97) -> 70.738941 | G105: =_xlfn.STDEV.P(G11:G28,G31:G78,G81:G97) -> 70.455274 | H105: =_xlfn.STDEV.P(H11:H28,H31:H78,H81:H97) -> 196.45028 | I105: =_xlfn.STDEV.P(I11:I28,I31:I78,I81:I97) -> 88.458444 | J105: =_xlfn.STDEV.P(J11:J28,J31:J78,J81:J97) -> 110.26614
A106: Fuente: Integrated Postsecondary Education Data System (IPEDS), Human Resources.

Sheet Tabla 8
A1: Gobierno de Puerto Rico
A2: Departamento de Estado
A3: Junta de Instituciones Postsecundarias
A5: Compendio Estadístico sobre la Educación Superior de Puerto Rico
A6: Año académico 2023-2024
A8: Tabla 8. Facultad por tarea, rango y sector de las instituciones de educación superior en Puerto Rico
A9: Institución | B9: Tiempo Completo | M9: Total tiempo parcial | N9: Gran total
B10: Profesor | C10: Profesor Asociado | D10: Profesor Asistente | E10: Instructor | F10: Conferenciante | G10: Sin rango académico | H10: Total con estatus de facultad | I10: Total sin estatus de facultad | J10: Total facultad | K10: Otros* | L10: Total tiempo completo
A11: Sector público
A12: Colegio Universitario de San Juan | B12: 0 | C12: 1 | D12: 5 | E12: 11 | F12: 0 | G12: 0 | H12: =SUM(B12:G12) -> 17 | I12: 0 | J12: =H12+I12 -> 17 | K12: 0 | L12: 17 | M12: 66 | N12: =L12+M12 -> 83
A13: Conservatorio de Música de Puerto Rico | B13: 11 | C13: 10 | D13: 8 | E13: 3 | F13: 0 | G13: 0 | H13: =SUM(B13:G13) -> 32 | I13: 5 | J13: =H13+I13 -> 37 | K13: 0 | L13: 37 | M13: 44 | N13: =L13+M13 -> 81
A14: Escuela de Artes Plásticas de Puerto Rico | B14: 1 | C14: 1 | D14: 0 | E14: 9 | F14: 0 | G14: 0 | H14: =SUM(B14:G14) -> 11 | I14: 15 | J14: =H14+I14 -> 26 | K14: 1 | L14: 27 | M14: 42 | N14: =L14+M14 -> 69
A15: Instituto Tecnológico de Puerto Rico-Guayama | B15: 29 | C15: 0 | D15: 0 | E15: 0 | F15: 0 | G15: 0 | H15: =SUM(B15:G15) -> 29 | I15: 0 | J15: =H15+I15 -> 29 | K15: 0 | L15: 29 | M15: 0 | N15: =L15+M15 -> 29
A16: Instituto Tecnológico de Puerto Rico-Manatí | B16: 40 | C16: 0 | D16: 0 | E16: 0 | F16: 0 | G16: 0 | H16: =SUM(B16:G16) -> 40 | I16: 0 | J16: =H16+I16 -> 40 | K16: 0 | L16: 40 | M16: 0 | N16: =L16+M16 -> 40
A17: Instituto Tecnológico de Puerto Rico-San Juan | B17: 27 | C17: 0 | D17: 0 | E17: 0 | F17: 0 | G17: 0 | H17: =SUM(B17:G17) -> 27 | I17: 0 | J17: =H17+I17 -> 27 | L17: 27 | M17: 0 | N17: =L17+M17 -> 27
A18: Universidad de Puerto Rico-Administración Central | B18: 0 | C18: 0 | D18: 0 | E18: 0 | F18: 0 | G18: 4 | H18: =SUM(B18:G18) -> 4 | I18: 0 | J18: =H18+I18 -> 4 | K18: 4 | L18: 8 | M18: 0 | N18: =L18+M18 -> 8
A19: Universidad de Puerto Rico-Aguadilla | B19: 42 | C19: 11 | D19: 18 | E19: 13 | F19: 0 | G19: 0 | H19: =SUM(B19:G19) -> 84 | I19: 0 | J19: =H19+I19 -> 84 | K19: 0 | L19: 84 | M19: 30 | N19: =L19+M19 -> 114
A20: Universidad de Puerto Rico-Arecibo | B20: 69 | C20: 23 | D20: 20 | E20: 27 | F20: 0 | G20: 0 | H20: =SUM(B20:G20) -> 139 | I20: 0 | J20: =H20+I20 -> 139 | K20: 1 | L20: 140 | M20: 34 | N20: =L20+M20 -> 174
A21: Universidad de Puerto Rico-Bayamón | B21: 58 | C21: 27 | D21: 39 | E21: 18 | F21: . | G21: 0 | H21: =SUM(B21:G21) -> 142 | I21: 0 | J21: =H21+I21 -> 142 | K21: 0 | L21: 142 | M21: 29 | N21: =L21+M21 -> 171
A22: Universidad de Puerto Rico-Carolina | B22: 25 | C22: 19 | D22: 32 | E22: 20 | F22: 0 | G22: 0 | H22: =SUM(B22:G22) -> 96 | I22: 0 | J22: =H22+I22 -> 96 | K22: 4 | L22: 100 | M22: 70 | N22: =L22+M22 -> 170
A23: Universidad de Puerto Rico-Cayey | B23: 32 | C23: 34 | D23: 29 | E23: 6 | F23: 0 | G23: 0 | H23: =SUM(B23:G23) -> 101 | I23: 0 | J23: =H23+I23 -> 101 | K23: 4 | L23: 105 | M23: 12 | N23: =L23+M23 -> 117
A24: Universidad de Puerto Rico-Cs. Médicas | B24: 243 | C24: 137 | D24: 133 | E24: 14 | F24: 0 | G24: 50 | H24: =SUM(B24:G24) -> 577 | I24: 0 | J24: =H24+I24 -> 577 | K24: 50 | L24: 627 | M24: 510 | N24: =L24+M24 -> 1137
A25: Universidad de Puerto Rico-Humacao | B25: 73 | C25: 22 | D25: 28 | E25: 32 | F25: 0 | G25: 0 | H25: =SUM(B25:G25) -> 155 | I25: 0 | J25: =H25+I25 -> 155 | K25: 3 | L25: 158 | M25: 49 | N25: =L25+M25 -> 207
A26: Universidad de Puerto Rico-Mayagüez | B26: 305 | C26: 42 | D26: 65 | E26: 35 | F26: 0 | G26: 0 | H26: =SUM(B26:G26) -> 447 | I26: 0 | J26: =H26+I26 -> 447 | K26: 194 | L26: 641 | M26: 49 | N26: =L26+M26 -> 690
A27: Universidad de Puerto Rico-Ponce | B27: 27 | C27: 19 | D27: 21 | E27: 13 | F27: 0 | G27: 0 | H27: =SUM(B27:G27) -> 80 | I27: 0 | J27: =H27+I27 -> 80 | K27: 0 | L27: 80 | M27: 71 | N27: =L27+M27 -> 151
A28: Universidad de Puerto Rico-Río Piedras | B28: 342 | C28: 71 | D28: 215 | E28: 81 | F28: 0 | G28: 21 | H28: =SUM(B28:G28) -> 730 | J28: =H28+I28 -> 730 | K28: 63 | L28: 793 | M28: 310 | N28: =L28+M28 -> 1103
A29: Universidad de Puerto Rico-Utuado | B29: 18 | C29: 6 | D29: 5 | E29: 1 | F29: 0 | G29: 0 | H29: =SUM(B29:G29) -> 30 | I29: 0 | J29: =H29+I29 -> 30 | K29: 0 | L29: 30 | M29: 11 | N29: =L29+M29 -> 41
A30: Total sector público | B30: =SUM(B12:B29) -> 1342 | C30: =SUM(C12:C29) -> 423 | D30: =SUM(D12:D29) -> 618 | E30: =SUM(E12:E29) -> 283 | F30: =SUM(F12:F29) -> 0 | G30: =SUM(G12:G29) -> 75 | H30: =SUM(H12:H29) -> 2741 | I30: =SUM(I12:I29) -> 20 | ... M30: =SUM(M12:M29) -> 1327 | N30: =L30+M30 -> 4412
A31: Sector privado sin fines de lucro
A32: American University of Puerto Rico-Bayamón | B32: 0 | C32: 0 | D32: 0 | E32: 0 | F32: 0 | G32: 0 | H32: 0 | I32: 0 | J32: 0 | K32: 0 | L32: 0 | M32: 0 | N32: 0
A33: American University of Puerto Rico-Manatí | B33: 0 | C33: 0 | D33: 0 | E33: 0 | F33: 0 | G33: 0 | H33: 0 | I33: 0 | J33: 0 | K33: 0 | L33: 0 | M33: 0 | N33: 0
A34: Atenas College | B34: 0 | C34: 0 | D34: 0 | E34: 0 | F34: 0 | G34: 46 | H34: =SUM(B34:G34) -> 46 | I34: 0 | J34: =SUM(H34:I34) -> 46 | K34: 0 | L34: 46 | M34: 41 | N34: =L34+M34 -> 87
A35: Atlantic Univesity College | B35: 47 | C35: 0 | D35: 0 | E35: 0 | F35: 0 | G35: 0 | H35: =SUM(B35:G35) -> 47 | I35: 0 | J35: =SUM(H35:I35) -> 47 | K35: 0 | L35: 47 | M35: 10 | N35: =L35+M35 -> 57
A36: Caribbean University-Bayamón | B36: 1 | C36: 1 | D36: 4 | E36: 14 | F36: 0 | G36: 0 | H36: =SUM(B36:G36) -> 20 | I36: 0 | J36: =SUM(H36:I36) -> 20 | K36: 0 | L36: 20 | M36: 149 | N36: =L36+M36 -> 169
A37: Caribbean University-Carolina | B37: 0 | C37: 0 | D37: 0 | E37: 0 | F37: 0 | G37: 0 | H37: 0 | I37: 0 | J37: =H37+I37 -> 0 | K37: 5 | L37: 5 | M37: 20 | N37: =L37+M37 -> 25
A38: Caribbean University-Ponce | B38: 0 | C38: 0 | D38: 6 | E38: 10 | F38: 0 | G38: 0 | H38: =SUM(B38:G38) -> 16 | I38: 0 | J38: =H38+I38 -> 16 | K38: 0 | L38: 16 | M38: 46 | N38: =L38+M38 -> 62
A39: Caribbean University-Vega Baja | B39: 0 | C39: 0 | D39: 0 | E39: 0 | F39: 0 | G39: 0 | H39: =SUM(B39:G39) -> 0 | I39: 0 | J39: =H39+I39 -> 0 | K39: 5 | L39: 5 | M39: 9 | N39: =L39+M39 -> 14
A40: Centro de Estudios Avanzados de PR y el Caribe | B40: 0 | C40: 0 | D40: 0 | E40: 0 | F40: 0 | G40: 0 | H40: =SUM(B40:G40) -> 0 | I40: 0 | J40: =H40+I40 -> 0 | K40: 0 | L40: 0 | M40: 26 | N40: =L40+M40 -> 26
A41: Dewey University-Carolina | B41: 9 | C41: 0 | D41: 0 | E41: 0 | F41: 0 | G41: 0 | H41: =SUM(B41:G41) -> 9 | I41: 0 | J41: =H41+I41 -> 9 | K41: 0 | L41: 9 | M41: 0 | N41: =L41+M41 -> 9
A42: Dewey University-Hato Rey | B42: 35 | C42: 0 | D42: 0 | E42: 0 | F42: 0 | G42: 0 | H42: =SUM(B42:G42) -> 35 | I42: 0 | J42: =H42+I42 -> 35 | K42: 0 | L42: 35 | M42: 0 | N42: =L42+M42 -> 35
A43: Dewey University-Juana Díaz | B43: 12 | C43: 0 | D43: 0 | E43: 0 | F43: 0 | G43: 0 | H43: =SUM(B43:G43) -> 12 | I43: 0 | J43: =H43+I43 -> 12 | K43: 0 | L43: 12 | M43: 0 | N43: =L43+M43 -> 12
A44: Dewey University-Manatí | B44: 20 | C44: 0 | D44: 0 | E44: 0 | F44: 0 | G44: 0 | H44: =SUM(B44:G44) -> 20 | I44: 0 | J44: =H44+I44 -> 20 | K44: 0 | L44: 20 | M44: 0 | N44: =L44+M44 -> 20
A45: EDP University of Puerto Rico Inc-San Juan | B45: 0 | C45: 0 | D45: 0 | E45: 47 | F45: 0 | G45: 0 | H45: =SUM(B45:G45) -> 47 | I45: 0 | J45: =H45+I45 -> 47 | K45: 0 | L45: 47 | M45: 2 | N45: =L45+M45 -> 49
A46: EDP University of Puerto Rico-Humacao | B46: 0 | C46: 0 | D46: 0 | E46: 8 | F46: 0 | G46: 0 | H46: =SUM(B46:G46) -> 8 | I46: 0 | J46: =H46+I46 -> 8 | K46: 0 | L46: 8 | M46: 0 | N46: =L46+M46 -> 8
A47: EDP University of Puerto Rico-Manati | B47: 0 | C47: 0 | D47: 0 | E47: 17 | F47: 0 | G47: 0 | H47: =SUM(B47:G47) -> 17 | I47: 0 | J47: =H47+I47 -> 17 | K47: 0 | L47: 17 | M47: 0 | N47: =L47+M47 -> 17
A48: EDP University of Puerto Rico-San Sebastián | B48: 0 | C48: 0 | D48: 0 | E48: 38 | F48: 0 | G48: 0 | H48: =SUM(B48:G48) -> 38 | I48: 0 | J48: =H48+I48 -> 38 | K48: 0 | L48: 38 | M48: 0 | N48: =L48+M48 -> 38
A49: EDP University of Puerto Rico-Caguas | B49: 0 | C49: 0 | D49: 0 | E49: 0 | F49: 0 | G49: 0 | H49: =SUM(B49:G49) -> 0 | I49: 0 | J49: =H49+I49 -> 0 | K49: 1 | L49: 1 | M49: 0 | N49: =L49+M49 -> 1
... A61: Universidad Ana G. Méndez-Cupey | B61: 6 | C61: 14 | D61: 49 | E61: 52 | F61: 0 | G61: 0 | H61: =SUM(B61:G61) -> 121 | I61: 0 | J61: =H61+I61 -> 121 | K61: 0 | L61: 121 | M61: 335 | N61: =L61+M61 -> 456
A62: Universidad Ana G. Méndez-Gurabo | B62: 18 | C62: 27 | D62: 82 | E62: 31 | F62: 0 | G62: 0 | H62: =SUM(B62:G62) -> 158 | I62: 0 | J62: =H62+I62 -> 158 | L62: 158 | M62: 444 | N62: =L62+M62 -> 602
A63: Universidad Carlos Albizu - San Juan | B63: 9 | C63: 12 | D63: 20 | E63: 0 | F63: 0 | G63: 0 | H63: =SUM(B63:G63) -> 41 | I63: 0 | J63: =H63+I63 -> 41 | K63: 0 | L63: 41 | M63: 223 | N63: =L63+M63 -> 264
A64: Universidad Central de Bayamón | B64: 2 | C64: 5 | D64: 1 | E64: 4 | F64: 0 | G64: 0 | H64: =SUM(B64:G64) -> 12 | I64: 2 | J64: =H64+I64 -> 14 | K64: 0 | L64: 14 | M64: 94 | N64: =L64+M64 -> 108
A65: Universidad Central Del Caribe | B65: 10 | C65: 10 | D65: 25 | E65: 2 | F65: 0 | G65: 0 | H65: =SUM(B65:G65) -> 47 | I65: 0 | J65: =H65+I65 -> 47 | K65: 47 | L65: 94 | M65: 22 | N65: =L65+M65 -> 116
A66: Universidad del Sagrado Corazón | B66: 15 | C66: 8 | D66: 15 | E66: 22 | F66: 0 | G66: 0 | H66: =SUM(B66:G66) -> 60 | I66: 9 | J66: =H66+I66 -> 69 | K66: 0 | L66: 69 | M66: 327 | N66: =L66+M66 -> 396
A67: Universidad Interamericana de Puerto Rico-Aguadilla | B67: 6 | C67: 16 | D67: 33 | E67: 18 | F67: 0 | G67: 0 | H67: =SUM(B67:G67) -> 73 | I67: 0 | J67: =H67+I67 -> 73 | K67: 4 | L67: 77 | M67: 105 | N67: =L67+M67 -> 182
A68: Universidad Interamericana de Puerto Rico-Arecibo | B68: 12 | C68: 7 | D68: 34 | E68: 7 | F68: 0 | G68: 0 | H68: =SUM(B68:G68) -> 60 | I68: 0 | J68: =H68+I68 -> 60 | K68: 8 | L68: 68 | M68: 90 | N68: =L68+M68 -> 158
A69: Universidad Interamericana de Puerto Rico-Barranquitas | B69: 1 | C69: 5 | D69: 10 | E69: 6 | F69: 0 | G69: 0 | H69: =SUM(B69:G69) -> 22 | I69: 0 | J69: =H69+I69 -> 22 | K69: 6 | L69: 28 | M69: 51 | N69: =L69+M69 -> 79
A70: Universidad Interamericana de Puerto Rico-Bayamón | B70: 10 | C70: 20 | D70: 34 | E70: 14 | F70: 0 | G70: 0 | H70: =SUM(B70:G70) -> 78 | I70: 0 | J70: =H70+I70 -> 78 | K70: 1 | L70: 79 | M70: 95 | N70: =L70+M70 -> 174
A71: Universidad Interamericana de Puerto Rico-Derecho | B71: 12 | C71: 6 | D71: 1 | E71: 0 | F71: 0 | G71: 0 | H71: =SUM(B71:G71) -> 19 | I71: 0 | J71: =H71+I71 -> 19 | K71: 5 | L71: 24 | M71: 63 | N71: =L71+M71 -> 87
A72: Universidad Interamericana de Puerto Rico-Fajardo | B72: 2 | C72: 6 | D72: 15 | E72: 3 | F72: 0 | G72: 0 | H72: =SUM(B72:G72) -> 26 | I72: 0 | J72: =H72+I72 -> 26 | K72: 4 | L72: 30 | M72: 62 | N72: =L72+M72 -> 92
A73: Universidad Interamericana de Puerto Rico-Guayama | B73: 1 | C73: 4 | D73: 17 | E73: 12 | F73: 0 | G73: 0 | H73: =SUM(B73:G73) -> 34 | I73: 0 | J73: =H73+I73 -> 34 | K73: 6 | L73: 40 | M73: 84 | N73: =L73+M73 -> 124
A74: Universidad Interamericana de Puerto Rico-Metro | B74: 32 | C74: 51 | D74: 34 | E74: 6 | F74: 0 | G74: 0 | H74: =SUM(B74:G74) -> 123 | J74: =H74+I74 -> 123 | K74: 8 | L74: 131 | M74: 196 | N74: =L74+M74 -> 327
A75: Universidad Interamericana de Puerto Rico-Oficinas Centrales | B75: 0 | C75: 0 | D75: 0 | E75: 0 | F75: 0 | G75: 4 | H75: =SUM(B75:G75) -> 4 | I75: 0 | J75: =H75+I75 -> 4 | K75: 16 | L75: 20 | M75: 0 | N75: =L75+M75 -> 20
A76: Universidad Interamericana de Puerto Rico-Optometría | B76: 4 | C76: 1 | D76: 9 | E76: 0 | F76: 0 | G76: 0 | H76: =SUM(B76:G76) -> 14 | I76: 0 | J76: =H76+I76 -> 14 | K76: 7 | L76: 21 | M76: 7 | N76: =L76+M76 -> 28
A77: Universidad Interamericana de Puerto Rico-Ponce | B77: 13 | C77: 23 | D77: 33 | E77: 4 | F77: 0 | G77: 0 | H77: =SUM(B77:G77) -> 73 | I77: 0 | J77: =H77+I77 -> 73 | K77: 6 | L77: 79 | M77: 129 | N77: =L77+M77 -> 208
A78: Universidad Interamericana de Puerto Rico-San Germán | B78: 14 | C78: 23 | D78: 19 | E78: 7 | F78: 0 | G78: 0 | H78: =SUM(B78:G78) -> 63 | I78: 0 | J78: =H78+I78 -> 63 | K78: 9 | L78: 72 | M78: 148 | N78: =L78+M78 -> 220
A79: Universidad Politécnica de Puerto Rico | B79: 43 | C79: 77 | D79: 15 | E79: 4 | F79: 0 | G79: 0 | H79: =SUM(B79:G79) -> 139 | I79: 0 | J79: =H79+I79 -> 139 | K79: 0 | L79: 139 | M79: 82 | N79: =L79+M79 -> 221
A80: Total sector privado sin fines de lucro | B80: =SUM(B32:B79) -> 425 | C80: =SUM(C32:C79) -> 419 | D80: =SUM(D32:D79) -> 625 | E80: =SUM(E32:E79) -> 388 | F80: =SUM(F32:F79) -> 0 | G80: =SUM(G32:G79) -> 81 | H80: =SUM(H32:H79) -> 1938 | I80: =SUM(I32:I79) -> 11 | ... N80: =SUM(N32:N79) -> 5574
A81: Sector privado con fines de lucro
A82: CEM College-Bayamón | B82: 0 | C82: 0 | D82: 0 | E82: 0 | F82: 0 | G82: 0 | H82: =SUM(B82:G82) -> 0 | I82: 0 | J82: =H82+I82 -> 0 | K82: 0 | L82: 0 | M82: 0 | N82: =L82+M82 -> 0
A83: CEM College-Humacao | B83: 2 | C83: 0 | D83: 0 | E83: 0 | F83: 0 | G83: 0 | H83: =SUM(B83:G83) -> 2 | I83: 0 | J83: =H83+I83 -> 2 | K83: 0 | L83: 2 | M83: 17 | N83: =L83+M83 -> 19
A84: CEM College-Mayagüez | B84: 0 | C84: 0 | D84: 0 | E84: 0 | F84: 0 | G84: 0 | H84: =SUM(B84:G84) -> 0 | I84: 0 | J84: =H84+I84 -> 0 | K84: 0 | L84: 0 | M84: 0 | N84: =L84+M84 -> 0
A85: CEM College-San Juan | B85: 0 | C85: 0 | D85: 0 | E85: 0 | F85: 0 | G85: 0 | H85: =SUM(B85:G85) -> 0 | I85: 0 | J85: =H85+I85 -> 0 | K85: 0 | L85: 0 | M85: 46 | N85: =L85+M85 -> 46
A86: Colegio de Cinematografía Artes y Televisión | B86: 10 | C86: 0 | D86: 0 | E86: 0 | F86: 0 | G86: 0 | H86: =SUM(B86:G86) -> 10 | I86: 2 | J86: =H86+I86 -> 12 | K86: 0 | L86: 12 | M86: 50 | N86: =L86+M86 -> 62
A87: Columbia Central University-Caguas | B87: 31 | C87: 0 | D87: 0 | E87: 0 | F87: 0 | G87: 0 | H87: =SUM(B87:G87) -> 31 | I87: 19 | J87: =H87+I87 -> 50 | K87: 0 | L87: 50 | M87: 29 | N87: =L87+M87 -> 79
A88: Huertas College | B88: 11 | C88: 0 | D88: 0 | E88: 0 | F88: 0 | G88: 0 | H88: =SUM(B88:G88) -> 11 | I88: 0 | J88: =H88+I88 -> 11 | K88: 0 | L88: 11 | M88: 86 | N88: =L88+M88 -> 97
A89: ICPR Junior College-Arecibo | B89: 0 | C89: 0 | D89: 0 | E89: 11 | F89: 0 | G89: 0 | H89: =SUM(B89:G89) -> 11 | I89: 0 | J89: =H89+I89 -> 11 | K89: 0 | L89: 11 | M89: 0 | N89: =L89+M89 -> 11
A90: ICPR Junior College-Hato Rey | B90: 0 | C90: 0 | D90: 0 | E90: 17 | F90: 0 | G90: 0 | H90: =SUM(B90:G90) -> 17 | I90: 0 | J90: =H90+I90 -> 17 | K90: 0 | L90: 17 | M90: 46 | N90: =L90+M90 -> 63
A91: ICPR Junior College-Manatí | B91: 0 | C91: 0 | D91: 0 | E91: 18 | F91: 0 | G91: 0 | H91: =SUM(B91:G91) -> 18 | I91: 0 | J91: =H91+I91 -> 18 | K91: 0 | L91: 18 | M91: 0 | N91: =L91+M91 -> 18
A92: ICPR Junior College-Mayagüez | B92: 0 | C92: 0 | D92: 0 | E92: 14 | F92: 0 | G92: 0 | H92: =SUM(B92:G92) -> 14 | I92: 0 | J92: =H92+I92 -> 14 | K92: 0 | L92: 14 | M92: 24 | N92: =L92+M92 -> 38
A93: Mech-Tech College | B93: 18 | C93: 0 | D93: 0 | E93: 50 | F93: 0 | G93: 0 | H93: =SUM(B93:G93) -> 68 | I93: 0 | J93: =H93+I93 -> 68 | K93: 0 | L93: 68 | M93: 114 | N93: =L93+M93 -> 182
... A98: Professional University Dr. Carlos J. Borrero Ríos | B98: 0 | C98: 0 | D98: 0 | E98: 0 | F98: 0 | G98: 0 | H98: =SUM(B98:G98) -> 0 | I98: 0 | J98: =H98+I98 -> 0 | K98: 1 | L98: 1 | M98: 0 | N98: =L98+M98 -> 1
A99: Total sector privado con fines de lucro | B99: =SUM(B82:B98) -> 116 | C99: =SUM(C82:C98) -> 83 | D99: =SUM(D82:D98) -> 50 | E99: =SUM(E82:E98) -> 339 | F99: =SUM(F82:F98) -> 0 | G99: =SUM(G82:G98) -> 0 | H99: =SUM(H82:H98) -> 588 | I99: =SUM(I82:I98) -> 21 | ... N99: =SUM(N82:N98) -> 2919
A100: Gran total | B100: =SUM(B30+B80+B99) -> 1883 | C100: =C30+C80+C99 -> 925 | D100: =D30+D80+D99 -> 1293 | E100: =E30+E80+E99 -> 1010 | F100: =F30+F80+F99 -> 0 | G100: =G30+G80+G99 -> 156 | H100: =H30+H80+H99 -> 5267 | I100: =I30+I80+I99 -> 52 | J100: =J30+J80+J99 -> 5319 | ... N100: =N30+N80+N99 -> 12905
A102: Fuente: Integrated Postsecondary Education Data System (IPEDS), Human Resources.
A103: 1Otros - Facultad a tiempo completo no distribuida por rango cuya función principal es la enseñanza, independientemente del título, rango académico o tipo de contrato. También se incluyen investigadores y personal de servicio público (ejem.: clínicas, extensión agricola, educación continua) de acuerdo a las definiciones de IPEDS.

Sheet Tabla 9
A1: Gobierno de Puerto Rico
A2: Departamento de Estado
A3: Junta de Instituciones Postsecundarias
A5: Compendio Estadístico sobre la Educación Superior de Puerto Rico
A6: Año académico 2023-2024
A8: Tabla 9. Tasas de graduación (IPEDS Graduation Rate) en las instituciones de educación superior en Puerto Rico
A9: Instituciones de educación superior de Puerto Rico por sector que ofrecen programas de dos y de cuatro años
A11: Sector público
A12: Institución | B12: Cohorte 2017 | C12: Graduados en el 150% | D12: Tasa de graduación | E12: Transferencias reportadas | F12: Tasa de graduación con transferencias | G12: Tasa de graduación adjutada sin transferencia* | H12: Continúan matrículados a la fecha de la encuesta
A13: Instituciones de 4 años
A14: Colegio Universitario de San Juan | B14: 239 | C14: 72 | D14: =C14/B14 -> 0.30125523 | E14: 24 | F14: =SUM(C14,E14)/B14 -> 0.40167364 | G14: =C14/(B14-E14) -> 0.33488372 | H14: 7
A15: Conservatorio de Música de Puerto Rico | B15: 21 | C15: 12 | D15: =C15/B15 -> 0.57142857 | E15: 9 | F15: =SUM(C15,E15)/B15 -> 1 | G15: =C15/(B15-E15) -> 1 | H15: 0
A16: Escuela de Artes Plásticas de Puerto Rico | B16: 69 | C16: 31 | D16: =C16/B16 -> 0.44927536 | E16: 12 | F16: =SUM(C16,E16)/B16 -> 0.62318841 | G16: =C16/(B16-E16) -> 0.54385965 | H16: 7
A17: Universidad de Puerto Rico-Aguadilla | B17: 875 | C17: 417 | D17: =C17/B17 -> 0.47657143 | E17: 35 | F17: =SUM(C17,E17)/B17 -> 0.51657143 | G17: =C17/(B17-E17) -> 0.49642857 | H17: 25
A18: Universidad de Puerto Rico-Arecibo | B18: 730 | C18: 370 | D18: =C18/B18 -> 0.50684932 | E18: 39 | F18: =SUM(C18,E18)/B18 -> 0.56027397 | G18: =C18/(B18-E18) -> 0.53545586 | H18: 32
A19: Universidad de Puerto Rico-Bayamón | B19: 955 | C19: 300 | D19: =C19/B19 -> 0.31413613 | E19: 42 | F19: =SUM(C19,E19)/B19 -> 0.35811518 | G19: =C19/(B19-E19) -> 0.32858708 | H19: 70
A20: Universidad de Puerto Rico-Carolina | B20: 778 | C20: 313 | D20: =C20/B20 -> 0.40231362 | E20: 153 | F20: =SUM(C20,E20)/B20 -> 0.59897172 | G20: =C20/(B20-E20) -> 0.5008 | H20: 17
A21: Universidad de Puerto Rico-Cayey | B21: 685 | C21: 333 | D21: =C21/B21 -> 0.48613139 | E21: 0 | F21: =SUM(C21,E21)/B21 -> 0.48613139 | G21: =C21/(B21-E21) -> 0.48613139 | H21: 47
A22: Universidad de Puerto Rico-Cs. Médicas1 | B22: n/a | C22: n/a | D22: n/a | E22: n/a | F22: n/a | G22: n/a | H22: n/a
A23: Universidad de Puerto Rico-Humacao | B23: 665 | C23: 352 | D23: =C23/B23 -> 0.52932331 | E23: 33 | F23: =SUM(C23,E23)/B23 -> 0.57894737 | G23: =C23/(B23-E23) -> 0.55696203 | H23: 32
A24: Universidad de Puerto Rico-Mayagüez | B24: 2285 | C24: 1073 | D24: =C24/B24 -> 0.46958425 | E24: 0 | F24: =SUM(C24,E24)/B24 -> 0.46958425 | G24: =C24/(B24-E24) -> 0.46958425 | H24: 241
A25: Universidad de Puerto Rico-Ponce | B25: 605 | C25: 306 | D25: =C25/B25 -> 0.50578512 | E25: 43 | F25: =SUM(C25,E25)/B25 -> 0.5768595 | G25: =C25/(B25-E25) -> 0.54448399 | H25: 19
A26: Universidad de Puerto Rico-Río Piedras | B26: 2113 | C26: 1109 | D26: =C26/B26 -> 0.52484619 | E26: 0 | F26: =SUM(C26,E26)/B26 -> 0.52484619 | G26: =C26/(B26-E26) -> 0.52484619 | H26: 119
A27: Universidad de Puerto Rico-Utuado | B27: 411 | C27: 101 | D27: =C27/B27 -> 0.24574209 | E27: 26 | F27: =SUM(C27,E27)/B27 -> 0.30900243 | G27: =C27/(B27-E27) -> 0.26233766 | H27: 7
A30: Institución | B30: Cohorte 2020 | C30: Graduados en el 150% | D30: Tasa de graduación | E30: Transferencias reportadas | F30: Tasa de graduación con transferencias | G30: Tasa de graduación adjutada sin transferencia* | H30: Continúan matrículados a la fecha de la encuesta
A31: Instituciones de dos años
A32: Instituto Tecnológico de Puerto Rico-Guayama | B32: 83 | C32: 72 | D32: =C32/B32 -> 0.86746988 | E32: 0 | F32: =SUM(C32,E32)/B32 -> 0.86746988 | G32: =C32/(B32-E32) -> 0.86746988 | H32: 11
A33: Instituto Tecnológico de Puerto Rico-Manatí | B33: 187 | C33: 115 | D33: =C33/B33 -> 0.61497326 | E33: 0 | F33: =SUM(C33,E33)/B33 -> 0.61497326 | G33: =C33/(B33-E33) -> 0.61497326
A34: Instituto Tecnológico de Puerto Rico-San Juan | B34: 75 | C34: 41 | D34: =C34/B34 -> 0.54666667 | E34: 0 | F34: =SUM(C34,E34)/B34 -> 0.54666667 | G34: =C34/(B34-E34) -> 0.54666667 | H34: 5
A37: Sector privado sin fines de lucro
A38: Institución | B38: Cohorte 2017 | C38: Graduados en el 150% | D38: Tasa de graduación | E38: Transferencias reportadas | F38: Tasa de graduación con transferencias | G38: Tasa de graduación adjutada sin transferencia* | H38: Continúan matrículados a la fecha de la encuesta
A39: Instituciones de 4 años
A40: American University of Puerto Rico-Bayamón1 | B40: n/a | C40: n/a | D40: n/a | E40: n/a | F40: n/a | G40: n/a | H40: n/a
A41: American University of Puerto Rico-Manatí1 | B41: n/a | C41: n/a | D41: n/a | E41: n/a | F41: n/a | G41: n/a | H41: n/a
A42: Atenas College | B42: 162 | C42: 69 | D42: =C42/B42 -> 0.42592593 | E42: 1 | F42: =SUM(C42,E42)/B42 -> 0.43209877 | G42: =C42/(B42-E42) -> 0.42857143 | H42: 0
A43: Atlantic Univesity College | B43: 319 | C43: 114 | D43: =C43/B43 -> 0.35736677 | E43: 77 | F43: =SUM(C43,E43)/B43 -> 0.59874608 | G43: =C43/(B43-E43) -> 0.47107438 | H43: 16
A44: Caribbean University-Bayamón | B44: 109 | C44: 40 | D44: =C44/B44 -> 0.36697248 | E44: 6 | F44: =SUM(C44,E44)/B44 -> 0.42201835 | G44: =C44/(B44-E44) -> 0.38834951 | H44: 4
A45: Caribbean University-Carolina | B45: 25 | C45: 11 | D45: =C45/B45 -> 0.44 | E45: 0 | F45: =SUM(C45,E45)/B45 -> 0.44 | G45: =C45/(B45-E45) -> 0.44 | H45: 0
A46: Caribbean University-Ponce | B46: 36 | C46: 15 | D46: =C46/B46 -> 0.41666667 | E46: 0 | F46: =SUM(C46,E46)/B46 -> 0.41666667 | G46: =C46/(B46-E46) -> 0.41666667 | H46: 3
A47: Caribbean University-Vega Baja | B47: 16 | C47: 10 | D47: =C47/B47 -> 0.625 | E47: 0 | F47: =SUM(C47,E47)/B47 -> 0.625 | G47: =C47/(B47-E47) -> 0.625 | H47: 0
A48: Centro de Estudios Avanzados de PR y el Caribe1 | B48: n/a | C48: n/a | D48: n/a | E48: n/a | F48: n/a | G48: n/a | H48: n/a
A49: Dewey University-Carolina | B49: 71 | C49: 44 | D49: =C49/B49 -> 0.61971831 | E49: 2 | F49: =SUM(C49,E49)/B49 -> 0.64788732 | G49: =C49/(B49-E49) -> 0.63768116 | H49: 4
A50: Dewey University-Hato Rey | B50: 67 | C50: 35 | D50: =C50/B50 -> 0.52238806 | E50: 4 | F50: =SUM(C50,E50)/B50 -> 0.58208955 | G50: =C50/(B50-E50) -> 0.55555556 | H50: 2
A51: Dewey University-Juana Díaz | B51: 48 | C51: 34 | D51: =C51/B51 -> 0.70833333 | E51: 0 | F51: =SUM(C51,E51)/B51 -> 0.70833333 | G51: =C51/(B51-E51) -> 0.70833333 | H51: 2
A52: Dewey University-Manatí | B52: 70 | C52: 52 | D52: =C52/B52 -> 0.74285714 | E52: 0 | F52: =SUM(C52,E52)/B52 -> 0.74285714 | G52: =C52/(B52-E52) -> 0.74285714 | H52: 3
A53: EDP University of Puerto Rico Inc-San Juan | B53: 127 | C53: 30 | D53: =C53/B53 -> 0.23622047 | E53: 2 | F53: =SUM(C53,E53)/B53 -> 0.2519685 | G53: =C53/(B53-E53) -> 0.24 | H53: 6
A54: EDP University of Puerto Rico-Humacao1 | B54: n/a | C54: n/a | D54: n/a | E54: n/a | F54: n/a | G54: n/a | H54: n/a
A55: EDP University of Puerto Rico-Manati1 | B55: n/a | C55: n/a | D55: n/a | E55: n/a | F55: n/a | G55: n/a | H55: n/a
A56: EDP University of Puerto Rico-San Sebastián | B56: 110 | C56: 41 | D56: =C56/B56 -> 0.37272727 | E56: 0 | F56: =SUM(C56,E56)/B56 -> 0.37272727 | G56: =C56/(B56-E56) -> 0.37272727 | H56: 4
A57: EDP University of Puerto Rico-Villalba1 | B57: 22 | C57: 8 | D57: =C57/B57 -> 0.36363636 | E57: 0 | F57: =SUM(C57,E57)/B57 -> 0.36363636 | G57: =C57/(B57-E57) -> 0.36363636 | H57: 1
A58: Escuela de Medicina San Juan Bautista | B58: 9 | C58: 3 | D58: =C58/B58 -> 0.33333333 | E58: 0 | F58: =SUM(C58,E58)/B58 -> 0.33333333 | G58: =C58/(B58-E58) -> 0.33333333 | H58: 0
A59: Humacao Community College | B59: 71 | C59: 39 | D59: =C59/B59 -> 0.54929577 | E59: 0 | F59: =SUM(C59,E59)/B59 -> 0.54929577 | G59: =C59/(B59-E59) -> 0.54929577 | H59: 0
A60: Pontificia Universidad Católica de Puerto Rico-Arecibo | B60: 74 | C60: 29 | D60: =C60/B60 -> 0.39189189 | E60: 0 | F60: =SUM(C60,E60)/B60 -> 0.39189189 | G60: =C60/(B60-E60) -> 0.39189189 | H60: 9
A61: Pontificia Universidad Católica de Puerto Rico-Mayagüez | B61: 190 | C61: 80 | D61: =C61/B61 -> 0.42105263 | E61: 0 | F61: =SUM(C61,E61)/B61 -> 0.42105263 | G61: =C61/(B61-E61) -> 0.42105263 | H61: 19
A62: Pontificia Universidad Católica de Puerto Rico-Ponce | B62: 1164 | C62: 558 | D62: =C62/B62 -> 0.47938144 | E62: 0 | F62: =SUM(C62,E62)/B62 -> 0.47938144 | G62: =C62/(B62-E62) -> 0.47938144 | H62: 149
A63: Seminario Evangélico de Puerto Rico1 | B63: n/a | C63: n/a | D63: n/a | E63: n/a | F63: n/a | G63: n/a | H63: n/a
A64: Universal Technology College of Puerto Rico | B64: 277 | C64: 152 | D64: =C64/B64 -> 0.54873646 | E64: 4 | F64: =SUM(C64,E64)/B64 -> 0.5631769 | G64: =C64/(B64-E64) -> 0.55677656 | H64: 0
A65: Universidad Adventista de las Antillas | B65: 126 | C65: 58 | D65: =C65/B65 -> 0.46031746 | E65: 41 | F65: =SUM(C65,E65)/B65 -> 0.78571429 | G65: =C65/(B65-E65) -> 0.68235294 | H65: 4
A66: Universidad Ana G. Méndez-Carolina | B66: 1538 | C66: 560 | D66: =C66/B66 -> 0.36410923 | E66: 237 | F66: =SUM(C66,E66)/B66 -> 0.51820546 | G66: =C66/(B66-E66) -> 0.43043812 | H66: 50
A67: Universidad Ana G. Méndez-Cupey | B67: 1848 | C67: 575 | D67: =C67/B67 -> 0.31114719 | E67: 362 | F67: =SUM(C67,E67)/B67 -> 0.50703463 | G67: =C67/(B67-E67) -> 0.38694482 | H67: 74
A68: Universidad Ana G. Méndez-Gurabo | B68: 2294 | C68: 693 | D68: =C68/B68 -> 0.30209241 | E68: 463 | F68: =SUM(C68,E68)/B68 -> 0.50392328 | G68: =C68/(B68-E68) -> 0.3784817 | H68: 125
A69: Universidad Carlos Albizu - San Juan | B69: 100 | C69: 69 | D69: =C69/B69 -> 0.69 | E69: 0 | F69: =SUM(C69,E69)/B69 -> 0.69 | G69: =C69/(B69-E69) -> 0.69 | H69: 0
A70: Universidad Central de Bayamón | B70: 256 | C70: 97 | D70: =C70/B70 -> 0.37890625 | E70: 42 | F70: =SUM(C70,E70)/B70 -> 0.54296875 | G70: =C70/(B70-E70) -> 0.45327103 | H70: 8
A71: Universidad Central Del Caribe | B71: 22 | C71: 13 | D71: =C71/B71 -> 0.59090909 | E71: 0 | F71: =SUM(C71,E71)/B71 -> 0.59090909 | G71: =C71/(B71-E71) -> 0.59090909 | H71: 0
A72: Universidad del Sagrado Corazón | B72: 766 | C72: 334 | D72: =C72/B72 -> 0.43603133 | E72: 195 | F72: =SUM(C72,E72)/B72 -> 0.69060052 | G72: =C72/(B72-E72) -> 0.5849387 | H72: 41
A73: Universidad Interamericana de Puerto Rico-Aguadilla | B73: 806 | C73: 312 | D73: =C73/B73 -> 0.38709677 | E73: 6 | F73: =SUM(C73,E73)/B73 -> 0.39454094 | G73: =C73/(B73-E73) -> 0.39 | H73: 47
A74: Universidad Interamericana de Puerto Rico-Arecibo | B74: 899 | C74: 318 | D74: =C74/B74 -> 0.35372636 | E74: 11 | F74: =SUM(C74,E74)/B74 -> 0.36596218 | G74: =C74/(B74-E74) -> 0.35810811 | H74: 40
A75: Universidad Interamericana de Puerto Rico-Barranquitas | B75: 430 | C75: 165 | D75: =C75/B75 -> 0.38372093 | E75: 5 | F75: =SUM(C75,E75)/B75 -> 0.39534884 | G75: =C75/(B75-E75) -> 0.38823529 | H75: 8
A76: Universidad Interamericana de Puerto Rico-Bayamón | B76: 1024 | C76: 338 | D76: =C76/B76 -> 0.33007812 | E76: 10 | F76: =SUM(C76,E76)/B76 -> 0.33984375 | G76: =C76/(B76-E76) -> 0.33333333 | H76: 77
A77: Universidad Interamericana de Puerto Rico-Derecho1 | B77: n/a | C77: n/a | D77: n/a | E77: n/a | F77: n/a | G77: n/a | H77: n/a
A78: Universidad Interamericana de Puerto Rico-Fajardo | B78: 414 | C78: 136 | D78: =C78/B78 -> 0.32850242 | E78: 2 | F78: =SUM(C78,E78)/B78 -> 0.33333333 | G78: =C78/(B78-E78) -> 0.33009709 | H78: 22
A79: Universidad Interamericana de Puerto Rico-Guayama | B79: 282 | C79: 111 | D79: =C79/B79 -> 0.39361702 | E79: 4 | F79: =SUM(C79,E79)/B79 -> 0.40780142 | G79: =C79/(B79-E79) -> 0.39928058 | H79: 4
A80: Universidad Interamericana de Puerto Rico-Metro | B80: 712 | C80: 225 | D80: =C80/B80 -> 0.31601124 | E80: 7 | F80: =SUM(C80,E80)/B80 -> 0.3258427 | G80: =C80/(B80-E80) -> 0.31914894 | H80: 29
A81: Universidad Interamericana de Puerto Rico-Optometría1 | B81: n/a | C81: n/a | D81: n/a | E81: n/a | F81: n/a | G81: n/a | H81: n/a
A82: Universidad Interamericana de Puerto Rico-Ponce | B82: 972 | C82: 419 | D82: =C82/B82 -> 0.43106996 | E82: 10 | F82: =SUM(C82,E82)/B82 -> 0.44135802 | G82: =C82/(B82-E82) -> 0.43555094 | H82: 44
A83: Universidad Interamericana de Puerto Rico-San Germán | B83: 962 | C83: 411 | D83: =C83/B83 -> 0.42723493 | E83: 10 | F83: =SUM(C83,E83)/B83 -> 0.43762994 | G83: =C83/(B83-E83) -> 0.43172269 | H83: 43
A84: Universidad Politécnica de Puerto Rico | B84: 505 | C84: 119 | D84: =C84/B84 -> 0.23564356 | E84: 38 | F84: =SUM(C84,E84)/B84 -> 0.31089109 | G84: =C84/(B84-E84) -> 0.25481799 | H84: 88
A87: Sector privado con fines de lucro
A88: Institución | B88: Cohorte 2017 | C88: Graduados en el 150% | D88: Tasa de graduación | E88: Transferencias reportadas | F88: Tasa de graduación con transferencias | G88: Tasa de graduación adjutada sin transferencia* | H88: Continúan matrículados a la fecha de la encuesta
A89: Instituciones de 4 años
A90: CEM College-Bayamón | B90: n/a | C90: n/a | D90: n/a | E90: n/a | F90: n/a | G90: n/a | H90: n/a
A91: CEM College-Humacao | B91: 50 | C91: 22 | D91: =C91/B91 -> 0.44 | E91: 9 | F91: =SUM(C91,E91)/B91 -> 0.62 | G91: =C91/(B91-E91) -> 0.53658537
A92: CEM College-San Juan | B92: 89 | C92: 23 | D92: =C92/B92 -> 0.25842697 | E92: 23 | F92: =SUM(C92,E92)/B92 -> 0.51685393 | G92: =C92/(B92-E92) -> 0.34848485 | H92: 0
A93: Columbia Central University-Caguas | B93: 479 | C93: 258 | D93: =C93/B93 -> 0.53862213 | E93: 2 | F93: =SUM(C93,E93)/B93 -> 0.54279749 | G93: =C93/(B93-E93) -> 0.5408805 | H93: 0
A94: Huertas College | B94: 148 | C94: 86 | D94: =C94/B94 -> 0.58108108 | E94: 7 | F94: =SUM(C94,E94)/B94 -> 0.62837838 | G94: =C94/(B94-E94) -> 0.60992908 | H94: 0
A95: NUC University | B95: 3485 | C95: 1958 | D95: =C95/B95 -> 0.56183644 | E95: 12 | F95: =SUM(C95,E95)/B95 -> 0.56527977 | G95: =C95/(B95-E95) -> 0.56377771 | H95: 2
A96: Ponce Health Sciences University1 | B96: n/a | C96: n/a | D96: n/a | E96: n/a | F96: n/a | G96: n/a | H96: n/a
A97: Ponce Health Sciences University-East1 | B97: 9 | C97: 7 | D97: =C97/B97 -> 0.77777778 | E97: 0 | F97: =SUM(C97,E97)/B97 -> 0.77777778 | G97: =C97/(B97-E97) -> 0.77777778 | H97: n/a
A98: Ponce Health Sciences University-San Juan1 | B98: n/a | C98: n/a | D98: n/a | E98: n/a | F98: n/a | G98: n/a | H98: n/a
A99: Professional University Dr. Carlos J. Borrero Rios**1 | B99: n/a | C99: n/a | D99: n/a | E99: n/a | F99: n/a | G99: n/a | H99: n/a
A102: Institución | B102: Cohorte 2020 | C102: Graduados en el 150% | D102: Tasa de graduación | E102: Transferencias reportadas | F102: Tasa de graduación con transferencias | G102: Tasa de graduación adjutada sin transferencia* | H102: Continúan matrículados a la fecha de la encuesta
A103: Instituciones de 2 años
A104: Colegio de Cinematografía Artes y Televisión | B104: 100 | C104: 35 | D104: =C104/B104 -> 0.35 | E104: 0 | F104: =SUM(C104,E104)/B104 -> 0.35 | G104: =C104/(B104-E104) -> 0.35 | H104: 1
A105: ICPR Junior College-Arecibo | B105: 42 | C105: 16 | D105: =C105/B105 -> 0.38095238 | E105: 8 | F105: =SUM(C105,E105)/B105 -> 0.57142857 | G105: =C105/(B105-E105) -> 0.47058824 | H105: 0
A106: ICPR Junior College-Hato Rey | B106: 59 | C106: 30 | D106: =C106/B106 -> 0.50847458 | E106: 5 | F106: =SUM(C106,E106)/B106 -> 0.59322034 | G106: =C106/(B106-E106) -> 0.55555556 | H106: 1
A107: ICPR Junior College-Manatí | B107: 46 | C107: 26 | D107: =C107/B107 -> 0.56521739 | E107: 3 | F107: =SUM(C107,E107)/B107 -> 0.63043478 | G107: =C107/(B107-E107) -> 0.60465116 | H107: 1
A108: ICPR Junior College-Mayagüez | B108: 74 | C108: 33 | D108: =C108/B108 -> 0.44594595 | E108: 10 | F108: =SUM(C108,E108)/B108 -> 0.58108108 | G108: =C108/(B108-E108) -> 0.515625 | H108: 1
A109: Mech-Tech College | B109: 686 | C109: 428 | D109: =C109/B109 -> 0.62390671 | E109: 0 | F109: =SUM(C109,E109)/B109 -> 0.62390671 | G109: =C109/(B109-E109) -> 0.62390671 | H109: 1
A111: n/a - No aplica.
A112: 1Instituciones que no reciben estudiantes en su primer año de estudios o solo ofrecen programas graduados por lo que no tienen que completar el formulario Graduation Rate.
...

Sheet Tabla 10
A1: Gobierno de Puerto Rico
A2: Departamento de Estado
A3: Junta de Instituciones Postsecundarias
A5: Compendio Estadístico sobre la Educación Superior de Puerto Rico
A6: Año académico 2023-2024
A8: Tabla 10. Tasas de Retención de estudiantes de primer año que continuaron sus estudios a segundo año distribuidos por tarea y sector
A9: en las instituciones de educación superior en Puerto Rico
A10: Institucion/sector | B10: Tiempo completo | F10: Tiempo parcial
B11: Cohorte 2022 | C11: Cohorte Ajustado 2022 | D11: De la cohorte 2022, matrículados 2023 | E11: Porciento de retención | F11: Cohorte 2022 | G11: Cohorte Ajustado 2022 | H11: De la cohorte 2022, matrículados 2023 | I11: Porciento de retención
A12: Sector público
A13: Colegio Universitario de San Juan | B13: 17 | C13: 17 | D13: 13 | E13: 76 | F13: 2 | G13: 2 | H13: 1 | I13: 50
A14: Conservatorio de Música de Puerto Rico | B14: 8 | C14: 8 | D14: 8 | E14: 100 | F14: 39 | G14: 39 | H14: 30 | I14: 77
A15: Escuela de Artes Plásticas de Puerto Rico | B15: 75 | C15: 75 | D15: 57 | E15: 76 | F15: 3 | G15: 3 | H15: 2 | I15: 67
A16: Instituto Tecnológico de Puerto Rico-Guayama | B16: 130 | C16: 130 | D16: 93 | E16: 72 | F16: 0 | G16: 0 | H16: 0 | I16: 0
A17: Instituto Tecnológico de Puerto Rico-Manatí | B17: 154 | C17: 154 | D17: 130 | E17: 84 | F17: 21 | G17: 21 | H17: 20 | I17: 95
A18: Instituto Tecnológico de Puerto Rico-San Juan | B18: 47 | C18: 47 | D18: 25 | E18: 53 | F18: 6 | G18: 6 | H18: 1 | I18: 17
A19: Universidad de Puerto Rico-Aguadilla | B19: 377 | C19: 377 | D19: 285 | E19: 76 | F19: 0 | G19: 0 | H19: 0 | I19: 0
A20: Universidad de Puerto Rico-Arecibo | B20: 560 | C20: 560 | D20: 441 | E20: 79 | F20: 0 | G20: 0 | H20: 0 | I20: 0
A21: Universidad de Puerto Rico-Bayamón | B21: 492 | C21: 492 | D21: 386 | E21: 78 | F21: 1 | G21: 1 | H21: 1 | I21: 100
A22: Universidad de Puerto Rico-Carolina | B22: 557 | C22: 557 | D22: 422 | E22: 76 | F22: 0 | G22: 0 | H22: 0 | I22: 0
A23: Universidad de Puerto Rico-Cayey | B23: 482 | C23: 482 | D23: 380 | E23: 79 | F23: 1 | G23: 1 | H23: 1 | I23: 100
A24: Universidad de Puerto Rico-Cs. Médicas | B24: n/a | C24: n/a | D24: n/a | E24: n/a | F24: n/a | G24: n/a | H24: n/a | I24: n/a
A25: Universidad de Puerto Rico-Humacao | B25: 508 | C25: 508 | D25: 380 | E25: 75 | F25: 4 | G25: 4 | H25: 1 | I25: 25
A26: Universidad de Puerto Rico-Mayagüez | B26: 1666 | C26: 1666 | D26: 1403 | E26: 84 | F26: 1 | G26: 1 | H26: 1 | I26: 100
A27: Universidad de Puerto Rico-Ponce | B27: 411 | C27: 411 | D27: 330 | E27: 80 | F27: 0 | G27: 0 | H27: 0 | I27: 0
A28: Universidad de Puerto Rico-Río Piedras | B28: 1743 | C28: 1743 | D28: 1392 | E28: 80 | F28: 6 | G28: 6 | H28: 1 | I28: 17
A29: Universidad de Puerto Rico-Utuado | B29: 25 | C29: 25 | D29: 15 | E29: 60 | F29: 0 | G29: 0 | H29: 0 | I29: 0
A31: Sector privado sin fines de lucro
A32: American University of Puerto Rico-Bayamón | B32: n/a | C32: n/a | D32: n/a | E32: n/a | F32: n/a | G32: n/a | H32: n/a | I32: n/a
A33: American University of Puerto Rico-Manatí | B33: n/a | C33: n/a | D33: n/a | E33: n/a | F33: n/a | G33: n/a | H33: n/a | I33: n/a
A34: Atenas College | B34: 25 | C34: 25 | D34: 19 | E34: 76 | F34: 2 | G34: 2 | H34: 1 | I34: 50
A35: Atlantic Univesity College | B35: 335 | C35: 334 | D35: 244 | E35: 73 | F35: 3 | G35: 3 | H35: 2 | I35: 67
A36: Caribbean University-Bayamón | B36: 72 | C36: 72 | D36: 47 | E36: 65 | F36: 1 | G36: 1 | H36: 1 | I36: 100
A37: Caribbean University-Carolina | B37: 7 | C37: 7 | D37: 4 | E37: 57 | F37: 0 | G37: 0 | H37: 0 | I37: 0
A38: Caribbean University-Ponce | B38: 28 | C38: 28 | D38: 14 | E38: 50 | F38: 0 | G38: 0 | H38: 0 | I38: 0
A39: Caribbean University-Vega Baja | B39: 16 | C39: 16 | D39: 11 | E39: 69 | F39: 1 | G39: 1 | H39: 0 | I39: 0
A40: Centro de Estudios Avanzados de PR y el Caribe | B40: n/a | C40: n/a | D40: n/a | E40: n/a | F40: n/a | G40: n/a | H40: n/a | I40: n/a
A41: Dewey University-Carolina | B41: 31 | C41: 31 | D41: 19 | E41: 61 | F41: 15 | G41: 15 | H41: 9 | I41: 60
A42: Dewey University-Hato Rey | B42: 28 | C42: 28 | D42: 17 | E42: 61 | F42: 10 | G42: 10 | H42: 7 | I42: 70
A43: Dewey University-Juana Díaz | B43: 26 | C43: 26 | D43: 16 | E43: 62 | F43: 9 | G43: 9 | H43: 5 | I43: 56
A44: Dewey University-Manatí | B44: 21 | C44: 21 | D44: 14 | E44: 67 | F44: 12 | G44: 12 | H44: 7 | I44: 58
A45: EDP University of Puerto Rico Inc-San Juan | B45: 22 | C45: 22 | D45: 19 | E45: 86 | F45: 5 | G45: 5 | H45: 1 | I45: 20
A46: EDP University of Puerto Rico-Humacao | B46: 0 | C46: 0 | D46: 0 | E46: 0 | F46: 0 | G46: 0 | H46: 0 | I46: 0
A47: EDP University of Puerto Rico-Manati | B47: 0 | C47: 0 | D47: 0 | E47: 0 | F47: 0 | G47: 0 | H47: 0 | I47: 0
A48: EDP University of Puerto Rico-San Sebastián | B48: 22 | C48: 22 | D48: 16 | E48: 73 | F48: 4 | G48: 4 | H48: 1 | I48: 25
A49: EDP University of Puerto Rico-Villalba | B49: 0 | C49: 0 | D49: 0 | E49: 0 | F49: 1 | G49: 1 | H49: 1 | I49: 100
A50: Escuela de Medicina San Juan Bautista | B50: 16 | C50: 16 | D50: 10 | E50: 63 | F50: 0 | G50: 0 | H50: 0 | I50: 0
A51: Humacao Community College | B51: 2 | C51: 2 | D51: 0 | E51: 0 | F51: 0 | G51: 0 | H51: 0 | I51: 0
A52: Pontificia Universidad Católica de Puerto Rico-Arecibo | B52: 34 | C52: 34 | D52: 28 | E52: 82 | F52: 0 | G52: 0 | H52: 0 | I52: 0
... A54: Pontificia Universidad Católica de Puerto Rico-Ponce | B54: 731 | C54: 731 | D54: 577 | E54: 79 | F54: 2 | G54: 2 | H54: 0 | I54: 0
A55: Seminario Evangélico de Puerto Rico | B55: n/a | C55: n/a | D55: n/a | E55: n/a | F55: n/a | G55: n/a | H55: n/a | I55: n/a
A56: Universal Technology College of Puerto Rico | B56: 1 | C56: 1 | D56: 1 | E56: 100 | F56: 0 | G56: 0 | H56: 0 | I56: 0
A57: Universidad Adventista de las Antillas | B57: 88 | C57: 88 | D57: 67 | E57: 76 | F57: 5 | G57: 5 | H57: 1 | I57: 20
A58: Universidad Ana G. Méndez-Carolina | B58: 462 | C58: 462 | D58: 323 | E58: 70 | F58: 52 | G58: 52 | H58: 8 | I58: 15
A59: Universidad Ana G. Méndez-Cupey | B59: 459 | C59: 459 | D59: 323 | E59: 70 | F59: 48 | G59: 48 | H59: 20 | I59: 42
A60: Universidad Ana G. Méndez-Gurabo | B60: 941 | C60: 941 | D60: 707 | E60: 75 | F60: 59 | G60: 59 | H60: 11 | I60: 19
A61: Universidad Carlos Albizu - San Juan | B61: 149 | C61: 149 | D61: 118 | E61: 79 | F61: 4 | G61: 4 | H61: 0 | I61: 0
A62: Universidad Central de Bayamón | B62: 69 | C62: 69 | D62: 55 | E62: 80 | F62: 7 | G62: 7 | H62: 3 | I62: 43
A63: Universidad Central Del Caribe | B63: 14 | C63: 13 | D63: 11 | E63: 85 | F63: 0 | G63: 0 | H63: 0 | I63: 0
A64: Universidad del Sagrado Corazón | B64: 813 | C64: 813 | D64: 643 | E64: 79 | F64: 37 | G64: 37 | H64: 27 | I64: 73
A65: Universidad Interamericana de Puerto Rico-Aguadilla | B65: 409 | C65: 409 | D65: 305 | E65: 75 | F65: 22 | G65: 22 | H65: 6 | I65: 27
A66: Universidad Interamericana de Puerto Rico-Arecibo | B66: 328 | C66: 328 | D66: 246 | E66: 75 | F66: 7 | G66: 7 | H66: 2 | I66: 29
A67: Universidad Interamericana de Puerto Rico-Barranquitas | B67: 151 | C67: 151 | D67: 117 | E67: 77 | F67: 1 | G67: 1 | H67: 0 | I67: 0
A68: Universidad Interamericana de Puerto Rico-Bayamón | B68: 663 | C68: 663 | D68: 474 | E68: 71 | F68: 7 | G68: 7 | H68: 1 | I68: 14
A69: Universidad Interamericana de Puerto Rico-Derecho | B69: n/a | C69: n/a | D69: n/a | E69: n/a | F69: n/a | G69: n/a | H69: n/a | I69: n/a
A70: Universidad Interamericana de Puerto Rico-Fajardo | B70: 162 | C70: 162 | D70: 112 | E70: 69 | F70: 11 | G70: 11 | H70: 3 | I70: 27
A71: Universidad Interamericana de Puerto Rico-Guayama | B71: 160 | C71: 160 | D71: 129 | E71: 81 | F71: 3 | G71: 3 | H71: 0 | I71: 0
A72: Universidad Interamericana de Puerto Rico-Metro | B72: 392 | C72: 392 | D72: 286 | E72: 73 | F72: 20 | G72: 20 | H72: 9 | I72: 45
A73: Universidad Interamericana de Puerto Rico-Optometría | B73: n/a | C73: n/a | D73: n/a | E73: n/a | F73: n/a | G73: n/a | H73: n/a | I73: n/a
A74: Universidad Interamericana de Puerto Rico-Ponce | B74: 280 | C74: 280 | D74: 214 | E74: 76 | F74: 7 | G74: 7 | H74: 3 | I74: 43
A75: Universidad Interamericana de Puerto Rico-San Germán | B75: 484 | C75: 484 | D75: 381 | E75: 79 | F75: 7 | G75: 7 | H75: 1 | I75: 14
A76: Universidad Politécnica de Puerto Rico | B76: 530 | C76: 530 | D76: 410 | E76: 77 | F76: 17 | G76: 18 | H76: 9 | I76: 50
A78: Sector privado con fines de lucro
A79: CEM College-Bayamón | B79: n/a | C79: n/a | D79: n/a | E79: n/a | F79: n/a | G79: n/a | H79: n/a | I79: n/a
A80: CEM College-Humacao | B80: 9 | C80: 9 | D80: 9 | E80: 100 | F80: 0 | G80: 0 | H80: 0 | I80: 0
A81: CEM College-San Juan | B81: 4 | C81: 4 | D81: 2 | E81: 50 | F81: 0 | G81: 0 | H81: 0 | I81: 0
A82: Colegio de Cinematografía Artes y Televisión | B82: 98 | C82: 98 | D82: 47 | E82: 48 | F82: 13 | G82: 13 | H82: 10 | I82: 77
A83: Columbia Central University-Caguas | B83: 48 | C83: 48 | D83: 22 | E83: 46 | F83: 0 | G83: 0 | H83: 0 | I83: 0
A84: Huertas College | B84: 6 | C84: 6 | D84: 3 | E84: 50 | F84: 0 | G84: 0 | H84: 0 | I84: 0
A85: ICPR Junior College-Arecibo | B85: 62 | C85: 62 | D85: 36 | E85: 58 | F85: 6 | G85: 6 | H85: 5 | I85: 83
A86: ICPR Junior College-Hato Rey | B86: 59 | C86: 59 | D86: 31 | E86: 53 | F86: 14 | G86: 14 | H86: 8 | I86: 57
A87: ICPR Junior College-Manatí | B87: 90 | C87: 90 | D87: 33 | E87: 37 | F87: 1 | G87: 1 | H87: 0 | I87: 0
A88: ICPR Junior College-Mayagüez | B88: 89 | C88: 89 | D88: 40 | E88: 45 | F88: 14 | G88: 14 | H88: 5 | I88: 36
A89: Mech-Tech College | B89: 880 | C89: 880 | D89: 701 | E89: 80 | F89: 3 | G89: 3 | H89: 1 | I89: 33
A90: NUC University | B90: 620 | C90: 620 | D90: 337 | E90: 54 | F90: 125 | G90: 125 | H90: 18 | I90: 14
A91: Ponce Health Sciences University | B91: n/a | C91: n/a | D91: n/a | E91: n/a | F91: n/a | G91: n/a | H91: n/a | I91: n/a
A92: Ponce Health Sciences University-East | B92: 20 | C92: 20 | D92: 17 | E92: 85 | F92: 0 | G92: 0 | H92: 0 | I92: 0
A93: Ponce Health Sciences University-San Juan | B93: n/a | C93: n/a | D93: n/a | E93: n/a | F93: n/a | G93: n/a | H93: n/a | I93: n/a
A94: Professional University Dr. Carlos J. Borrero Rios** | B94: n/a | C94: n/a | D94: n/a | E94: n/a | F94: n/a | G94: n/a | H94: n/a | I94: n/a
A96: Fuente: Integrated Postsecondary Education Data System (IPEDS), Fall Enrollment.
A97: Nota: El por ciento de retención se determina con base en los estudiantes de primer año matriculados en un programa conducente a grado y que continuaron sus estudios universitarios para el segundo año.
A98: n/a (No aplica) - No recibieron estudiantes en su primer año de estudios universitarios.
A99: **Cambio de nombre, antes Puerto Rico School of Nurse Anesthetists.

Sheet Tabla 11
A1: Gobierno de Puerto Rico
A2: Departamento de Estado
A3: Junta de Instituciones Postsecundarias
A5: Compendio Estadístico sobre la Educación Superior de Puerto Rico
A6: Año académico 2023-2024
A8: Tabla 11. Costo anual de matrícula en dólares de las instituciones de educación superior en Puerto Rico
A9: Sector/Institución | B9: Subgraduado | H9: Graduado
B10: En el Estado1 | E10: Fuera del Estado2 | H10: En el Estado1 | K10: Fuera del Estado2
B11: Tiempo Completo | D11: Tiempo Parcial | E11: Tiempo Completo | G11: Tiempo Parcial | H11: Tiempo Completo | J11: Tiempo Parcial | K11: Tiempo Completo | M11: Tiempo Parcial
B12: Costo promedio de matrícula | C12: Otros gastos de matrícula | D12: Costo por crédito | E12: Costo promedio de matrícula | F12: Otros gastos de matrícula | G12: Costo por crédito | H12: Costo promedio de matrícula | I12: Otros gastos de matrícula | J12: Costo por crédito | K12: Costo promedio de matrícula | L12: Otros gastos de matrícula | M12: Costo por crédito
A13: Sector público
A14: Colegio Universitario de San Juan | B14: 2040 | C14: 300 | D14: 85 | E14: 2040 | F14: 300 | G14: 85
A15: Conservatorio de Música de Puerto Rico | B15: 2520 | C15: 850 | D15: 105 | E15: 2520 | F15: 850 | G15: 105 | H15: 2160 | I15: 860 | J15: 180 | K15: 2160 | L15: 860 | M15: 180
A16: Escuela de Artes Plásticas de Puerto Rico | B16: 4300 | C16: 602 | D16: 150 | E16: 7900 | F16: 602 | G16: 300
A17: Instituto Tecnológico de Puerto Rico-Guayama | B17: 1500 | C17: 118 | D17: 75 | E17: 1500 | F17: 118 | G17: 75
A18: Instituto Tecnológico de Puerto Rico-Manatí | B18: 1500 | C18: 100 | D18: 75 | E18: 1500 | F18: 100 | G18: 75
A19: Instituto Tecnológico de Puerto Rico-San Juan | B19: 3607 | C19: 100 | D19: 75 | E19: 3607 | F19: 100 | G19: 75
A20: Universidad de Puerto Rico-Aguadilla | B20: 5024 | C20: 900 | D20: 157 | E20: 5024 | F20: 900 | G20: 157
A21: Universidad de Puerto Rico-Arecibo | B21: 5024 | C21: 300 | D21: 157 | E21: 5024 | F21: 300 | G21: 157 | H21: 3510 | I21: 600 | J21: 195 | K21: 3510 | L21: 600 | M21: 195
A22: Universidad de Puerto Rico-Bayamón | B22: 5954 | C22: 330 | D22: 157 | E22: 5954 | F22: 330 | G22: 157
A23: Universidad de Puerto Rico-Carolina | B23: 7536 | C23: 450 | D23: 157 | E23: 7536 | F23: 450 | G23: 157
A24: Universidad de Puerto Rico-Cayey | B24: 5024 | C24: 300 | D24: 157 | E24: 5024 | F24: 300 | G24: 157
A25: Universidad de Puerto Rico-Cs. Médicas | B25: 5652 | C25: 3293 | D25: 157 | E25: 5652 | F25: 3293 | G25: 157 | H25: 10440 | I25: 3820 | J25: 290 | K25: 10440 | L25: 3820 | M25: 290
A26: Universidad de Puerto Rico-Humacao | B26: 5024 | C26: 300 | D26: 157 | E26: 5024 | F26: 300 | G26: 157
A27: Universidad de Puerto Rico-Mayagüez | B27: 5024 | C27: 250 | D27: 157 | E27: 5024 | F27: 250 | G27: 157 | H27: 3600 | I27: 200 | J27: 200 | K27: 3600 | L27: 200 | M27: 200
A28: Universidad de Puerto Rico-Ponce | B28: 5024 | C28: 300 | D28: 157 | E28: 5024 | F28: 300 | G28: 157
A29: Universidad de Puerto Rico-Río Piedras | B29: 5024 | C29: 300 | D29: 157 | E29: 5024 | F29: 300 | G29: 157 | H29: 3870 | I29: 600 | J29: 215 | K29: 3870 | L29: 600 | M29: 215
A30: Universidad de Puerto Rico-Utuado | B30: 5024 | C30: 300 | D30: 157 | E30: 5024 | F30: 300 | G30: 157
A32: Sector privado sin fines de lucro
A33: American University of Puerto Rico-Bayamón* | B33: 5400 | C33: 1656 | D33: 225 | E33: 5400 | F33: 1656 | G33: 225 | H33: 6720 | I33: 260 | J33: 305 | K33: 6720 | L33: 260 | M33: 305
A34: American University of Puerto Rico-Manatí* | B34: 5400 | C34: 1656 | D34: 225 | E34: 5400 | F34: 1656 | G34: 225 | H34: 6720 | I34: 260 | J34: 305 | K34: 6720 | L34: 260 | M34: 305
A35: Atenas College | B35: 6763 | C35: 1599 | D35: 195 | E35: 6763 | F35: 1599 | G35: 195 | H35: 6000 | I35: 1495 | J35: 200 | K35: 6000 | L35: 1495 | M35: 200
A36: Atlantic Univesity College | B36: 6120 | C36: 2160 | D36: 170 | E36: 6120 | F36: 2160 | G36: 170 | H36: 3600 | I36: 2325 | J36: 200 | K36: 3600 | L36: 2325 | M36: 200
A37: Caribbean University-Bayamón | B37: 4742 | C37: 1190 | D37: 204 | E37: 4742 | F37: 1190 | G37: 204 | H37: 5200 | I37: 1150 | J37: 225 | K37: 5200 | L37: 1150 | M37: 225
A38: Caribbean University-Carolina | B38: 4385 | C38: 1190 | D38: 204 | E38: 4385 | F38: 1190 | G38: 204 | H38: 5200 | I38: 1150 | J38: 225 | K38: 5200 | L38: 1150 | M38: 225
A39: Caribbean University-Ponce | B39: 4385 | C39: 1190 | D39: 204 | E39: 4385 | F39: 1190 | G39: 204 | H39: 5200 | I39: 1150 | J39: 225 | K39: 5200 | L39: 1150 | M39: 225
A40: Caribbean University-Vega Baja | B40: 4742 | C40: 1190 | D40: 204 | E40: 4742 | F40: 1190 | G40: 204 | H40: 5200 | I40: 1150 | J40: 225 | K40: 5200 | L40: 1150 | M40: 225
A41: Centro de Estudios Avanzados de PR y el Caribe | H41: 2900 | I41: 235 | J41: 250 | K41: 2900 | L41: 235 | M41: 250
A42: Dewey University-Carolina | B42: 7080 | C42: 550 | D42: 180 | E42: 7080 | F42: 550 | G42: 180
A43: Dewey University-Hato Rey | B43: 6480 | C43: 765 | D43: 180 | E43: 6480 | F43: 765 | G43: 180 | H43: 5335 | I43: 895 | J43: 202 | K43: 5335 | L43: 895 | M43: 202
A44: Dewey University-Juana Díaz | B44: 7080 | C44: 550 | D44: 180 | E44: 7080 | F44: 550 | G44: 180 | H44: 5335 | I44: 700 | J44: 205 | K44: 5335 | L44: 700 | M44: 205
A45: Dewey University-Manatí | B45: 7080 | C45: 550 | D45: 180 | E45: 7080 | F45: 550 | G45: 180
A46: EDP University of Puerto Rico Inc-San Juan | B46: 5550 | C46: 1500 | D46: 185 | E46: 12025 | F46: 2100 | G46: 325 | H46: 6450 | I46: 1650 | J46: 215 | K46: 6450 | L46: 1650 | M46: 215
A47: EDP University of Puerto Rico-Humacao | B47: 5550 | C47: 1500 | D47: 185 | E47: 12025 | F47: 2100 | G47: 325
A48: EDP University of Puerto Rico-Manati | B48: 5550 | C48: 1500 | D48: 185 | E48: 12025 | F48: 2100 | G48: 325
A49: EDP University of Puerto Rico-San Sebastián | B49: 5550 | C49: 1500 | D49: 185 | E49: 12025 | F49: 2100 | G49: 325 | H49: 6450 | I49: 1650 | J49: 215 | K49: 6450 | L49: 1650 | M49: 215
A50: EDP University of Puerto Rico-Villalba | B50: 5550 | C50: 1500 | D50: 185 | E50: 12025 | F50: 2100 | G50: 325
A51: EDP University of Puerto Rico- Caguas | B51: 5550 | C51: 1500 | D51: 185 | E51: 12025 | F51: 2100 | G51: 325
A52: Escuela de Medicina San Juan Bautista | B52: 5535 | C52: 4154 | E52: 11531 | F52: 4154 | H52: 5800 | I52: 5617 | K52: 7250 | L52: 5617
A53: Humacao Community College | B53: 5292 | C53: 825 | D53: 147 | E53: 5292 | F53: 825 | G53: 147
A54: Pontificia Universidad Católica de Puerto Rico-Arecibo | B54: 5520 | C54: 718 | D54: 230 | E54: 5520 | F54: 718 | G54: 230 | H54: 5940 | I54: 935 | J54: 330 | K54: 5940 | L54: 935 | M54: 330
A55: Pontificia Universidad Católica de Puerto Rico-Mayagüez | B55: 5520 | C55: 718 | D55: 230 | E55: 5520 | F55: 718 | G55: 230 | H55: 5940 | I55: 935 | J55: 330 | K55: 5940 | L55: 935 | M55: 330
A56: Pontificia Universidad Católica de Puerto Rico-Ponce | B56: 5520 | C56: 820 | D56: 230 | E56: 5520 | F56: 820 | G56: 230 | H56: 5940 | I56: 971 | J56: 330 | K56: 5940 | L56: 971 | M56: 330
A57: Seminario Evangélico de Puerto Rico | H57: 4515 | I57: 650 | J57: 215 | K57: 4515 | L57: 650 | M57: 215
A58: Universal Technology College of Puerto Rico | B58: n/a | C58: n/a | D58: n/a | E58: n/a | F58: n/a | G58: n/a | H58: n/a | I58: n/a | J58: n/a | K58: n/a | L58: n/a | M58: n/a
A59: Universidad Adventista de las Antillas | B59: 6570 | C59: 1350 | D59: 200 | E59: 6570 | F59: 1350 | G59: 200 | H59: 2090 | I59: 1000 | J59: 225 | K59: 2090 | L59: 1000 | M59: 225
A60: Universidad Ana G. Méndez-Carolina | B60: 4920 | C60: 2000 | D60: 205 | E60: 4920 | F60: 2000 | G60: 205 | H60: 2652 | I60: 2000 | J60: 221 | K60: 2652 | L60: 2000 | M60: 221
A61: Universidad Ana G. Méndez-Cupey | B61: 4920 | C61: 2000 | D61: 205 | E61: 4920 | F61: 2000 | G61: 205 | H61: 2652 | I61: 2000 | J61: 221 | K61: 2652 | L61: 2000 | M61: 221
A62: Universidad Ana G. Méndez-Gurabo | B62: 4920 | C62: 2000 | D62: 205 | E62: 4920 | F62: 2000 | G62: 205 | H62: 2652 | I62: 2000 | J62: 221 | K62: 2652 | L62: 2000 | M62: 221
A63: Universidad Carlos Albizu - San Juan | B63: 6138 | C63: 1659 | D63: 186 | E63: 6138 | F63: 1659 | G63: 186 | H63: 6558 | I63: 2235 | J63: 304 | K63: 6558 | L63: 2235 | M63: 304
A64: Universidad Central de Bayamón | B64: 4776 | C64: 1210 | D64: 199 | E64: 4776 | F64: 1210 | G64: 199 | H64: 5292 | I64: 1210 | J64: 221 | K64: 5292 | L64: 1210 | M64: 221
A65: Universidad Central Del Caribe | B65: 5400 | C65: 1042 | D65: 180 | E65: 5405 | F65: 1146 | G65: 185 | H65: 5367 | I65: 2128 | K65: 5395 | L65: 2128
A66: Universidad del Sagrado Corazón | B66: 5040 | C66: 1320 | D66: 210 | E66: 5040 | F66: 1320 | G66: 210 | H66: 4680 | I66: 1425 | J66: 260 | K66: 4680 | L66: 1425 | M66: 260
A67: Universidad Interamericana de Puerto Rico-Aguadilla | B67: 4848 | C67: 694 | D67: 202 | E67: 4848 | F67: 694 | G67: 202 | H67: 4086 | I67: 705 | J67: 227 | K67: 4086 | L67: 705 | M67: 227
A68: Universidad Interamericana de Puerto Rico-Arecibo | B68: 4848 | C68: 732 | D68: 202 | E68: 4848 | F68: 732 | G68: 202 | H68: 4086 | I68: 744 | J68: 227 | K68: 4086 | L68: 744 | M68: 227
A69: Universidad Interamericana de Puerto Rico-Barranquitas | B69: 4848 | C69: 694 | D69: 202 | E69: 4848 | F69: 694 | G69: 202 | H69: 2724 | I69: 694 | J69: 227 | K69: 2724 | L69: 694 | M69: 227
A70: Universidad Interamericana de Puerto Rico-Bayamón | B70: 4848 | C70: 732 | D70: 202 | E70: 4848 | F70: 732 | G70: 202 | H70: 4086 | I70: 744 | J70: 227 | K70: 4086 | L70: 744 | M70: 227
A71: Universidad Interamericana de Puerto Rico-Derecho | H71: 15600 | I71: 970 | J71: 650 | K71: 15600 | L71: 970 | M71: 650
A72: Universidad Interamericana de Puerto Rico-Fajardo | B72: 4848 | C72: 732 | D72: 202 | E72: 4848 | F72: 732 | G72: 202 | H72: 4086 | I72: 744 | J72: 227 | K72: 4086 | L72: 744 | M72: 227
A73: Universidad Interamericana de Puerto Rico-Guayama | B73: 4848 | C73: 732 | D73: 202 | E73: 4848 | F73: 732 | G73: 202 | H73: 4086 | I73: 744 | J73: 227 | K73: 4086 | L73: 744 | M73: 227
A74: Universidad Interamericana de Puerto Rico-Metro | B74: 4848 | C74: 732 | D74: 202 | E74: 4848 | F74: 732 | G74: 202 | H74: 4086 | I74: 744 | J74: 227 | K74: 4086 | L74: 744 | M74: 227
A75: Universidad Interamericana de Puerto Rico-Optometría | H75: 4086 | I75: 744 | J75: 227 | K75: 4086 | L75: 744 | M75: 227
A76: Universidad Interamericana de Puerto Rico-Ponce | B76: 4848 | C76: 732 | D76: 202 | E76: 4848 | F76: 732 | G76: 202 | H76: 2724 | I76: 732 | J76: 227 | K76: 2724 | L76: 732 | M76: 227
A77: Universidad Interamericana de Puerto Rico-San Germán | B77: 4848 | C77: 732 | D77: 202 | E77: 4848 | F77: 732 | G77: 202 | H77: 4086 | I77: 744 | J77: 227 | K77: 4086 | L77: 744 | M77: 227
A78: Universidad Politécnica de Puerto Rico | B78: 8820 | C78: 990 | D78: 245 | E78: 8820 | F78: 990 | G78: 245 | H78: 5184 | I78: 960 | J78: 288 | K78: 5184 | L78: 960 | M78: 288
A80: Sector privado con fines de lucro
A81: CEM College-Bayamón* | B81: n/a | C81: n/a | D81: n/a | E81: n/a | F81: n/a | G81: n/a | H81: n/a | I81: n/a | J81: n/a | K81: n/a | L81: n/a | M81: n/a
A82: CEM College-Humacao | B82: 12900 | D82: 358 | E82: 12900 | G82: 358
A83: CEM College-San Juan | B83: 12900 | D83: 358 | E83: 12900 | G83: 358
A84: Colegio de Cinematografía Artes y Televisión | B84: 6195 | C84: 1000 | D84: 215 | E84: 6195 | F84: 1000 | G84: 215
A85: Columbia Central University-Caguas | B85: 7314 | C85: 740 | D85: 305 | E85: 7314 | F85: 740 | G85: 305 | H85: 3780 | I85: 500 | J85: 157 | K85: 3780 | L85: 500 | M85: 157
A86: Huertas College | B86: 8420 | C86: 100 | D86: 248 | E86: 8420 | F86: 100 | G86: 248
A87: ICPR Junior College-Arecibo | B87: 7879 | D87: 233 | E87: 7879 | G87: 233
A88: ICPR Junior College-Hato Rey | B88: 7879 | D88: 233 | E88: 7879 | G88: 233
A89: ICPR Junior College-Manatí | B89: 7879 | D89: 233 | E89: 7879 | G89: 233
A90: ICPR Junior College-Mayagüez | B90: 7879 | D90: 233 | E90: 7879 | G90: 233
A91: Mech-Tech College | B91: 10944 | C91: 560 | D91: 228 | E91: 10944 | F91: 560 | G91: 228
A92: NUC University | B92: 7314 | C92: 740 | D92: 305 | E92: 9144 | F92: 740 | G92: 381 | H92: 7314 | I92: 740 | J92: 305 | K92: 9602 | L92: 740 | M92: 401
A93: Ponce Health Sciences University | H93: 26385 | I93: 3276 | J93: 536 | K93: 27065 | L93: 3276 | M93: 599
A94: Ponce Health Sciences University-East | B94: 8840 | C94: 1664 | D94: 221 | E94: 19840 | F94: 1664 | G94: 441 | H94: 10400 | I94: 3276 | J94: 418 | K94: 12155 | L94: 3276 | M94: 512
A95: Ponce Health Sciences University-San Juan | H95: 34875 | I95: 3463 | K95: 34875 | L95: 3463
A96: Professional University Dr. Carlos J. Borrero Rios** | B96: 4560 | C96: 1200 | E96: 4560 | F96: 1200 | H96: 8400 | I96: 1200 | J96: 280 | K96: 8400 | L96: 1200 | M96: 280
A99: Valor Mínino | B99: =MIN(B14:B30,B33:B78,B81:B96) -> 1500 | C99: =MIN(C14:C30,C33:C78,C81:C96) -> 100 | D99: =MIN(D14:D30,D33:D78,D81:D96) -> 75 | E99: =MIN(E14:E30,E33:E78,E81:E96) -> 1500 | F99: =MIN(F14:F30,F33:F78,F81:F96) -> 100 | G99: =MIN(G14:G30,G33:G78,G81:G96) -> 75 | H99: =MIN(H14:H30,H33:H78,H81:H96) -> 2090 | I99: =MIN(I14:I30,I33:I78,I81:I96) -> 200 | ... M99: =MIN(M14:M30,M33:M78,M81:M96) -> 157
A100: Valor Máximo | B100: =MAX(B14:B30,B33:B78,B81:B96) -> 12900 | C100: =MAX(C14:C30,C33:C78,C81:C96) -> 4154 | D100: =MAX(D14:D30,D33:D78,D81:D96) -> 358 | E100: =MAX(E14:E30,E33:E78,E81:E96) -> 19840 | F100: =MAX(F14:F30,F33:F78,F81:F96) -> 4154 | G100: =MAX(G14:G30,G33:G78,G81:G96) -> 441 | H100: =MAX(H14:H30,H33:H78,H81:H96) -> 34875 | I100: =MAX(I14:I30,I33:I78,I81:I96) -> 5617 | ... M100: =MAX(M14:M30,M33:M78,M81:M96) -> 650
A101: Mediana | B101: =MEDIAN(B14:B30,B33:B78,B81:B96) -> 5400 | C101: =MEDIAN(C14:C30,C33:C78,C81:C96) -> 765 | D101: =MEDIAN(D14:D30,D33:D78,D81:D96) -> 202 | E101: =MEDIAN(E14:E30,E33:E78,E81:E96) -> 5405 | F101: =MEDIAN(F14:F30,F33:F78,F81:F96) -> 765 | G101: =MEDIAN(G14:G30,G33:G78,G81:G96) -> 202 | H101: =MEDIAN(H14:H30,H33:H78,H81:H96) -> 5200 | I101: =MEDIAN(I14:I30,I33:I78,I81:I96) -> 960 | ... M101: =MEDIAN(M14:M30,M33:M78,M81:M96) -> 227
A102: Promedio | B102: =AVERAGE(B14:B30,B33:B78,B81:B96) -> 5791.3239 | C102: =AVERAGE(C14:C30,C33:C78,C81:C96) -> 1010.1692 | D102: =AVERAGE(D14:D30,D33:D78,D81:D96) -> 194.3913 | E102: =AVERAGE(E14:E30,E33:E78,E81:E96) -> 6654.4366 | F102: =AVERAGE(F14:F30,F33:F78,F81:F96) -> 1067.1538 | G102: =AVERAGE(G14:G30,G33:G78,G81:G96) -> 213.10145 | H102: =AVERAGE(H14:H30,H33:H78,H81:H96) -> 6204.9388 | I102: =AVERAGE(I14:I30,I33:I78,I81:I96) -> 1326.1224 | ... M102: =AVERAGE(M14:M30,M33:M78,M81:M96) -> 263.30435
A103: Desviación Estándar | B103: =_xlfn.STDEV.P(B14:B30,B33:B78,B81:B96) -> 1985.0251 | C103: =_xlfn.STDEV.P(C14:C30,C33:C78,C81:C96) -> 719.40919 | D103: =_xlfn.STDEV.P(D14:D30,D33:D78,D81:D96) -> 51.557262 | E103: =_xlfn.STDEV.P(E14:E30,E33:E78,E81:E96) -> 3121.4005 | F103: =_xlfn.STDEV.P(F14:F30,F33:F78,F81:F96) -> 775.92496 | G103: =_xlfn.STDEV.P(G14:G30,G33:G78,G81:G96) -> 71.509631 | H103: =_xlfn.STDEV.P(H14:H30,H33:H78,H81:H96) -> 5620.6032 | I103: =_xlfn.STDEV.P(I14:I30,I33:I78,I81:I96) -> 1043.9968 | ... M103: =_xlfn.STDEV.P(M14:M30,M33:M78,M81:M96) -> 98.067827
A104: ¹ En el estado- costo para un estudiante residente legal del estado.
A105: ² Fuera del estado - costo para un estudiante no residente legal del estado.
A106: n/d - Información no disponible.
...

Sheet Tabla 12
A1: Gobierno de Puerto Rico
A2: Departamento de Estado
A3: Junta de Instituciones Postsecundarias
A5: Compendio Estadístico sobre la Educación Superior de Puerto Rico
A6: Año académico 2023-24
A8: Tabla 12. Recursos humanos por ocupación, tarea y sector en las instituciones de educación superior en Puerto Rico
A9: Ocupaciones por categoría* | B9: Total | F9: Tiempo completo | J9: Tiempo parcial
B10: Gran total | C10: Público | D10: Privado sin fines de lucro | E10: Privado con fines de lucro | F10: Total | G10: Público | H10: Privado sin fines de lucro | I10: Privado con fines de lucro | J10: Total | K10: Público | L10: Privado sin fines de lucro | M10: Privado con fines de lucro
A11: Total personal | B11: =C11+D11+E11 -> 26449 | C11: =G11+K11 -> 10499 | D11: =H11+L11 -> 10772 | E11: =I11+M11 -> 5178 | F11: =G11+H11+I11 -> 18879 | G11: =G12+G16+SUM(G23:G32) -> 8974 | H11: =H12+H16+SUM(H23:H32) -> 7094 | I11: =I12+I16+SUM(I23:I32) -> 2811 | J11: =K11+L11+M11 -> 7570 | K11: =K12+K16+SUM(K23:K32) -> 1525 | L11: =L12+L16+SUM(L23:L32) -> 3678 | M11: =M12+M16+SUM(M23:M32) -> 2367
A12: Enseñanza, investigación y servicio público | B12: =C12+D12+E12 -> 12905 | C12: =G12+K12 -> 4412 | D12: =H12+L12 -> 5574 | E12: =I12+M12 -> 2919 | F12: =G12+H12+I12 -> 5838 | G12: 3085 | H12: 2093 | I12: 660 | J12: =K12+L12+M12 -> 7067 | K12: 1327 | L12: 3481 | M12: 2259
A13: Personal docente | B13: =C13+D13+E13 -> 8903 | C13: =G13+K13 -> 4070 | D13: =H13+L13 -> 1967 | E13: =I13+M13 -> 2866 | F13: =G13+H13+I13 -> 5329 | G13: 2761 | H13: 1958 | I13: 610 | J13: =K13+L13+M13 -> 3574 | K13: 1309 | L13: 9 | M13: 2256
A14: Investigación | B14: =C14+D14+E14 -> 266 | C14: =G14+K14 -> 186 | D14: =H14+L14 -> 28 | E14: =I14+M14 -> 52 | F14: =G14+H14+I14 -> 248 | G14: 171 | H14: 28 | I14: 49 | J14: =K14+L14+M14 -> 18 | K14: 15 | L14: 0 | M14: 3
A15: Servicio público | B15: =C15+D15+E15 -> 264 | C15: =G15+K15 -> 156 | D15: =H15+L15 -> 107 | E15: =I15+M15 -> 1 | F15: =G15+H15+I15 -> 261 | G15: 153 | H15: 107 | I15: 1 | J15: =K15+L15+M15 -> 3 | K15: 3 | L15: 0 | M15: 0
A16: Bibliotecarios, conservadores, archiveros y otros instructores de apoyo | B16: =C16+D16+E16 -> 1337 | C16: =G16+K16 -> 369 | D16: =H16+L16 -> 759 | E16: =I16+M16 -> 209 | F16: =G16+H16+I16 -> 1184 | G16: 332 | H16: 674 | I16: 178 | J16: =K16+L16+M16 -> 153 | K16: 37 | L16: 85 | M16: 31
A17: Archivistas y bibliotecarios curadores | B17: =C17+D17+E17 -> 504 | C17: =G17+K17 -> 228 | D17: =H17+L17 -> 209 | E17: =I17+M17 -> 67 | F17: =G17+H17+I17 -> 470 | G17: 220 | H17: 199 | I17: 51 | J17: =K17+L17+M17 -> 34 | K17: 8 | L17: 10 | M17: 16
A18: Archivistas curadores y técnicos de Museo | B18: =C18+D18+E18 -> 13 | C18: =G18+K18 -> 8 | D18: =H18+L18 -> 5 | E18: =I18+M18 -> 0 | F18: =G18+H18+I18 -> 12 | G18: 7 | H18: 5 | I18: 0 | J18: =K18+L18+M18 -> 1 | K18: 1 | L18: 0 | M18: 0
A19: Bibliotecarios | B19: =C19+D19+E19 -> 233 | C19: =G19+K19 -> 89 | D19: =H19+L19 -> 108 | E19: =I19+M19 -> 36 | F19: =G19+H19+I19 -> 222 | G19: 89 | H19: 103 | I19: 30 | J19: =K19+L19+M19 -> 11 | K19: 0 | L19: 5 | M19: 6
A20: Técnicos de biblioteca | B20: =C20+D20+E20 -> 255 | C20: =G20+K20 -> 131 | D20: =H20+L20 -> 93 | E20: =I20+M20 -> 31 | F20: =G20+H20+I20 -> 233 | G20: 124 | H20: 88 | I20: 21 | J20: =K20+L20+M20 -> 22 | K20: 7 | L20: 5 | M20: 10
A21: Ocupaciones de biblioteca no disponible para instituciones sin grado | B21: =C21+D21+E21 -> 3 | C21: =G21+K21 -> 0 | D21: =H21+L21 -> 3 | E21: =I21+M21 -> 0 | F21: =G21+H21+I21 -> 3 | G21: 0 | H21: 3 | I21: 0 | J21: =K21+L21+M21 -> 0 | K21: 0 | L21: 0 | M21: 0
A22: Estudiantes, académicos y otros servicios educativos | B22: =C22+D22+E22 -> 833 | C22: =G22+K22 -> 141 | D22: =H22+L22 -> 550 | E22: =I22+M22 -> 142 | F22: =G22+H22+I22 -> 714 | G22: 112 | H22: 475 | I22: 127 | J22: =K22+L22+M22 -> 119 | K22: 29 | L22: 75 | M22: 15
A23: Gerentes | B23: =C23+D23+E23 -> 2720 | C23: =G23+K23 -> 950 | D23: =H23+L23 -> 1228 | E23: =I23+M23 -> 542 | F23: =G23+H23+I23 -> 2682 | G23: 933 | H23: 1219 | I23: 530 | J23: =K23+L23+M23 -> 38 | K23: 17 | L23: 9 | M23: 12
... A32: Producción, transporte y movimiento de materiales | B32: =C32+D32+E32 -> 145 | C32: =G32+K32 -> 116 | D32: =H32+L32 -> 19 | E32: =I32+M32 -> 10 | F32: =G32+H32+I32 -> 141 | G32: 115 | H32: 18 | I32: 8 | J32: =K32+L32+M32 -> 4 | K32: 1 | L32: 1 | M32: 2
A34: Fuente: Integrated Postsecondary Education Data System (IPEDS), Human Resources.
A35: Se incluyeron un total de 82 unidades académicas, de estas 3 adminitraciones centrales (18 del sector público, 48 privadas sin fines de lucro y 16 privadas con fines de lucro).
A36: *A partir del 2012-13 se utlilizan las categorías de la Standard Occupational Classification (SOC) 2010 (http://www.bls.gov/soc/) para clasificar a los empleados según los puestos que ocupan en las instituciones educativas. La SOC es utilizada por agencias federales para clasificar a los trabajadores en categorías ocupacionales.

Sheet Tabla 13
A1: Gobierno de Puerto Rico
A2: Departamento de Estado
A3: Junta de Instituciones Postsecundarias
A5: Compendio Estadístico sobre la Educación Superior de Puerto Rico
A6: Año académico 2023-2024
A8: Tabla 13. Distribución de ayudas económicas a estudiantes de nivel subgraduado en las instituciones de educación superior de Puerto Rico
A9: Sector/Institución1 | B9: Matrícula Subgraduada (Cohorte)2 | C9: Total Reciben ayuda3 | G9: Reciben Beca Pell | K9: Reciben Préstamos federales
C10: Número Estudiantes | D10: % | E10: Cantidad Recibida | F10: Promedio | G10: Núm. | H10: % | I10: Cantidad | J10: Prom. | K10: Núm | L10: % | M10: Cantidad | N10: Prom.
A11: Sector Público
A12: Colegio Universitario de San Juan | B12: 596 | C12: 466 | D12: 78 | E12: 2562543 | F12: 5499 | G12: 463 | H12: 78 | I12: 2403006 | J12: 5190 | K12: 0 | L12: 0 | M12: 0
A13: Conservatorio de Música de Puerto Rico | B13: 291 | C13: 192 | D13: 66 | E13: 1041923 | F13: 5427 | G13: 192 | H13: 66 | I13: 981476 | J13: 5112 | K13: 38 | L13: 13 | M13: 177593 | N13: 4674
A14: Escuela de Artes Plásticas de Puerto Rico | B14: 489 | C14: 376 | D14: 77 | E14: 2070950 | F14: 5508 | G14: 376 | H14: 77 | I14: 2059550 | J14: 5478 | K14: 0 | L14: 0 | M14: 0
A15: Instituto Tecnológico de Puerto Rico-Guayama | B15: 242 | C15: 224 | D15: 93 | E15: 1523325 | F15: 6801 | G15: 224 | H15: 93 | I15: 1379081 | J15: 6157 | K15: 0 | L15: 0 | M15: 0
A16: Instituto Tecnológico de Puerto Rico-Manatí | B16: 298 | C16: 270 | D16: 91 | E16: 874699 | F16: 3240 | G16: 270 | H16: 91 | I16: 839102 | J16: 3108 | K16: 0 | L16: 0 | M16: 0
A17: Instituto Tecnológico de Puerto Rico-San Juan | B17: 165 | C17: 119 | D17: 72 | E17: 765984 | F17: 6437 | G17: 119 | H17: 72 | I17: 734091 | J17: 6169 | K17: 0 | L17: 0 | M17: 0
A18: Universidad de Puerto Rico-Aguadilla | B18: 1985 | C18: 1714 | D18: 86 | E18: 11320327 | F18: 6605 | G18: 1627 | H18: 82 | I18: 9039714 | J18: 5556 | K18: 124 | L18: 6 | M18: 480745 | N18: 3877
A19: Universidad de Puerto Rico-Arecibo | B19: 2897 | C19: 2569 | D19: 89 | E19: 16879096 | F19: 6570 | G19: 2483 | H19: 86 | I19: 14364200 | J19: 5785 | K19: 130 | L19: 4 | M19: 641407 | N19: 4934
A20: Universidad de Puerto Rico-Bayamón | B20: 3022 | C20: 2355 | D20: 78 | E20: 20371854 | F20: 8650 | G20: 2355 | H20: 78 | I20: 12579733 | J20: 5342 | K20: 134 | L20: 4 | M20: 577825 | N20: 4312
A21: Universidad de Puerto Rico-Carolina | B21: 2270 | C21: 1772 | D21: 78 | E21: 10668502 | F21: 6021 | G21: 1684 | H21: 74 | I21: 8488100 | J21: 5040 | K21: 80 | L21: 4 | M21: 292698 | N21: 3659
A22: Universidad de Puerto Rico-Cayey | B22: 2216 | C22: 1898 | D22: 86 | E22: 11561221 | F22: 6091 | G22: 1677 | H22: 76 | I22: 9300302 | J22: 5546 | K22: 87 | L22: 4 | M22: 394350 | N22: 4533
A23: Universidad de Puerto Rico-Cs. Médicas | B23: 264 | C23: 197 | D23: 75 | E23: 1178086 | F23: 5980 | G23: 175 | H23: 66 | I23: 918093 | J23: 5246 | K23: 55 | L23: 21 | M23: 293734 | N23: 5341
A24: Universidad de Puerto Rico-Humacao | B24: 2634 | C24: 2405 | D24: 91 | E24: 16258394 | F24: 6760 | G24: 2090 | H24: 79 | I24: 11711586 | J24: 5604 | K24: 84 | L24: 3 | M24: 382800 | N24: 4557
A25: Universidad de Puerto Rico-Mayagüez | B25: 10201 | C25: 7762 | D25: 76 | E25: 46650951 | F25: 6010 | G25: 6586 | H25: 65 | I25: 37313049 | J25: 5666 | K25: 893 | L25: 9 | M25: 4298386 | N25: 4813
A26: Universidad de Puerto Rico-Ponce | B26: 2221 | C26: 1983 | D26: 89 | E26: 12606727 | F26: 6357 | G26: 1802 | H26: 81 | I26: 10265400 | J26: 5697 | K26: 150 | L26: 7 | M26: 610351 | N26: 4069
A27: Universidad de Puerto Rico-Río Piedras | B27: 9212 | C27: 7059 | D27: 77 | E27: 42958432 | F27: 6086 | G27: 5965 | H27: 65 | I27: 33818974 | J27: 5670 | K27: 511 | L27: 6 | M27: 2383995 | N27: 4665
A28: Universidad de Puerto Rico-Utuado | B28: 346 | C28: 304 | D28: 88 | E28: 2009287 | F28: 6609 | G28: 282 | H28: 82 | I28: 1522782 | J28: 5400 | K28: 32 | L28: 9 | M28: 139250 | N28: 4352
A30: Sector privado sin fines de lucro
A31: American University of Puerto Rico-Bayamón | B31: 199 | C31: 198 | D31: 99 | E31: 1950980 | F31: 9853 | G31: 149 | H31: 75 | I31: 933021 | J31: 6262 | K31: 28 | L31: 14 | M31: 124502 | N31: 4447
A32: American University of Puerto Rico-Manatí | B32: 201 | C32: 200 | D32: 100 | E32: 1822116 | F32: 9111 | G32: 155 | H32: 77 | I32: 914404 | J32: 5899 | K32: 27 | L32: 13 | M32: 156761 | N32: 5806
A33: Atenas College | B33: 505 | C33: 414 | D33: 82 | E33: 3023068 | F33: 7302 | G33: 410 | H33: 81 | I33: 2487175 | J33: 6066 | K33: 0 | L33: 0 | M33: 0
A34: Atlantic Univesity College | B34: 1577 | C34: 1317 | D34: 84 | E34: 6908249 | F34: 5245 | G34: 1317 | H34: 84 | I34: 6715332 | J34: 5099 | K34: 112 | L34: 7 | M34: 444414 | N34: 3968
A35: Caribbean University-Bayamón | B35: 648 | C35: 517 | D35: 80 | E35: 1684208 | F35: 3258 | G35: 489 | H35: 75 | I35: 1501300 | J35: 3070 | K35: 73 | L35: 11 | M35: 231845 | N35: 3176
A36: Caribbean University-Carolina | B36: 131 | C36: 99 | D36: 76 | E36: 325377 | F36: 3287 | G36: 94 | H36: 72 | I36: 282443 | J36: 3005 | K36: 20 | L36: 15 | M36: 40386 | N36: 2019
A37: Caribbean University-Ponce | B37: 405 | C37: 313 | D37: 77 | E37: 1033797 | F37: 3303 | G37: 302 | H37: 75 | I37: 908079 | J37: 3007 | K37: 81 | L37: 20 | M37: 271984 | N37: 3358
A38: Caribbean University-Vega Baja | B38: 141 | C38: 117 | D38: 83 | E38: 399162 | F38: 3412 | G38: 112 | H38: 79 | I38: 344704 | J38: 3078 | K38: 28 | L38: 20 | M38: 75452 | N38: 2695
A39: Centro de Estudios Avanzados de PR y el Caribe | B39: n/a | C39: n/a | D39: n/a | E39: n/a | F39: n/a | G39: n/a | H39: n/a | I39: n/a | J39: n/a | K39: n/a | L39: n/a | M39: n/a | N39: n/a
A40: Dewey University-Carolina | B40: 363 | C40: 309 | D40: 85 | E40: 1988075 | F40: 6434 | G40: 309 | H40: 85 | I40: 1906174 | J40: 6169 | K40: 62 | L40: 17 | M40: 388645 | N40: 6268
A41: Dewey University-Hato Rey | B41: 279 | C41: 251 | D41: 90 | E41: 1566310 | F41: 6240 | G41: 251 | H41: 90 | I41: 1399193 | J41: 5574 | K41: 58 | L41: 21 | M41: 309883 | N41: 5343
A42: Dewey University-Juana Díaz | B42: 221 | C42: 203 | D42: 92 | E42: 1294248 | F42: 6376 | G42: 203 | H42: 92 | I42: 1239368 | J42: 6105 | K42: 42 | L42: 19 | M42: 234130 | N42: 5575
A43: Dewey University-Manatí | B43: 292 | C43: 261 | D43: 89 | E43: 1527173 | F43: 5851 | G43: 261 | H43: 89 | I43: 1453468 | J43: 5569 | K43: 62 | L43: 21 | M43: 297407 | N43: 4797
A44: EDP University of Puerto Rico Inc-San Juan | B44: 1207 | C44: 697 | D44: 58 | E44: 4097338 | F44: 5879 | G44: 697 | H44: 58 | I44: 3854118 | J44: 5530 | K44: 563 | L44: 47 | M44: 4748888 | N44: 8435
A45: EDP University of Puerto Rico-Humacao | B45: 243 | C45: 151 | D45: 62 | E45: 872609 | F45: 5779 | G45: 151 | H45: 62 | I45: 857709 | J45: 5680 | K45: 137 | L45: 56 | M45: 1251368 | N45: 9134
A46: EDP University of Puerto Rico-Manati | B46: 448 | C46: 166 | D46: 37 | E46: 930466 | F46: 5605 | G46: 166 | H46: 37 | I46: 907119 | J46: 5465 | K46: 242 | L46: 54 | M46: 2334957 | N46: 9649
A47: EDP University of Puerto Rico-San Sebastián | B47: 924 | C47: 586 | D47: 63 | E47: 3787073 | F47: 6463 | G47: 586 | H47: 63 | I47: 3457251 | J47: 5900 | K47: 405 | L47: 44 | M47: 3262410 | N47: 8055
A48: EDP University of Puerto Rico-Villalba | B48: 226 | C48: 158 | D48: 70 | E48: 863956 | F48: 5468 | G48: 158 | H48: 70 | I48: 832684 | J48: 5270 | K48: 131 | L48: 58 | M48: 1088330 | N48: 8308
A49: Escuela de Medicina San Juan Bautista | B49: 73 | C49: 64 | D49: 88 | E49: 412236 | F49: 6441 | G49: 64 | H49: 88 | I49: 412236 | J49: 6441 | K49: 12 | L49: 16 | M49: 54750 | N49: 4563
A50: Humacao Community College | B50: 214 | C50: 214 | D50: 100 | E50: 1620552 | F50: 7573 | G50: 207 | H50: 97 | I50: 1362457 | J50: 6582 | K50: 0 | L50: 0 | M50: 0
A51: Pontificia Universidad Católica de Puerto Rico-Arecibo | B51: 308 | C51: 243 | D51: 79 | E51: 1425983 | F51: 5868 | G51: 234 | H51: 76 | I51: 1316933 | J51: 5628 | K51: 103 | L51: 33 | M51: 628607 | N51: 6103
A52: Pontificia Universidad Católica de Puerto Rico-Mayagüez | B52: 659 | C52: 569 | D52: 86 | E52: 3591979 | F52: 6313 | G52: 550 | H52: 83 | I52: 3345789 | J52: 6083 | K52: 176 | L52: 27 | M52: 954800 | N52: 5425
A53: Pontificia Universidad Católica de Puerto Rico-Ponce | B53: 4139 | C53: 3530 | D53: 85 | E53: 22705014 | F53: 6432 | G53: 3368 | H53: 81 | I53: 20344544 | J53: 6041 | K53: 1309 | L53: 32 | M53: 6475595 | N53: 4947
A54: Seminario Evangélico de Puerto Rico | B54: n/a | C54: n/a | D54: n/a | E54: n/a | F54: n/a | G54: n/a | H54: n/a | I54: n/a | J54: n/a | K54: n/a | L54: n/a | M54: n/a | N54: n/a
A55: Universal Technology College of Puerto Rico | B55: 435 | C55: 426 | D55: 98 | E55: 2322268 | F55: 5451 | G55: 262 | H55: 60 | I55: 1804851 | J55: 6889 | K55: 0 | L55: 0 | M55: 0
A56: Universidad Adventista de las Antillas | B56: 796 | C56: 769 | D56: 97 | E56: 5362675 | F56: 6974 | G56: 640 | H56: 80 | I56: 3741379 | J56: 5846 | K56: 195 | L56: 24 | M56: 103666 | N56: 532
A57: Universidad Ana G. Méndez-Carolina | B57: 4651 | C57: 3251 | D57: 70 | E57: 22052500 | F57: 6783 | G57: 3251 | H57: 70 | I57: 20086943 | J57: 6179 | K57: 1400 | L57: 30 | M57: 8001842 | N57: 5716
A58: Universidad Ana G. Méndez-Cupey | B58: 4780 | C58: 4511 | D58: 94 | E58: 22984831 | F58: 5095 | G58: 3291 | H58: 69 | I58: 20810758 | J58: 6324 | K58: 1719 | L58: 36 | M58: 11260663 | N58: 6551
A59: Universidad Ana G. Méndez-Gurabo | B59: 7923 | C59: 7293 | D59: 92 | E59: 49248993 | F59: 6753 | G59: 6549 | H59: 83 | I59: 34924270 | J59: 5333 | K59: 2134 | L59: 27 | M59: 11159412 | N59: 5229
A60: Universidad Carlos Albizu - San Juan | B60: 703 | C60: 491 | D60: 70 | E60: 3739242 | F60: 7616 | G60: 486 | H60: 69 | I60: 3290045 | J60: 6770 | K60: 187 | L60: 27 | M60: 1254846 | N60: 6710
A61: Universidad Central de Bayamón | B61: 611 | C61: 607 | D61: 99 | E61: 5065174 | F61: 8345 | G61: 509 | H61: 83 | I61: 2887956 | J61: 5674 | K61: 94 | L61: 15 | M61: 407199 | N61: 4332
A62: Universidad Central Del Caribe | B62: 112 | C62: 83 | D62: 74 | E62: 421402 | F62: 5077 | G62: 82 | H62: 73 | I62: 420002 | J62: 5122 | K62: 22 | L62: 20 | M62: 91902 | N62: 4177
A63: Universidad del Sagrado Corazón | B63: 3731 | C63: 3268 | D63: 88 | E63: 22972157 | F63: 7029 | G63: 2642 | H63: 71 | I63: 15206712 | J63: 5756 | K63: 818 | L63: 22 | M63: 4572690 | N63: 5590
A64: Universidad Interamericana de Puerto Rico-Aguadilla | B64: 2968 | C64: 2636 | D64: 89 | E64: 15383865 | F64: 5836 | G64: 2492 | H64: 84 | I64: 13753758 | J64: 5519 | K64: 346 | L64: 12 | M64: 1457060 | N64: 4211
A65: Universidad Interamericana de Puerto Rico-Arecibo | B65: 2445 | C65: 2101 | D65: 86 | E65: 12746307 | F65: 6067 | G65: 1990 | H65: 81 | I65: 11379345 | J65: 5718 | K65: 331 | L65: 14 | M65: 1500243 | N65: 4532
A66: Universidad Interamericana de Puerto Rico-Barranquitas | B66: 1000 | C66: 945 | D66: 95 | E66: 5619084 | F66: 5946 | G66: 889 | H66: 89 | I66: 4832155 | J66: 5435 | K66: 111 | L66: 11 | M66: 391484 | N66: 3527
A67: Universidad Interamericana de Puerto Rico-Bayamón | B67: 3752 | C67: 3172 | D67: 85 | E67: 17614085 | F67: 5553 | G67: 3035 | H67: 81 | I67: 16187607 | J67: 5334 | K67: 540 | L67: 14 | M67: 2021163 | N67: 3743
A68: Universidad Interamericana de Puerto Rico-Derecho | B68: n/a | C68: n/a | D68: n/a | E68: n/a | F68: n/a | G68: n/a | H68: n/a | I68: n/a | J68: n/a | K68: n/a | L68: n/a | M68: n/a | N68: n/a
A69: Universidad Interamericana de Puerto Rico-Fajardo | B69: 1211 | C69: 1050 | D69: 87 | E69: 6123761 | F69: 5832 | G69: 1011 | H69: 83 | I69: 5582093 | J69: 5521 | K69: 162 | L69: 13 | M69: 705465 | N69: 4355
A70: Universidad Interamericana de Puerto Rico-Guayama | B70: 1488 | C70: 1157 | D70: 78 | E70: 6839558 | F70: 5911 | G70: 1119 | H70: 75 | I70: 6329743 | J70: 5657 | K70: 394 | L70: 26 | M70: 2422133 | N70: 6148
A71: Universidad Interamericana de Puerto Rico-Metro | B71: 3278 | C71: 2498 | D71: 76 | E71: 12095457 | F71: 4842 | G71: 2161 | H71: 66 | I71: 10080019 | J71: 4665 | K71: 595 | L71: 18 | M71: 3009131 | N71: 5057
A72: Universidad Interamericana de Puerto Rico-Optometría | B72: n/a | C72: n/a | D72: n/a | E72: n/a | F72: n/a | G72: n/a | H72: n/a | I72: n/a | J72: n/a | K72: n/a | L72: n/a | M72: n/a | N72: n/a
A73: Universidad Interamericana de Puerto Rico-Ponce | B73: 2779 | C73: 2397 | D73: 86 | E73: 13550994 | F73: 5653 | G73: 2277 | H73: 82 | I73: 12386012 | J73: 5440 | K73: 501 | L73: 18 | M73: 1932233 | N73: 3857
A74: Universidad Interamericana de Puerto Rico-San Germán | B74: 2747 | C74: 2359 | D74: 86 | E74: 14246026 | F74: 6039 | G74: 2265 | H74: 82 | I74: 12762684 | J74: 5635 | K74: 327 | L74: 12 | M74: 1295594 | N74: 3962
A75: Universidad Politécnica de Puerto Rico | B75: 3665 | C75: 2533 | D75: 69 | E75: 11087451 | F75: 4377 | G75: 2284 | H75: 62 | I75: 10043837 | J75: 4397 | K75: 1248 | L75: 34 | M75: 6682520 | N75: 5355
A77: Sector privado con fines de lucro
A78: CEM College-Bayamón | B78: n/a | C78: n/a | D78: n/a | E78: n/a | F78: n/a | G78: n/a | H78: n/a | I78: n/a | J78: n/a | K78: n/a | L78: n/a | M78: n/a | N78: n/a
A79: CEM College-Humacao | B79: 185 | C79: 176 | D79: 95 | E79: 1389660 | F79: 7896 | G79: 164 | H79: 89 | I79: 980342 | J79: 5978 | K79: 16 | L79: 9 | M79: 31820 | N79: 1989
A80: CEM College-Mayagüez | B80: n/a | C80: n/a | D80: n/a | E80: n/a | F80: n/a | G80: n/a | H80: n/a | I80: n/a | J80: n/a | K80: n/a | L80: n/a | M80: n/a | N80: n/a
A81: CEM College-San Juan | B81: 210 | C81: 188 | D81: 90 | E81: 565668 | F81: 3009 | G81: 188 | H81: 90 | I81: 547451 | J81: 2912 | K81: 30 | L81: 14 | M81: 140440 | N81: 4681
A82: Colegio de Cinematografía Artes y Televisión | B82: 618 | C82: 522 | D82: 84 | E82: 3433124 | F82: 6577 | G82: 522 | H82: 84 | I82: 3342260 | J82: 6403 | K82: 0 | L82: 0 | M82: 0
A83: Columbia Central University-Caguas | B83: 1882 | C83: 1528 | D83: 81 | E83: 9568106 | F83: 6262 | G83: 1521 | H83: 81 | I83: 9291004 | J83: 6108 | K83: 324 | L83: 17 | M83: 1579556 | N83: 4875
A84: Huertas College | B84: 392 | C84: 316 | D84: 81 | E84: 1263448 | F84: 3998 | G84: 310 | H84: 79 | I84: 1180497 | J84: 3808 | K84: 81 | L84: 21 | M84: 571172 | N84: 7052
A85: ICPR Junior College-Arecibo | B85: 326 | C85: 326 | D85: 100 | E85: 2212112 | F85: 6786 | G85: 315 | H85: 97 | I85: 2091179 | J85: 6639 | K85: 0 | L85: 0 | M85: 0
A86: ICPR Junior College-Hato Rey | B86: 466 | C86: 425 | D86: 91 | E86: 2763326 | F86: 6502 | G86: 425 | H86: 91 | I86: 2619950 | J86: 6165 | K86: 1 | L86: 0 | M86: 6510 | N86: 6510
A87: ICPR Junior College-Manatí | B87: 426 | C87: 426 | D87: 100 | E87: 2850459 | F87: 6691 | G87: 421 | H87: 99 | I87: 2722740 | J87: 6467 | K87: 0 | L87: 0 | M87: 0
A88: ICPR Junior College-Mayagüez | B88: 347 | C88: 337 | D88: 97 | E88: 2223234 | F88: 6597 | G88: 327 | H88: 94 | I88: 2122790 | J88: 6492 | K88: 1 | L88: 0 | M88: 1500 | N88: 1500
A89: Mech-Tech College | B89: 2220 | C89: 2105 | D89: 95 | E89: 13245460 | F89: 6292 | G89: 2042 | H89: 92 | I89: 11175621 | J89: 5473 | K89: 263 | L89: 12 | M89: 910693 | N89: 3463
A90: NUC University | B90: 25101 | C90: 18268 | D90: 73 | E90: 115570747 | F90: 6326 | G90: 17936 | H90: 71 | I90: 110839647 | J90: 6180 | K90: 8829 | L90: 35 | M90: 81693264 | N90: 9253
A91: Ponce Health Sciences University | B91: n/a | C91: n/a | D91: n/a | E91: n/a | F91: n/a | G91: n/a | H91: n/a | I91: n/a | J91: n/a | K91: n/a | L91: n/a | M91: n/a | N91: n/a
A92: Ponce Health Sciences University-East | B92: 46 | C92: 40 | D92: 87 | E92: 438649 | F92: 10966 | G92: 40 | H92: 87 | I92: 374649 | J92: 9366 | K92: 9 | L92: 20 | M92: 64000 | N92: 7111
A93: Ponce Health Sciences University-San Juan | B93: n/a | C93: n/a | D93: n/a | E93: n/a | F93: n/a | G93: n/a | H93: n/a | I93: n/a | J93: n/a | K93: n/a | L93: n/a | M93: n/a | N93: n/a
A94: Professional University Dr. Carlos J. Borrero Rios** | B94: 3 | C94: 1 | D94: 33 | E94: 3448 | F94: 3448 | G94: 1 | H94: 33 | I94: 3448 | J94: 3448 | K94: 3 | L94: 100 | M94: 11834 | N94: 3945
A96: Fuente: Integrated Postsecondary Education Data System (IPEDS), Student Financial Aid.
A97: 1Los datos no incluyen las instituciones que solo ofrecen programas técnicos (menos de dos años) (Postsecundarias Técnico Vocacionales, PTV).
A98: 2La cohorte utilizada para instituciones de cuatro años son los reportados al 15 de octubre del 2022. Para las instituicones de 2 años el período reportado es entre el 1 de julio del 2022 al 30 de junio del 2023.
A99: 3 Los beneficiarios pueden recibir más de un tipo de ayuda, por eso el Total de Beneficiarios no coincide con los Totales de Beca Pell y de Préstamos.
A100: n/a - No aplica. Unidades que no reciben, no tiene estudiantes subgraduados o son informados en unidad principal.
A101: **Cambio de nombre, antes Puerto Rico School of Nurse Anesthetists.

Sheet Tabla 14
A1: Gobierno de Puerto Rico
A2: Departamento de Estado
A3: Junta de Instituciones Postsecundarias
A5: Estudiantes matriculados en cursos de educación a distancia por sector
A6: en las instituciones de educación superior de Puerto Rico
A7: Año académico 2023-2024
A9: Matrícula educación a distancia/sector | C9: Gran total | D9: Sector público | E9: Sector privado sin fines de lucro | F9: Sector privado con fines de lucro
A10: Matrícula total | C10: =D10+E10+F10 -> 160287 | D10: ='Tabla 4'!B32 -> 43871 | E10: ='Tabla 4'!B79 -> 76795 | F10: ='Tabla 4'!B96 -> 39621
A11: Estudiantes matrículados en algunos cursos de educación a distancia | C11: =D11+E11+F11 -> 69821 | D11: 10201 | E11: 31675 | F11: 27945
A12: Estudiantes matrículados exclusivamente en cursos de educación a distancia | C12: =D12+E12+F12 -> 14027 | D12: 1415 | E12: 8251 | F12: 4361
B13: localizados en el mismo estado o jurisdicción donde está la institución | C13: =D13+E13+F13 -> 10409 | D13: 1269 | E13: 4985 | F13: 4155
B14: localizados en Estados Unidos, no en el mismo estado o jurisdicción donde está la institución | C14: =D14+E14+F14 -> 3470 | D14: 19 | E14: 3261 | F14: 190
B15: localizados en algun estado de Estados Unidos, jurisdicción desconocida | C15: =D15+E15+F15 -> 5 | D15: 2 | E15: 3 | F15: 0
B16: localizados fuera de Estados Unidos | C16: =D16+E16+F16 -> 9 | D16: 7 | E16: 2 | F16: 0
B17: localización desconocida/no reportado | C17: =D17+E17+F17 -> 134 | D17: 118 | E17: 0 | F17: 16
A18: Fuente de información - Datos tomados del formulario Fall Enrollment de los Integrated Postsecondary Education Data System (IPEDS).
